Workbook
Name Codes: April!$AE$6:$AF$42
Name Codes: August!$AE$6:$AF$42
Name Codes: December!$AE$6:$AF$42
Name Codes: February!$AE$6:$AF$42
Name Codes: January!$AE$6:$AF$42
Name Codes: July!$AE$6:$AF$42
Name Codes: June!$AE$6:$AF$42
Name Codes: March!$AE$6:$AF$42
Name Codes: May!$AE$6:$AF$42
Name Codes: November!$AE$6:$AF$42
Name Codes: October!$AE$6:$AF$42
Name Codes: September!$AE$6:$AF$42
Name Year: 'Budget 2026'!$U$1

Sheet Budget 2026
B1: INCOME | U1: 2026
C2: Pre Tax: | D2: Per Paycheck | E2: Monthly | F2: Annual
B3: User 1 | C3: 41600
C4: Paycheck Frequency: | D4: Bi Weekly | E4: =IF(D4="Bi Weekly",26,24) -> 26
C5: Tax/Deduction Rate: | D5: 0.8
C6: 401K % | D6: 10
C7: PreTax Deductions: | D7: 10
C8: PreTax Parking/Transit: | D8: 10
B9: Income | C9: =C3-(C3*D6/100) -> 37440 | D9: =F9/E4 -> 1146 | E9: =F9/12 -> 2483 | F9: =(C9-D7*E4-D8*E4)*D5+D8*E4 -> 29796
B11: User 2 | C11: 20000
C12: Paycheck Frequency: | D12: Bi Monthly | E12: =IF(D12="Bi Weekly",26,24) -> 24
C13: Tax/Deduction Rate: | D13: 0.8
C14: 401K % | D14: 5
C15: PreTax Deductions: | D15: 5
C16: PreTax Parking/Transit: | D16: 5
B17: Income | C17: =C11-(C11*D14/100) -> 19000 | D17: =F17/E12 -> 630.33333 | E17: =F17/12 -> 1260.6667 | F17: =(C17-D15*E12-D16*E12)*D13+D16*E12 -> 15128
B19: Total Income W/401K | E19: =E9+E17 -> 3743.6667 | F19: =F9+F17 -> 44924
B21: <<See Grouping to the Left to Unhide Post Tax Deductions Section
B22: Post Tax Paycheck Deductions:
D23: Per Paycheck | E23: Monthly | F23: Annual
B24: =B3 -> User 1 | C24: Deduction | D24: 0 | E24: =D24*26/12 -> 0 | F24: =D24*26 -> 0
B25: =B11 -> User 2 | C25: Deduction | D25: 0 | E25: =D25*2 -> 0 | F25: =E25*12 -> 0
B27: Total: | E27: =F27/12 -> 0 | F27: =F24+F25 -> 0
B29: 401K/403b Savings Plan:
D30: Per Paycheck | E30: Monthly | F30: Annual
C31: =B3 -> User 1 | D31: =F31/E4 -> 160 | E31: =F31/12 -> 346.66667 | F31: =C3*D6/100 -> 4160
C32: =B11 -> User 2 | D32: =F32/E12 -> 41.666667 | E32: =F32/12 -> 83.333333 | F32: =(C11)*D14/100 -> 1000
B33: Total: | E33: =E32+E31 -> 430 | F33: =F32+F31 -> 5160
B35: Direct Depoit to Savings Account:
D36: Per Paycheck | E36: Monthly | F36: Annual
B37: =B3 & "'s Savings" -> User 1's Savings | D37: 0 | E37: =F37/12 -> 0 | F37: =D37*E4 -> 0
B38: =B11 & "'s Savings" -> User 2's Savings | D38: 0 | E38: =D38*2 -> 0 | F38: =E38*E12 -> 0
B40: Total: | E40: =F40/12 -> 0 | F40: =F38+F37 -> 0
B42: Values for Automatic IRA Contributions:
B43: IRA | D43: Per Paycheck | E43: Monthly | F43: Annual
C44: =B3 & "'s IRA Contributions:" -> User 1's IRA Contributions: | D44: =F44/E4 -> 0 | E44: =F44/12 -> 0 | F44: 0
C45: =B11 & "'s IRA Contributions:" -> User 2's IRA Contributions: | D45: =F45/E12 -> 0 | E45: =F45/12 -> 0 | F45: 0
B47: ROTH IRA | D47: Per Paycheck | E47: Monthly | F47: Annual
C48: =B3 & "'s Roth Contributions:" -> User 1's Roth Contributions: | D48: =F48/E4 -> 0 | E48: =F48/12 -> 0 | F48: 0
C49: =B11 & "'s Roth Contributions:" -> User 2's Roth Contributions: | D49: =F49/E12 -> 0 | E49: =F49/12 -> 0 | F49: 0
B51: Total Savings: | F51: =SUM(F44:F49) -> 0
B53: Net Paycheck Deposited to Checking:
D54: Per Paycheck | E54: Monthly | F54: Annual
B55: =B3 -> User 1 | D55: =F55/E4 -> 1146 | E55: =F55/12 -> 2483 | F55: =F9-F24-F37-F44-F48 -> 29796
B56: =B11 -> User 2 | D56: =F56/E12 -> 630.33333 | E56: =F56/12 -> 1260.6667 | F56: =F17-F25-F38-F45-F49 -> 15128
B58: NET Income w/401K | E58: =D55*2+575*2 -> 3442 | F58: =F55+F56 -> 44924
B60: EXPENSES | G60: % Spending | H60: % Net Income | I60: Spending Summary
B61: Weekly Expenses | D61: Weekly | E61: Monthly | F61: Annual | I61: Jan | J61: Feb | K61: Mar | L61: Apr | M61: May | N61: June | O61: July | P61: Aug | Q61: Sept | R61: Oct | S61: Nov | T61: Dec | U61: Average
A62: 1 | C62: Groceries | D62: 100 | E62: =F62/12 -> 433.33333 | F62: =D62*52 -> 5200 | G62: =F62/F$99 -> 0.14038877 | H62: =F62/F$19 -> 0.11575105 | I62: =January!AH7 -> 0 | J62: =February!AH7 -> 0 | K62: =March!AH7 -> 0 | L62: =April!AH7 -> 0 | M62: =May!AH7 -> 0 | N62: =June!AH7 -> 0 | O62: =July!AH7 -> 0 | P62: =August!AH7 -> 0 | Q62: =September!AH7 -> 0 | R62: =October!AH7 -> 0 | S62: =November!AH7 -> 0 | T62: =December!AH7 -> 0 | U62: =SUM(I62:T62)/12 -> 0
A63: 2 | C63: Gasoline | D63: 50 | E63: =F63/12 -> 216.66667 | F63: =D63*52 -> 2600 | G63: =F63/F$99 -> 0.070194384 | H63: =F63/F$19 -> 0.057875523 | I63: =January!AH8 -> 0 | J63: =February!AH8 -> 0 | K63: =March!AH8 -> 0 | L63: =April!AH8 -> 0 | M63: =May!AH8 -> 0 | N63: =June!AH8 -> 0 | O63: =July!AH8 -> 0 | P63: =August!AH8 -> 0 | Q63: =September!AH8 -> 0 | R63: =October!AH8 -> 0 | S63: =November!AH8 -> 0 | T63: =December!AH8 -> 0 | U63: =SUM(I63:T63)/12 -> 0
A64: 3 | C64: =B3&" CASH" -> User 1 CASH | D64: 50 | E64: =F64/12 -> 100 | F64: =D64*24 -> 1200 | G64: =F64/F$99 -> 0.032397408 | H64: =F64/F$19 -> 0.02671178 | I64: =January!AH9 -> 0 | J64: =February!AH9 -> 0 | K64: =March!AH9 -> 0 | L64: =April!AH9 -> 0 | M64: =May!AH9 -> 0 | N64: =June!AH9 -> 0 | O64: =July!AH9 -> 0 | P64: =August!AH9 -> 0 | Q64: =September!AH9 -> 0 | R64: =October!AH9 -> 0 | S64: =November!AH9 -> 0 | T64: =December!AH9 -> 0 | U64: =SUM(I64:T64)/12 -> 0
A65: 4 | C65: =B11&" CASH" -> User 2 CASH | D65: 50 | E65: =F65/12 -> 100 | F65: =D65*24 -> 1200 | G65: =F65/F$99 -> 0.032397408 | H65: =F65/F$19 -> 0.02671178 | I65: =January!AH10 -> 0 | J65: =February!AH10 -> 0 | K65: =March!AH10 -> 0 | L65: =April!AH10 -> 0 | M65: =May!AH10 -> 0 | N65: =June!AH10 -> 0 | O65: =July!AH10 -> 0 | P65: =August!AH10 -> 0 | Q65: =September!AH10 -> 0 | R65: =October!AH10 -> 0 | S65: =November!AH10 -> 0 | T65: =December!AH10 -> 0 | U65: =SUM(I65:T65)/12 -> 0
A66: 5 | C66: Recreation | D66: 20 | E66: =F66/12 -> 86.666667 | F66: =D66*52 -> 1040 | G66: =F66/F$99 -> 0.028077754 | H66: =F66/F$19 -> 0.023150209 | I66: =January!AH11 -> 0 | J66: =February!AH11 -> 0 | K66: =March!AH11 -> 0 | L66: =April!AH11 -> 0 | M66: =May!AH11 -> 0 | N66: =June!AH11 -> 0 | O66: =July!AH11 -> 0 | P66: =August!AH11 -> 0 | Q66: =September!AH11 -> 0 | R66: =October!AH11 -> 0 | S66: =November!AH11 -> 0 | T66: =December!AH11 -> 0 | U66: =SUM(I66:T66)/12 -> 0
A67: 6 | C67: Work Exp | D67: 0 | E67: =F67/12 -> 0 | F67: =D67*52 -> 0 | G67: =F67/F$99 -> 0 | H67: =F67/F$19 -> 0 | I67: =January!AH12 -> 0 | J67: =February!AH12 -> 0 | K67: =March!AH12 -> 0 | L67: =April!AH12 -> 0 | M67: =May!AH12 -> 0 | N67: =June!AH12 -> 0 | O67: =July!AH12 -> 0 | P67: =August!AH12 -> 0 | Q67: =September!AH12 -> 0 | R67: =October!AH12 -> 0 | S67: =November!AH12 -> 0 | T67: =December!AH12 -> 0 | U67: =SUM(I67:T67)/12 -> 0
B69: Monthly Expenses | E69: Monthly | F69: Annual
A70: 7 | C70: Rent / 1st Mortgage | E70: 800 | F70: =E70*12 -> 9600 | G70: =F70/F$99 -> 0.25917927 | H70: =F70/F$19 -> 0.21369424 | I70: =January!AH13 -> 0 | J70: =February!AH13 -> 0 | K70: =March!AH13 -> 0 | L70: =April!AH13 -> 0 | M70: =May!AH13 -> 0 | N70: =June!AH13 -> 0 | O70: =July!AH13 -> 0 | P70: =August!AH13 -> 0 | Q70: =September!AH13 -> 0 | R70: =October!AH13 -> 0 | S70: =November!AH13 -> 0 | T70: =December!AH13 -> 0 | U70: =SUM(I70:T70)/12 -> 0
A71: 8 | C71: 2nd Mortgage | E71: 0 | F71: =E71*12 -> 0 | G71: =F71/F$99 -> 0 | H71: =F71/F$19 -> 0 | I71: =January!AH14 -> 0 | J71: =February!AH14 -> 0 | K71: =March!AH14 -> 0 | L71: =April!AH14 -> 0 | M71: =May!AH14 -> 0 | N71: =June!AH14 -> 0 | O71: =July!AH14 -> 0 | P71: =August!AH14 -> 0 | Q71: =September!AH14 -> 0 | R71: =October!AH14 -> 0 | S71: =November!AH14 -> 0 | T71: =December!AH14 -> 0 | U71: =SUM(I71:T71)/12 -> 0
A72: 9 | C72: HOA Assesments | E72: 0 | F72: =E72*12 -> 0 | G72: =F72/F$99 -> 0 | H72: =F72/F$19 -> 0 | I72: =January!AH15 -> 0 | J72: =February!AH15 -> 0 | K72: =March!AH15 -> 0 | L72: =April!AH15 -> 0 | M72: =May!AH15 -> 0 | N72: =June!AH15 -> 0 | O72: =July!AH15 -> 0 | P72: =August!AH15 -> 0 | Q72: =September!AH15 -> 0 | R72: =October!AH15 -> 0 | S72: =November!AH15 -> 0 | T72: =December!AH15 -> 0 | U72: =SUM(I72:T72)/12 -> 0
A73: 10 | C73: DayCare/School | E73: 0 | F73: =E73*12 -> 0 | G73: =F73/F$99 -> 0 | H73: =F73/F$19 -> 0 | I73: =January!AH16 -> 0 | J73: =February!AH16 -> 0 | K73: =March!AH16 -> 0 | L73: =April!AH16 -> 0 | M73: =May!AH16 -> 0 | N73: =June!AH16 -> 0 | O73: =July!AH16 -> 0 | P73: =August!AH16 -> 0 | Q73: =September!AH16 -> 0 | R73: =October!AH16 -> 0 | S73: =November!AH16 -> 0 | T73: =December!AH16 -> 0 | U73: =SUM(I73:T73)/12 -> 0
A74: 11 | C74: Student Loans | E74: 100 | F74: =E74*12 -> 1200 | G74: =F74/F$99 -> 0.032397408 | H74: =F74/F$19 -> 0.02671178 | I74: =January!AH17 -> 0 | J74: =February!AH17 -> 0 | K74: =March!AH17 -> 0 | L74: =April!AH17 -> 0 | M74: =May!AH17 -> 0 | N74: =June!AH17 -> 0 | O74: =July!AH17 -> 0 | P74: =August!AH17 -> 0 | Q74: =September!AH17 -> 0 | R74: =October!AH17 -> 0 | S74: =November!AH17 -> 0 | T74: =December!AH17 -> 0 | U74: =SUM(I74:T74)/12 -> 0
A75: 12 | C75: Natural Gas Bill | E75: 50 | F75: =E75*12 -> 600 | G75: =F75/F$99 -> 0.016198704 | H75: =F75/F$19 -> 0.01335589 | I75: =January!AH18 -> 0 | J75: =February!AH18 -> 0 | K75: =March!AH18 -> 0 | L75: =April!AH18 -> 0 | M75: =May!AH18 -> 0 | N75: =June!AH18 -> 0 | O75: =July!AH18 -> 0 | P75: =August!AH18 -> 0 | Q75: =September!AH18 -> 0 | R75: =October!AH18 -> 0 | S75: =November!AH18 -> 0 | T75: =December!AH18 -> 0 | U75: =SUM(I75:T75)/12 -> 0
A76: 13 | C76: Water Bill | E76: 50 | F76: =E76*12 -> 600 | G76: =F76/F$99 -> 0.016198704 | H76: =F76/F$19 -> 0.01335589 | I76: =January!AH19 -> 0 | J76: =February!AH19 -> 0 | K76: =March!AH19 -> 0 | L76: =April!AH19 -> 0 | M76: =May!AH19 -> 0 | N76: =June!AH19 -> 0 | O76: =July!AH19 -> 0 | P76: =August!AH19 -> 0 | Q76: =September!AH19 -> 0 | R76: =October!AH19 -> 0 | S76: =November!AH19 -> 0 | T76: =December!AH19 -> 0 | U76: =SUM(I76:T76)/12 -> 0
A77: 14 | C77: Electric Bill | E77: 50 | F77: =E77*12 -> 600 | G77: =F77/F$99 -> 0.016198704 | H77: =F77/F$19 -> 0.01335589 | I77: =January!AH20 -> 0 | J77: =February!AH20 -> 0 | K77: =March!AH20 -> 0 | L77: =April!AH20 -> 0 | M77: =May!AH20 -> 0 | N77: =June!AH20 -> 0 | O77: =July!AH20 -> 0 | P77: =August!AH20 -> 0 | Q77: =September!AH20 -> 0 | R77: =October!AH20 -> 0 | S77: =November!AH20 -> 0 | T77: =December!AH20 -> 0 | U77: =SUM(I77:T77)/12 -> 0
A78: 15 | C78: Garbage Service | E78: 50 | F78: =E78*12 -> 600 | G78: =F78/F$99 -> 0.016198704 | H78: =F78/F$19 -> 0.01335589 | I78: =January!AH21 -> 0 | J78: =February!AH21 -> 0 | K78: =March!AH21 -> 0 | L78: =April!AH21 -> 0 | M78: =May!AH21 -> 0 | N78: =June!AH21 -> 0 | O78: =July!AH21 -> 0 | P78: =August!AH21 -> 0 | Q78: =September!AH21 -> 0 | R78: =October!AH21 -> 0 | S78: =November!AH21 -> 0 | T78: =December!AH21 -> 0 | U78: =SUM(I78:T78)/12 -> 0
A79: 16 | C79: Parking Expenses | E79: 0 | F79: =E79*12 -> 0 | G79: =F79/F$99 -> 0 | H79: =F79/F$19 -> 0 | I79: =January!AH22 -> 0 | J79: =February!AH22 -> 0 | K79: =March!AH22 -> 0 | L79: =April!AH22 -> 0 | M79: =May!AH22 -> 0 | N79: =June!AH22 -> 0 | O79: =July!AH22 -> 0 | P79: =August!AH22 -> 0 | Q79: =September!AH22 -> 0 | R79: =October!AH22 -> 0 | S79: =November!AH22 -> 0 | T79: =December!AH22 -> 0 | U79: =SUM(I79:T79)/12 -> 0
A80: 17 | C80: Transit Monthly | E80: 0 | F80: =E80*12 -> 0 | G80: =F80/F$99 -> 0 | H80: =F80/F$19 -> 0 | I80: =January!AH23 -> 0 | J80: =February!AH23 -> 0 | K80: =March!AH23 -> 0 | L80: =April!AH23 -> 0 | M80: =May!AH23 -> 0 | N80: =June!AH23 -> 0 | O80: =July!AH23 -> 0 | P80: =August!AH23 -> 0 | Q80: =September!AH23 -> 0 | R80: =October!AH23 -> 0 | S80: =November!AH23 -> 0 | T80: =December!AH23 -> 0 | U80: =SUM(I80:T80)/12 -> 0
A81: 18 | C81: Land Line Phone Bill | E81: 0 | F81: =E81*12 -> 0 | G81: =F81/F$99 -> 0 | H81: =F81/F$19 -> 0 | I81: =January!AH24 -> 0 | J81: =February!AH24 -> 0 | K81: =March!AH24 -> 0 | L81: =April!AH24 -> 0 | M81: =May!AH24 -> 0 | N81: =June!AH24 -> 0 | O81: =July!AH24 -> 0 | P81: =August!AH24 -> 0 | Q81: =September!AH24 -> 0 | R81: =October!AH24 -> 0 | S81: =November!AH24 -> 0 | T81: =December!AH24 -> 0 | U81: =SUM(I81:T81)/12 -> 0
... A86: 23 | C86: Medical | E86: 100 | F86: =E86*12 -> 1200 | G86: =F86/F$99 -> 0.032397408 | H86: =F86/F$19 -> 0.02671178 | I86: =January!AH29 -> 0 | J86: =February!AH29 -> 0 | K86: =March!AH29 -> 0 | L86: =April!AH29 -> 0 | M86: =May!AH29 -> 0 | N86: =June!AH29 -> 0 | O86: =July!AH29 -> 0 | P86: =August!AH29 -> 0 | Q86: =September!AH29 -> 0 | R86: =October!AH29 -> 0 | S86: =November!AH29 -> 0 | T86: =December!AH29 -> 0 | U86: =SUM(I86:T86)/12 -> 0
A87: 24 | C87: HairCare | E87: =60+20+10 -> 90 | F87: =E87*12 -> 1080 | G87: =F87/F$99 -> 0.029157667 | H87: =F87/F$19 -> 0.024040602 | I87: =January!AH30 -> 0 | J87: =February!AH30 -> 0 | K87: =March!AH30 -> 0 | L87: =April!AH30 -> 0 | M87: =May!AH30 -> 0 | N87: =June!AH30 -> 0 | O87: =July!AH30 -> 0 | P87: =August!AH30 -> 0 | Q87: =September!AH30 -> 0 | R87: =October!AH30 -> 0 | S87: =November!AH30 -> 0 | T87: =December!AH30 -> 0 | U87: =SUM(I87:T87)/12 -> 0
A88: 25 | C88: Clothing | E88: 100 | F88: =E88*12 -> 1200 | G88: =F88/F$99 -> 0.032397408 | H88: =F88/F$19 -> 0.02671178 | I88: =January!AH31 -> 0 | J88: =February!AH31 -> 0 | K88: =March!AH31 -> 0 | L88: =April!AH31 -> 0 | M88: =May!AH31 -> 0 | N88: =June!AH31 -> 0 | O88: =July!AH31 -> 0 | P88: =August!AH31 -> 0 | Q88: =September!AH31 -> 0 | R88: =October!AH31 -> 0 | S88: =November!AH31 -> 0 | T88: =December!AH31 -> 0 | U88: =SUM(I88:T88)/12 -> 0
B90: Annual Expenses | E90: Monthly | F90: Annual
A91: 26 | C91: DayCare/School | E91: =F91/12 -> 100 | F91: =200*6 -> 1200 | G91: =F91/F$99 -> 0.032397408 | H91: =F91/F$19 -> 0.02671178 | I91: =January!AH32 -> 0 | J91: =February!AH32 -> 0 | K91: =March!AH32 -> 0 | L91: =April!AH32 -> 0 | M91: =May!AH32 -> 0 | N91: =June!AH32 -> 0 | O91: =July!AH32 -> 0 | P91: =August!AH32 -> 0 | Q91: =September!AH32 -> 0 | R91: =October!AH32 -> 0 | S91: =November!AH32 -> 0 | T91: =December!AH32 -> 0 | U91: =SUM(I91:T91)/12 -> 0
A92: 27 | C92: Car Insurance | E92: =F92/12 -> 100 | F92: 1200 | G92: =F92/F$99 -> 0.032397408 | H92: =F92/F$19 -> 0.02671178 | I92: =January!AH33 -> 0 | J92: =February!AH33 -> 0 | K92: =March!AH33 -> 0 | L92: =April!AH33 -> 0 | M92: =May!AH33 -> 0 | N92: =June!AH33 -> 0 | O92: =July!AH33 -> 0 | P92: =August!AH33 -> 0 | Q92: =September!AH33 -> 0 | R92: =October!AH33 -> 0 | S92: =November!AH33 -> 0 | T92: =December!AH33 -> 0 | U92: =SUM(I92:T92)/12 -> 0
A93: 28 | C93: Realestate Taxes | E93: =F93/12 -> 0 | F93: 0 | G93: =F93/F$99 -> 0 | H93: =F93/F$19 -> 0 | I93: =January!AH34 -> 0 | J93: =February!AH34 -> 0 | K93: =March!AH34 -> 0 | L93: =April!AH34 -> 0 | M93: =May!AH34 -> 0 | N93: =June!AH34 -> 0 | O93: =July!AH34 -> 0 | P93: =August!AH34 -> 0 | Q93: =September!AH34 -> 0 | R93: =October!AH34 -> 0 | S93: =November!AH34 -> 0 | T93: =December!AH34 -> 0 | U93: =SUM(I93:T93)/12 -> 0
A94: 29 | C94: Home/Renters Insurance | E94: =F94/12 -> 0 | F94: 0 | G94: =F94/F$99 -> 0 | H94: =F94/F$19 -> 0 | I94: =January!AH35 -> 0 | J94: =February!AH35 -> 0 | K94: =March!AH35 -> 0 | L94: =April!AH35 -> 0 | M94: =May!AH35 -> 0 | N94: =June!AH35 -> 0 | O94: =July!AH35 -> 0 | P94: =August!AH35 -> 0 | Q94: =September!AH35 -> 0 | R94: =October!AH35 -> 0 | S94: =November!AH35 -> 0 | T94: =December!AH35 -> 0 | U94: =SUM(I94:T94)/12 -> 0
A95: 30 | C95: Home Improvement | E95: =F95/12 -> 0 | F95: 0 | G95: =F95/F$99 -> 0 | H95: =F95/F$19 -> 0 | I95: =January!AH36 -> 0 | J95: =February!AH36 -> 0 | K95: =March!AH36 -> 0 | L95: =April!AH36 -> 0 | M95: =May!AH36 -> 0 | N95: =June!AH36 -> 0 | O95: =July!AH36 -> 0 | P95: =August!AH36 -> 0 | Q95: =September!AH36 -> 0 | R95: =October!AH36 -> 0 | S95: =November!AH36 -> 0 | T95: =December!AH36 -> 0 | U95: =SUM(I95:T95)/12 -> 0
A96: 31 | C96: Other Expenses | E96: =F96/12 -> 10 | F96: 120 | G96: =F96/F$99 -> 0.0032397408 | H96: =F96/F$19 -> 0.002671178 | I96: =January!AH37 -> 0 | J96: =February!AH37 -> 0 | K96: =March!AH37 -> 0 | L96: =April!AH37 -> 0 | M96: =May!AH37 -> 0 | N96: =June!AH37 -> 0 | O96: =July!AH37 -> 0 | P96: =August!AH37 -> 0 | Q96: =September!AH37 -> 0 | R96: =October!AH37 -> 0 | S96: =November!AH37 -> 0 | T96: =December!AH37 -> 0 | U96: =SUM(I96:T96)/12 -> 0
A97: 32 | C97: Add't Exp. (Furnishing) | E97: =F97/12 -> 0 | F97: 0 | G97: =F97/F$99 -> 0 | H97: =F97/F$19 -> 0 | I97: =January!AH38 -> 0 | J97: =February!AH38 -> 0 | K97: =March!AH38 -> 0 | L97: =April!AH38 -> 0 | M97: =May!AH38 -> 0 | N97: =June!AH38 -> 0 | O97: =July!AH38 -> 0 | P97: =August!AH38 -> 0 | Q97: =September!AH38 -> 0 | R97: =October!AH38 -> 0 | S97: =November!AH38 -> 0 | T97: =December!AH38 -> 0 | U97: =SUM(I97:T97)/12 -> 0
B99: Total | E99: =SUM(E62:E97) -> 3086.6667 | F99: =E99*12 -> 37040 | I99: =SUM(I62:I97) -> 0 | J99: =SUM(J62:J97) -> 0 | K99: =SUM(K62:K97) -> 0 | L99: =SUM(L62:L97) -> 0 | M99: =SUM(M62:M97) -> 0 | N99: =SUM(N62:N97) -> 0 | O99: =SUM(O62:O97) -> 0 | P99: =SUM(P62:P97) -> 0 | ... T99: =SUM(T62:T97) -> 0
B101: NET SUMMARY
E102: Monthly | F102: Annual
B103: NET Checking W/ 401K: | E103: =F103/12 -> 657 | F103: =F58-F99 -> 7884
B104: 401K Savings: | E104: =F104/12 -> 430 | F104: =F31+F32 -> 5160
B105: IRA | E105: =F105/12 -> 0 | F105: =F51 -> 0
B106: Additional Savings: | E106: =F106/12 -> 21.666667 | F106: =F40+D8*26 -> 260

Sheet January
AE1: Account Code
D2: Checking Balance: | E2: 0 | F2: =REPLACE(CELL("filename",A1),1,FIND("]",CELL("filename",A1)),"") & " " &Year -> January 2026 | AE2: 1 | AG2: Checking
D3: Savings Balance: | E3: 100 | AE3: 2 | AG3: Savings
D4: Credit Balance: | E4: -100 | AE4: 3 | AG4: Credit
B5: Sunday | F5: Monday | J5: Tuesday | N5: Wednesday | R5: Thursday | V5: Friday | Z5: Saturday | AE5: Charge Codes | AH5: Summary
B6: B | C6: A | D6: Desc. | E6: Amt. | F6: B | G6: A | H6: Desc. | I6: Amt. | J6: B | K6: A | L6: Desc. | M6: Amt. | N6: B | O6: A | P6: Desc. | Q6: Amt. | R6: B | S6: A | T6: Desc. | U6: Amt. | V6: B | W6: A | X6: Desc. | Y6: Amt. | Z6: B | AA6: A | AB6: Desc. | AC6: Amt. | AE6: 0 | AG6: Income/Reimbursements | AH6: {=SUM(IF($B$7:$B$11=AE6,$E$7:$E$11),IF($F$7:$F$11=AE6,$I$7:$I$11),IF($J$7:$J$11=AE6,$M$7:$M$11),IF($N$7:$N$11=AE6,$Q$7:$Q$11),IF($R$7:$R$11=AE6,$U$7:$U$11),IF($V$7:$V$11=AE6,$Y$7:$Y$11),IF($Z$7:$Z$11=AE6,$AC$7:$AC$11), IF($B$15:$B$19=AE6,$E$15:$E$19),IF($F$15:$F$19=AE6,$I$15:$I$19),IF($J$15:$J$19=AE6,$M$15:$M$19),IF($N$15:$N$19=AE6,$Q$15:$Q$19),IF($R$15:$R$19=AE6,$U$15:$U$19),IF($V$15:$V$19=AE6,$Y$15:$Y$19),IF($Z$15:$Z$19=AE6,$AC$15:$AC$19), IF($B$23:$B$27=AE6,$E$23:$E$27),IF($F$23:$F$27=AE6,$I$23:$I$27),IF($J$23:$J$27=AE6,$M$23:$M$27),IF($N$23:$N$27=AE6,$Q$23:$Q$27),IF($R$23:$R$27=AE6,$U$23:$U$27),IF($V$23:$V$27=AE6,$Y$23:$Y$27),IF($Z$23:$Z$27=AE6,$AC$23:$AC$27), IF($B$31:$B$35=AE6,$E$31:$E$35),IF($F$31:$F$35=AE6,$I$31:$I$35),IF($J$31:$J$35=AE6,$M$31:$M$35),IF($N$31:$N$35=AE6,$Q$31:$Q$35),IF($R$31:$R$35=AE6,$U$31:$U$35),IF($V$31:$V$35=AE6,$Y$31:$Y$35),IF($Z$31:$Z$35=AE6,$AC$31:$AC$35), IF($B$39:$B$43=AE6,$E$39:$E$43),IF($F$39:$F$43=AE6,$I$39:$I$43),IF($J$39:$J$43=AE6,$M$39:$M$43),IF($N$39:$N$43=AE6,$Q$39:$Q$43),IF($R$39:$R$43=AE6,$U$39:$U$43),IF($V$39:$V$43=AE6,$Y$39:$Y$43),IF($Z$39:$Z$43=AE6,$AC$39:$AC$43), IF($B$47:$B$51=AE6,$E$47:$E$51),IF($F$47:$F$51=AE6,$I$47:$I$51),IF($J$47:$J$51=AE6,$M$47:$M$51),IF($N$47:$N$51=AE6,$Q$47:$Q$51),IF($R$47:$R$51=AE6,$U$47:$U$51),IF($V$47:$V$51=AE6,$Y$47:$Y$51),IF($Z$47:$Z$51=AE6,$AC$47:$AC$51))} -> 0
AE7: 1 | AG7: ='Budget 2026'!C62 -> Groceries | AH7: {=SUM(IF($B$7:$B$11=AE7,$E$7:$E$11),IF($F$7:$F$11=AE7,$I$7:$I$11),IF($J$7:$J$11=AE7,$M$7:$M$11),IF($N$7:$N$11=AE7,$Q$7:$Q$11),IF($R$7:$R$11=AE7,$U$7:$U$11),IF($V$7:$V$11=AE7,$Y$7:$Y$11),IF($Z$7:$Z$11=AE7,$AC$7:$AC$11), IF($B$15:$B$19=AE7,$E$15:$E$19),IF($F$15:$F$19=AE7,$I$15:$I$19),IF($J$15:$J$19=AE7,$M$15:$M$19),IF($N$15:$N$19=AE7,$Q$15:$Q$19),IF($R$15:$R$19=AE7,$U$15:$U$19),IF($V$15:$V$19=AE7,$Y$15:$Y$19),IF($Z$15:$Z$19=AE7,$AC$15:$AC$19), IF($B$23:$B$27=AE7,$E$23:$E$27),IF($F$23:$F$27=AE7,$I$23:$I$27),IF($J$23:$J$27=AE7,$M$23:$M$27),IF($N$23:$N$27=AE7,$Q$23:$Q$27),IF($R$23:$R$27=AE7,$U$23:$U$27),IF($V$23:$V$27=AE7,$Y$23:$Y$27),IF($Z$23:$Z$27=AE7,$AC$23:$AC$27), IF($B$31:$B$35=AE7,$E$31:$E$35),IF($F$31:$F$35=AE7,$I$31:$I$35),IF($J$31:$J$35=AE7,$M$31:$M$35),IF($N$31:$N$35=AE7,$Q$31:$Q$35),IF($R$31:$R$35=AE7,$U$31:$U$35),IF($V$31:$V$35=AE7,$Y$31:$Y$35),IF($Z$31:$Z$35=AE7,$AC$31:$AC$35), IF($B$39:$B$43=AE7,$E$39:$E$43),IF($F$39:$F$43=AE7,$I$39:$I$43),IF($J$39:$J$43=AE7,$M$39:$M$43),IF($N$39:$N$43=AE7,$Q$39:$Q$43),IF($R$39:$R$43=AE7,$U$39:$U$43),IF($V$39:$V$43=AE7,$Y$39:$Y$43),IF($Z$39:$Z$43=AE7,$AC$39:$AC$43), IF($B$47:$B$51=AE7,$E$47:$E$51),IF($F$47:$F$51=AE7,$I$47:$I$51),IF($J$47:$J$51=AE7,$M$47:$M$51),IF($N$47:$N$51=AE7,$Q$47:$Q$51),IF($R$47:$R$51=AE7,$U$47:$U$51),IF($V$47:$V$51=AE7,$Y$47:$Y$51),IF($Z$47:$Z$51=AE7,$AC$47:$AC$51))} -> 0
AE8: 2 | AG8: ='Budget 2026'!C63 -> Gasoline | AH8: {=SUM(IF($B$7:$B$11=AE8,$E$7:$E$11),IF($F$7:$F$11=AE8,$I$7:$I$11),IF($J$7:$J$11=AE8,$M$7:$M$11),IF($N$7:$N$11=AE8,$Q$7:$Q$11),IF($R$7:$R$11=AE8,$U$7:$U$11),IF($V$7:$V$11=AE8,$Y$7:$Y$11),IF($Z$7:$Z$11=AE8,$AC$7:$AC$11), IF($B$15:$B$19=AE8,$E$15:$E$19),IF($F$15:$F$19=AE8,$I$15:$I$19),IF($J$15:$J$19=AE8,$M$15:$M$19),IF($N$15:$N$19=AE8,$Q$15:$Q$19),IF($R$15:$R$19=AE8,$U$15:$U$19),IF($V$15:$V$19=AE8,$Y$15:$Y$19),IF($Z$15:$Z$19=AE8,$AC$15:$AC$19), IF($B$23:$B$27=AE8,$E$23:$E$27),IF($F$23:$F$27=AE8,$I$23:$I$27),IF($J$23:$J$27=AE8,$M$23:$M$27),IF($N$23:$N$27=AE8,$Q$23:$Q$27),IF($R$23:$R$27=AE8,$U$23:$U$27),IF($V$23:$V$27=AE8,$Y$23:$Y$27),IF($Z$23:$Z$27=AE8,$AC$23:$AC$27), IF($B$31:$B$35=AE8,$E$31:$E$35),IF($F$31:$F$35=AE8,$I$31:$I$35),IF($J$31:$J$35=AE8,$M$31:$M$35),IF($N$31:$N$35=AE8,$Q$31:$Q$35),IF($R$31:$R$35=AE8,$U$31:$U$35),IF($V$31:$V$35=AE8,$Y$31:$Y$35),IF($Z$31:$Z$35=AE8,$AC$31:$AC$35), IF($B$39:$B$43=AE8,$E$39:$E$43),IF($F$39:$F$43=AE8,$I$39:$I$43),IF($J$39:$J$43=AE8,$M$39:$M$43),IF($N$39:$N$43=AE8,$Q$39:$Q$43),IF($R$39:$R$43=AE8,$U$39:$U$43),IF($V$39:$V$43=AE8,$Y$39:$Y$43),IF($Z$39:$Z$43=AE8,$AC$39:$AC$43), IF($B$47:$B$51=AE8,$E$47:$E$51),IF($F$47:$F$51=AE8,$I$47:$I$51),IF($J$47:$J$51=AE8,$M$47:$M$51),IF($N$47:$N$51=AE8,$Q$47:$Q$51),IF($R$47:$R$51=AE8,$U$47:$U$51),IF($V$47:$V$51=AE8,$Y$47:$Y$51),IF($Z$47:$Z$51=AE8,$AC$47:$AC$51))} -> 0
AE9: 3 | AG9: ='Budget 2026'!C64 -> User 1 CASH | AH9: {=SUM(IF($B$7:$B$11=AE9,$E$7:$E$11),IF($F$7:$F$11=AE9,$I$7:$I$11),IF($J$7:$J$11=AE9,$M$7:$M$11),IF($N$7:$N$11=AE9,$Q$7:$Q$11),IF($R$7:$R$11=AE9,$U$7:$U$11),IF($V$7:$V$11=AE9,$Y$7:$Y$11),IF($Z$7:$Z$11=AE9,$AC$7:$AC$11), IF($B$15:$B$19=AE9,$E$15:$E$19),IF($F$15:$F$19=AE9,$I$15:$I$19),IF($J$15:$J$19=AE9,$M$15:$M$19),IF($N$15:$N$19=AE9,$Q$15:$Q$19),IF($R$15:$R$19=AE9,$U$15:$U$19),IF($V$15:$V$19=AE9,$Y$15:$Y$19),IF($Z$15:$Z$19=AE9,$AC$15:$AC$19), IF($B$23:$B$27=AE9,$E$23:$E$27),IF($F$23:$F$27=AE9,$I$23:$I$27),IF($J$23:$J$27=AE9,$M$23:$M$27),IF($N$23:$N$27=AE9,$Q$23:$Q$27),IF($R$23:$R$27=AE9,$U$23:$U$27),IF($V$23:$V$27=AE9,$Y$23:$Y$27),IF($Z$23:$Z$27=AE9,$AC$23:$AC$27), IF($B$31:$B$35=AE9,$E$31:$E$35),IF($F$31:$F$35=AE9,$I$31:$I$35),IF($J$31:$J$35=AE9,$M$31:$M$35),IF($N$31:$N$35=AE9,$Q$31:$Q$35),IF($R$31:$R$35=AE9,$U$31:$U$35),IF($V$31:$V$35=AE9,$Y$31:$Y$35),IF($Z$31:$Z$35=AE9,$AC$31:$AC$35), IF($B$39:$B$43=AE9,$E$39:$E$43),IF($F$39:$F$43=AE9,$I$39:$I$43),IF($J$39:$J$43=AE9,$M$39:$M$43),IF($N$39:$N$43=AE9,$Q$39:$Q$43),IF($R$39:$R$43=AE9,$U$39:$U$43),IF($V$39:$V$43=AE9,$Y$39:$Y$43),IF($Z$39:$Z$43=AE9,$AC$39:$AC$43), IF($B$47:$B$51=AE9,$E$47:$E$51),IF($F$47:$F$51=AE9,$I$47:$I$51),IF($J$47:$J$51=AE9,$M$47:$M$51),IF($N$47:$N$51=AE9,$Q$47:$Q$51),IF($R$47:$R$51=AE9,$U$47:$U$51),IF($V$47:$V$51=AE9,$Y$47:$Y$51),IF($Z$47:$Z$51=AE9,$AC$47:$AC$51))} -> 0
AE10: 4 | AG10: ='Budget 2026'!C65 -> User 2 CASH | AH10: {=SUM(IF($B$7:$B$11=AE10,$E$7:$E$11),IF($F$7:$F$11=AE10,$I$7:$I$11),IF($J$7:$J$11=AE10,$M$7:$M$11),IF($N$7:$N$11=AE10,$Q$7:$Q$11),IF($R$7:$R$11=AE10,$U$7:$U$11),IF($V$7:$V$11=AE10,$Y$7:$Y$11),IF($Z$7:$Z$11=AE10,$AC$7:$AC$11), IF($B$15:$B$19=AE10,$E$15:$E$19),IF($F$15:$F$19=AE10,$I$15:$I$19),IF($J$15:$J$19=AE10,$M$15:$M$19),IF($N$15:$N$19=AE10,$Q$15:$Q$19),IF($R$15:$R$19=AE10,$U$15:$U$19),IF($V$15:$V$19=AE10,$Y$15:$Y$19),IF($Z$15:$Z$19=AE10,$AC$15:$AC$19), IF($B$23:$B$27=AE10,$E$23:$E$27),IF($F$23:$F$27=AE10,$I$23:$I$27),IF($J$23:$J$27=AE10,$M$23:$M$27),IF($N$23:$N$27=AE10,$Q$23:$Q$27),IF($R$23:$R$27=AE10,$U$23:$U$27),IF($V$23:$V$27=AE10,$Y$23:$Y$27),IF($Z$23:$Z$27=AE10,$AC$23:$AC$27), IF($B$31:$B$35=AE10,$E$31:$E$35),IF($F$31:$F$35=AE10,$I$31:$I$35),IF($J$31:$J$35=AE10,$M$31:$M$35),IF($N$31:$N$35=AE10,$Q$31:$Q$35),IF($R$31:$R$35=AE10,$U$31:$U$35),IF($V$31:$V$35=AE10,$Y$31:$Y$35),IF($Z$31:$Z$35=AE10,$AC$31:$AC$35), IF($B$39:$B$43=AE10,$E$39:$E$43),IF($F$39:$F$43=AE10,$I$39:$I$43),IF($J$39:$J$43=AE10,$M$39:$M$43),IF($N$39:$N$43=AE10,$Q$39:$Q$43),IF($R$39:$R$43=AE10,$U$39:$U$43),IF($V$39:$V$43=AE10,$Y$39:$Y$43),IF($Z$39:$Z$43=AE10,$AC$39:$AC$43), IF($B$47:$B$51=AE10,$E$47:$E$51),IF($F$47:$F$51=AE10,$I$47:$I$51),IF($J$47:$J$51=AE10,$M$47:$M$51),IF($N$47:$N$51=AE10,$Q$47:$Q$51),IF($R$47:$R$51=AE10,$U$47:$U$51),IF($V$47:$V$51=AE10,$Y$47:$Y$51),IF($Z$47:$Z$51=AE10,$AC$47:$AC$51))} -> 0
AE11: 5 | AG11: ='Budget 2026'!C66 -> Recreation | AH11: {=SUM(IF($B$7:$B$11=AE11,$E$7:$E$11),IF($F$7:$F$11=AE11,$I$7:$I$11),IF($J$7:$J$11=AE11,$M$7:$M$11),IF($N$7:$N$11=AE11,$Q$7:$Q$11),IF($R$7:$R$11=AE11,$U$7:$U$11),IF($V$7:$V$11=AE11,$Y$7:$Y$11),IF($Z$7:$Z$11=AE11,$AC$7:$AC$11), IF($B$15:$B$19=AE11,$E$15:$E$19),IF($F$15:$F$19=AE11,$I$15:$I$19),IF($J$15:$J$19=AE11,$M$15:$M$19),IF($N$15:$N$19=AE11,$Q$15:$Q$19),IF($R$15:$R$19=AE11,$U$15:$U$19),IF($V$15:$V$19=AE11,$Y$15:$Y$19),IF($Z$15:$Z$19=AE11,$AC$15:$AC$19), IF($B$23:$B$27=AE11,$E$23:$E$27),IF($F$23:$F$27=AE11,$I$23:$I$27),IF($J$23:$J$27=AE11,$M$23:$M$27),IF($N$23:$N$27=AE11,$Q$23:$Q$27),IF($R$23:$R$27=AE11,$U$23:$U$27),IF($V$23:$V$27=AE11,$Y$23:$Y$27),IF($Z$23:$Z$27=AE11,$AC$23:$AC$27), IF($B$31:$B$35=AE11,$E$31:$E$35),IF($F$31:$F$35=AE11,$I$31:$I$35),IF($J$31:$J$35=AE11,$M$31:$M$35),IF($N$31:$N$35=AE11,$Q$31:$Q$35),IF($R$31:$R$35=AE11,$U$31:$U$35),IF($V$31:$V$35=AE11,$Y$31:$Y$35),IF($Z$31:$Z$35=AE11,$AC$31:$AC$35), IF($B$39:$B$43=AE11,$E$39:$E$43),IF($F$39:$F$43=AE11,$I$39:$I$43),IF($J$39:$J$43=AE11,$M$39:$M$43),IF($N$39:$N$43=AE11,$Q$39:$Q$43),IF($R$39:$R$43=AE11,$U$39:$U$43),IF($V$39:$V$43=AE11,$Y$39:$Y$43),IF($Z$39:$Z$43=AE11,$AC$39:$AC$43), IF($B$47:$B$51=AE11,$E$47:$E$51),IF($F$47:$F$51=AE11,$I$47:$I$51),IF($J$47:$J$51=AE11,$M$47:$M$51),IF($N$47:$N$51=AE11,$Q$47:$Q$51),IF($R$47:$R$51=AE11,$U$47:$U$51),IF($V$47:$V$51=AE11,$Y$47:$Y$51),IF($Z$47:$Z$51=AE11,$AC$47:$AC$51))} -> 0
B12: 28 | D12: Checking | E12: {=E2+SUM(IF(C7:C11=1,E7:E11))} -> 0 | F12: =B12+1 -> 29 | H12: Checking | I12: {=E12+SUM(IF(G7:G11=1,I7:I11))} -> 0 | J12: =F12+1 -> 30 | L12: Checking | M12: {=I12+SUM(IF(K7:K11=1,M7:M11))} -> 0 | N12: =J12+1 -> 31 | P12: Checking | Q12: {=M12+SUM(IF(O7:O11=1,Q7:Q11))} -> 0 | R12: 1 | T12: Checking | U12: {=Q12+SUM(IF(S7:S11=1,U7:U11))} -> 0 | V12: =R12+1 -> 2 | X12: Checking | Y12: {=U12+SUM(IF(W7:W11=1,Y7:Y11))} -> 0 | Z12: =V12+1 -> 3 | AB12: Checking | AC12: {=Y12+SUM(IF(AA7:AA11=1,AC7:AC11))} -> 0 | AE12: 6 | AG12: ='Budget 2026'!C67 -> Work Exp | AH12: {=SUM(IF($B$7:$B$11=AE12,$E$7:$E$11),IF($F$7:$F$11=AE12,$I$7:$I$11),IF($J$7:$J$11=AE12,$M$7:$M$11),IF($N$7:$N$11=AE12,$Q$7:$Q$11),IF($R$7:$R$11=AE12,$U$7:$U$11),IF($V$7:$V$11=AE12,$Y$7:$Y$11),IF($Z$7:$Z$11=AE12,$AC$7:$AC$11), IF($B$15:$B$19=AE12,$E$15:$E$19),IF($F$15:$F$19=AE12,$I$15:$I$19),IF($J$15:$J$19=AE12,$M$15:$M$19),IF($N$15:$N$19=AE12,$Q$15:$Q$19),IF($R$15:$R$19=AE12,$U$15:$U$19),IF($V$15:$V$19=AE12,$Y$15:$Y$19),IF($Z$15:$Z$19=AE12,$AC$15:$AC$19), IF($B$23:$B$27=AE12,$E$23:$E$27),IF($F$23:$F$27=AE12,$I$23:$I$27),IF($J$23:$J$27=AE12,$M$23:$M$27),IF($N$23:$N$27=AE12,$Q$23:$Q$27),IF($R$23:$R$27=AE12,$U$23:$U$27),IF($V$23:$V$27=AE12,$Y$23:$Y$27),IF($Z$23:$Z$27=AE12,$AC$23:$AC$27), IF($B$31:$B$35=AE12,$E$31:$E$35),IF($F$31:$F$35=AE12,$I$31:$I$35),IF($J$31:$J$35=AE12,$M$31:$M$35),IF($N$31:$N$35=AE12,$Q$31:$Q$35),IF($R$31:$R$35=AE12,$U$31:$U$35),IF($V$31:$V$35=AE12,$Y$31:$Y$35),IF($Z$31:$Z$35=AE12,$AC$31:$AC$35), IF($B$39:$B$43=AE12,$E$39:$E$43),IF($F$39:$F$43=AE12,$I$39:$I$43),IF($J$39:$J$43=AE12,$M$39:$M$43),IF($N$39:$N$43=AE12,$Q$39:$Q$43),IF($R$39:$R$43=AE12,$U$39:$U$43),IF($V$39:$V$43=AE12,$Y$39:$Y$43),IF($Z$39:$Z$43=AE12,$AC$39:$AC$43), IF($B$47:$B$51=AE12,$E$47:$E$51),IF($F$47:$F$51=AE12,$I$47:$I$51),IF($J$47:$J$51=AE12,$M$47:$M$51),IF($N$47:$N$51=AE12,$Q$47:$Q$51),IF($R$47:$R$51=AE12,$U$47:$U$51),IF($V$47:$V$51=AE12,$Y$47:$Y$51),IF($Z$47:$Z$51=AE12,$AC$47:$AC$51))} -> 0
D13: Savings | E13: {=E3+SUM(IF(C7:C11=2,E7:E11))-SUM(IF(B7:B11={33},E7:E11))} -> 100 | H13: Savings | I13: {=E13+SUM(IF(G7:G11=2,I7:I11))-SUM(IF(F7:F11={33},I7:I11))} -> 100 | L13: Savings | M13: {=I13+SUM(IF(K7:K11=2,M7:M11))-SUM(IF(J7:J11={33},M7:M11))} -> 100 | P13: Savings | Q13: {=M13+SUM(IF(O7:O11=2,Q7:Q11))-SUM(IF(N7:N11={33},Q7:Q11))} -> 100 | T13: Savings | U13: {=Q13+SUM(IF(S7:S11=2,U7:U11))-SUM(IF(R7:R11={33},U7:U11))} -> 100 | X13: Savings | Y13: {=U13+SUM(IF(W7:W11=2,Y7:Y11))-SUM(IF(V7:V11={33},Y7:Y11))} -> 100 | AB13: Savings | AC13: {=Y13+SUM(IF(AA7:AA11=2,AC7:AC11))-SUM(IF(Z7:Z11={33},AC7:AC11))} -> 100 | AE13: 7 | AG13: ='Budget 2026'!C70 -> Rent / 1st Mortgage | AH13: {=SUM(IF($B$7:$B$11=AE13,$E$7:$E$11),IF($F$7:$F$11=AE13,$I$7:$I$11),IF($J$7:$J$11=AE13,$M$7:$M$11),IF($N$7:$N$11=AE13,$Q$7:$Q$11),IF($R$7:$R$11=AE13,$U$7:$U$11),IF($V$7:$V$11=AE13,$Y$7:$Y$11),IF($Z$7:$Z$11=AE13,$AC$7:$AC$11), IF($B$15:$B$19=AE13,$E$15:$E$19),IF($F$15:$F$19=AE13,$I$15:$I$19),IF($J$15:$J$19=AE13,$M$15:$M$19),IF($N$15:$N$19=AE13,$Q$15:$Q$19),IF($R$15:$R$19=AE13,$U$15:$U$19),IF($V$15:$V$19=AE13,$Y$15:$Y$19),IF($Z$15:$Z$19=AE13,$AC$15:$AC$19), IF($B$23:$B$27=AE13,$E$23:$E$27),IF($F$23:$F$27=AE13,$I$23:$I$27),IF($J$23:$J$27=AE13,$M$23:$M$27),IF($N$23:$N$27=AE13,$Q$23:$Q$27),IF($R$23:$R$27=AE13,$U$23:$U$27),IF($V$23:$V$27=AE13,$Y$23:$Y$27),IF($Z$23:$Z$27=AE13,$AC$23:$AC$27), IF($B$31:$B$35=AE13,$E$31:$E$35),IF($F$31:$F$35=AE13,$I$31:$I$35),IF($J$31:$J$35=AE13,$M$31:$M$35),IF($N$31:$N$35=AE13,$Q$31:$Q$35),IF($R$31:$R$35=AE13,$U$31:$U$35),IF($V$31:$V$35=AE13,$Y$31:$Y$35),IF($Z$31:$Z$35=AE13,$AC$31:$AC$35), IF($B$39:$B$43=AE13,$E$39:$E$43),IF($F$39:$F$43=AE13,$I$39:$I$43),IF($J$39:$J$43=AE13,$M$39:$M$43),IF($N$39:$N$43=AE13,$Q$39:$Q$43),IF($R$39:$R$43=AE13,$U$39:$U$43),IF($V$39:$V$43=AE13,$Y$39:$Y$43),IF($Z$39:$Z$43=AE13,$AC$39:$AC$43), IF($B$47:$B$51=AE13,$E$47:$E$51),IF($F$47:$F$51=AE13,$I$47:$I$51),IF($J$47:$J$51=AE13,$M$47:$M$51),IF($N$47:$N$51=AE13,$Q$47:$Q$51),IF($R$47:$R$51=AE13,$U$47:$U$51),IF($V$47:$V$51=AE13,$Y$47:$Y$51),IF($Z$47:$Z$51=AE13,$AC$47:$AC$51))} -> 0
D14: Credit | E14: {=E4+SUM(IF(C7:C11=3,E7:E11))-SUM(IF(B7:B11={34},E7:E11))} -> -100 | H14: Credit | I14: {=E14+SUM(IF(G7:G11=3,I7:I11))-SUM(IF(F7:F11={34},I7:I11))} -> -100 | L14: Credit | M14: {=I14+SUM(IF(K7:K11=3,M7:M11))-SUM(IF(J7:J11={34},M7:M11))} -> -100 | P14: Credit | Q14: {=M14+SUM(IF(O7:O11=3,Q7:Q11))-SUM(IF(N7:N11={34},Q7:Q11))} -> -100 | T14: Credit | U14: {=Q14+SUM(IF(S7:S11=3,U7:U11))-SUM(IF(R7:R11={34},U7:U11))} -> -100 | X14: Credit | Y14: {=U14+SUM(IF(W7:W11=3,Y7:Y11))-SUM(IF(V7:V11={34},Y7:Y11))} -> -100 | AB14: Credit | AC14: {=Y14+SUM(IF(AA7:AA11=3,AC7:AC11))-SUM(IF(Z7:Z11={34},AC7:AC11))} -> -100 | AE14: 8 | AG14: ='Budget 2026'!C71 -> 2nd Mortgage | AH14: {=SUM(IF($B$7:$B$11=AE14,$E$7:$E$11),IF($F$7:$F$11=AE14,$I$7:$I$11),IF($J$7:$J$11=AE14,$M$7:$M$11),IF($N$7:$N$11=AE14,$Q$7:$Q$11),IF($R$7:$R$11=AE14,$U$7:$U$11),IF($V$7:$V$11=AE14,$Y$7:$Y$11),IF($Z$7:$Z$11=AE14,$AC$7:$AC$11), IF($B$15:$B$19=AE14,$E$15:$E$19),IF($F$15:$F$19=AE14,$I$15:$I$19),IF($J$15:$J$19=AE14,$M$15:$M$19),IF($N$15:$N$19=AE14,$Q$15:$Q$19),IF($R$15:$R$19=AE14,$U$15:$U$19),IF($V$15:$V$19=AE14,$Y$15:$Y$19),IF($Z$15:$Z$19=AE14,$AC$15:$AC$19), IF($B$23:$B$27=AE14,$E$23:$E$27),IF($F$23:$F$27=AE14,$I$23:$I$27),IF($J$23:$J$27=AE14,$M$23:$M$27),IF($N$23:$N$27=AE14,$Q$23:$Q$27),IF($R$23:$R$27=AE14,$U$23:$U$27),IF($V$23:$V$27=AE14,$Y$23:$Y$27),IF($Z$23:$Z$27=AE14,$AC$23:$AC$27), IF($B$31:$B$35=AE14,$E$31:$E$35),IF($F$31:$F$35=AE14,$I$31:$I$35),IF($J$31:$J$35=AE14,$M$31:$M$35),IF($N$31:$N$35=AE14,$Q$31:$Q$35),IF($R$31:$R$35=AE14,$U$31:$U$35),IF($V$31:$V$35=AE14,$Y$31:$Y$35),IF($Z$31:$Z$35=AE14,$AC$31:$AC$35), IF($B$39:$B$43=AE14,$E$39:$E$43),IF($F$39:$F$43=AE14,$I$39:$I$43),IF($J$39:$J$43=AE14,$M$39:$M$43),IF($N$39:$N$43=AE14,$Q$39:$Q$43),IF($R$39:$R$43=AE14,$U$39:$U$43),IF($V$39:$V$43=AE14,$Y$39:$Y$43),IF($Z$39:$Z$43=AE14,$AC$39:$AC$43), IF($B$47:$B$51=AE14,$E$47:$E$51),IF($F$47:$F$51=AE14,$I$47:$I$51),IF($J$47:$J$51=AE14,$M$47:$M$51),IF($N$47:$N$51=AE14,$Q$47:$Q$51),IF($R$47:$R$51=AE14,$U$47:$U$51),IF($V$47:$V$51=AE14,$Y$47:$Y$51),IF($Z$47:$Z$51=AE14,$AC$47:$AC$51))} -> 0
AE15: 9 | AG15: ='Budget 2026'!C72 -> HOA Assesments | AH15: {=SUM(IF($B$7:$B$11=AE15,$E$7:$E$11),IF($F$7:$F$11=AE15,$I$7:$I$11),IF($J$7:$J$11=AE15,$M$7:$M$11),IF($N$7:$N$11=AE15,$Q$7:$Q$11),IF($R$7:$R$11=AE15,$U$7:$U$11),IF($V$7:$V$11=AE15,$Y$7:$Y$11),IF($Z$7:$Z$11=AE15,$AC$7:$AC$11), IF($B$15:$B$19=AE15,$E$15:$E$19),IF($F$15:$F$19=AE15,$I$15:$I$19),IF($J$15:$J$19=AE15,$M$15:$M$19),IF($N$15:$N$19=AE15,$Q$15:$Q$19),IF($R$15:$R$19=AE15,$U$15:$U$19),IF($V$15:$V$19=AE15,$Y$15:$Y$19),IF($Z$15:$Z$19=AE15,$AC$15:$AC$19), IF($B$23:$B$27=AE15,$E$23:$E$27),IF($F$23:$F$27=AE15,$I$23:$I$27),IF($J$23:$J$27=AE15,$M$23:$M$27),IF($N$23:$N$27=AE15,$Q$23:$Q$27),IF($R$23:$R$27=AE15,$U$23:$U$27),IF($V$23:$V$27=AE15,$Y$23:$Y$27),IF($Z$23:$Z$27=AE15,$AC$23:$AC$27), IF($B$31:$B$35=AE15,$E$31:$E$35),IF($F$31:$F$35=AE15,$I$31:$I$35),IF($J$31:$J$35=AE15,$M$31:$M$35),IF($N$31:$N$35=AE15,$Q$31:$Q$35),IF($R$31:$R$35=AE15,$U$31:$U$35),IF($V$31:$V$35=AE15,$Y$31:$Y$35),IF($Z$31:$Z$35=AE15,$AC$31:$AC$35), IF($B$39:$B$43=AE15,$E$39:$E$43),IF($F$39:$F$43=AE15,$I$39:$I$43),IF($J$39:$J$43=AE15,$M$39:$M$43),IF($N$39:$N$43=AE15,$Q$39:$Q$43),IF($R$39:$R$43=AE15,$U$39:$U$43),IF($V$39:$V$43=AE15,$Y$39:$Y$43),IF($Z$39:$Z$43=AE15,$AC$39:$AC$43), IF($B$47:$B$51=AE15,$E$47:$E$51),IF($F$47:$F$51=AE15,$I$47:$I$51),IF($J$47:$J$51=AE15,$M$47:$M$51),IF($N$47:$N$51=AE15,$Q$47:$Q$51),IF($R$47:$R$51=AE15,$U$47:$U$51),IF($V$47:$V$51=AE15,$Y$47:$Y$51),IF($Z$47:$Z$51=AE15,$AC$47:$AC$51))} -> 0
AE16: 10 | AG16: ='Budget 2026'!C73 -> DayCare/School | AH16: {=SUM(IF($B$7:$B$11=AE16,$E$7:$E$11),IF($F$7:$F$11=AE16,$I$7:$I$11),IF($J$7:$J$11=AE16,$M$7:$M$11),IF($N$7:$N$11=AE16,$Q$7:$Q$11),IF($R$7:$R$11=AE16,$U$7:$U$11),IF($V$7:$V$11=AE16,$Y$7:$Y$11),IF($Z$7:$Z$11=AE16,$AC$7:$AC$11), IF($B$15:$B$19=AE16,$E$15:$E$19),IF($F$15:$F$19=AE16,$I$15:$I$19),IF($J$15:$J$19=AE16,$M$15:$M$19),IF($N$15:$N$19=AE16,$Q$15:$Q$19),IF($R$15:$R$19=AE16,$U$15:$U$19),IF($V$15:$V$19=AE16,$Y$15:$Y$19),IF($Z$15:$Z$19=AE16,$AC$15:$AC$19), IF($B$23:$B$27=AE16,$E$23:$E$27),IF($F$23:$F$27=AE16,$I$23:$I$27),IF($J$23:$J$27=AE16,$M$23:$M$27),IF($N$23:$N$27=AE16,$Q$23:$Q$27),IF($R$23:$R$27=AE16,$U$23:$U$27),IF($V$23:$V$27=AE16,$Y$23:$Y$27),IF($Z$23:$Z$27=AE16,$AC$23:$AC$27), IF($B$31:$B$35=AE16,$E$31:$E$35),IF($F$31:$F$35=AE16,$I$31:$I$35),IF($J$31:$J$35=AE16,$M$31:$M$35),IF($N$31:$N$35=AE16,$Q$31:$Q$35),IF($R$31:$R$35=AE16,$U$31:$U$35),IF($V$31:$V$35=AE16,$Y$31:$Y$35),IF($Z$31:$Z$35=AE16,$AC$31:$AC$35), IF($B$39:$B$43=AE16,$E$39:$E$43),IF($F$39:$F$43=AE16,$I$39:$I$43),IF($J$39:$J$43=AE16,$M$39:$M$43),IF($N$39:$N$43=AE16,$Q$39:$Q$43),IF($R$39:$R$43=AE16,$U$39:$U$43),IF($V$39:$V$43=AE16,$Y$39:$Y$43),IF($Z$39:$Z$43=AE16,$AC$39:$AC$43), IF($B$47:$B$51=AE16,$E$47:$E$51),IF($F$47:$F$51=AE16,$I$47:$I$51),IF($J$47:$J$51=AE16,$M$47:$M$51),IF($N$47:$N$51=AE16,$Q$47:$Q$51),IF($R$47:$R$51=AE16,$U$47:$U$51),IF($V$47:$V$51=AE16,$Y$47:$Y$51),IF($Z$47:$Z$51=AE16,$AC$47:$AC$51))} -> 0
AE17: 11 | AG17: ='Budget 2026'!C74 -> Student Loans | AH17: {=SUM(IF($B$7:$B$11=AE17,$E$7:$E$11),IF($F$7:$F$11=AE17,$I$7:$I$11),IF($J$7:$J$11=AE17,$M$7:$M$11),IF($N$7:$N$11=AE17,$Q$7:$Q$11),IF($R$7:$R$11=AE17,$U$7:$U$11),IF($V$7:$V$11=AE17,$Y$7:$Y$11),IF($Z$7:$Z$11=AE17,$AC$7:$AC$11), IF($B$15:$B$19=AE17,$E$15:$E$19),IF($F$15:$F$19=AE17,$I$15:$I$19),IF($J$15:$J$19=AE17,$M$15:$M$19),IF($N$15:$N$19=AE17,$Q$15:$Q$19),IF($R$15:$R$19=AE17,$U$15:$U$19),IF($V$15:$V$19=AE17,$Y$15:$Y$19),IF($Z$15:$Z$19=AE17,$AC$15:$AC$19), IF($B$23:$B$27=AE17,$E$23:$E$27),IF($F$23:$F$27=AE17,$I$23:$I$27),IF($J$23:$J$27=AE17,$M$23:$M$27),IF($N$23:$N$27=AE17,$Q$23:$Q$27),IF($R$23:$R$27=AE17,$U$23:$U$27),IF($V$23:$V$27=AE17,$Y$23:$Y$27),IF($Z$23:$Z$27=AE17,$AC$23:$AC$27), IF($B$31:$B$35=AE17,$E$31:$E$35),IF($F$31:$F$35=AE17,$I$31:$I$35),IF($J$31:$J$35=AE17,$M$31:$M$35),IF($N$31:$N$35=AE17,$Q$31:$Q$35),IF($R$31:$R$35=AE17,$U$31:$U$35),IF($V$31:$V$35=AE17,$Y$31:$Y$35),IF($Z$31:$Z$35=AE17,$AC$31:$AC$35), IF($B$39:$B$43=AE17,$E$39:$E$43),IF($F$39:$F$43=AE17,$I$39:$I$43),IF($J$39:$J$43=AE17,$M$39:$M$43),IF($N$39:$N$43=AE17,$Q$39:$Q$43),IF($R$39:$R$43=AE17,$U$39:$U$43),IF($V$39:$V$43=AE17,$Y$39:$Y$43),IF($Z$39:$Z$43=AE17,$AC$39:$AC$43), IF($B$47:$B$51=AE17,$E$47:$E$51),IF($F$47:$F$51=AE17,$I$47:$I$51),IF($J$47:$J$51=AE17,$M$47:$M$51),IF($N$47:$N$51=AE17,$Q$47:$Q$51),IF($R$47:$R$51=AE17,$U$47:$U$51),IF($V$47:$V$51=AE17,$Y$47:$Y$51),IF($Z$47:$Z$51=AE17,$AC$47:$AC$51))} -> 0
AE18: 12 | AG18: ='Budget 2026'!C75 -> Natural Gas Bill | AH18: {=SUM(IF($B$7:$B$11=AE18,$E$7:$E$11),IF($F$7:$F$11=AE18,$I$7:$I$11),IF($J$7:$J$11=AE18,$M$7:$M$11),IF($N$7:$N$11=AE18,$Q$7:$Q$11),IF($R$7:$R$11=AE18,$U$7:$U$11),IF($V$7:$V$11=AE18,$Y$7:$Y$11),IF($Z$7:$Z$11=AE18,$AC$7:$AC$11), IF($B$15:$B$19=AE18,$E$15:$E$19),IF($F$15:$F$19=AE18,$I$15:$I$19),IF($J$15:$J$19=AE18,$M$15:$M$19),IF($N$15:$N$19=AE18,$Q$15:$Q$19),IF($R$15:$R$19=AE18,$U$15:$U$19),IF($V$15:$V$19=AE18,$Y$15:$Y$19),IF($Z$15:$Z$19=AE18,$AC$15:$AC$19), IF($B$23:$B$27=AE18,$E$23:$E$27),IF($F$23:$F$27=AE18,$I$23:$I$27),IF($J$23:$J$27=AE18,$M$23:$M$27),IF($N$23:$N$27=AE18,$Q$23:$Q$27),IF($R$23:$R$27=AE18,$U$23:$U$27),IF($V$23:$V$27=AE18,$Y$23:$Y$27),IF($Z$23:$Z$27=AE18,$AC$23:$AC$27), IF($B$31:$B$35=AE18,$E$31:$E$35),IF($F$31:$F$35=AE18,$I$31:$I$35),IF($J$31:$J$35=AE18,$M$31:$M$35),IF($N$31:$N$35=AE18,$Q$31:$Q$35),IF($R$31:$R$35=AE18,$U$31:$U$35),IF($V$31:$V$35=AE18,$Y$31:$Y$35),IF($Z$31:$Z$35=AE18,$AC$31:$AC$35), IF($B$39:$B$43=AE18,$E$39:$E$43),IF($F$39:$F$43=AE18,$I$39:$I$43),IF($J$39:$J$43=AE18,$M$39:$M$43),IF($N$39:$N$43=AE18,$Q$39:$Q$43),IF($R$39:$R$43=AE18,$U$39:$U$43),IF($V$39:$V$43=AE18,$Y$39:$Y$43),IF($Z$39:$Z$43=AE18,$AC$39:$AC$43), IF($B$47:$B$51=AE18,$E$47:$E$51),IF($F$47:$F$51=AE18,$I$47:$I$51),IF($J$47:$J$51=AE18,$M$47:$M$51),IF($N$47:$N$51=AE18,$Q$47:$Q$51),IF($R$47:$R$51=AE18,$U$47:$U$51),IF($V$47:$V$51=AE18,$Y$47:$Y$51),IF($Z$47:$Z$51=AE18,$AC$47:$AC$51))} -> 0
AE19: 13 | AG19: ='Budget 2026'!C76 -> Water Bill | AH19: {=SUM(IF($B$7:$B$11=AE19,$E$7:$E$11),IF($F$7:$F$11=AE19,$I$7:$I$11),IF($J$7:$J$11=AE19,$M$7:$M$11),IF($N$7:$N$11=AE19,$Q$7:$Q$11),IF($R$7:$R$11=AE19,$U$7:$U$11),IF($V$7:$V$11=AE19,$Y$7:$Y$11),IF($Z$7:$Z$11=AE19,$AC$7:$AC$11), IF($B$15:$B$19=AE19,$E$15:$E$19),IF($F$15:$F$19=AE19,$I$15:$I$19),IF($J$15:$J$19=AE19,$M$15:$M$19),IF($N$15:$N$19=AE19,$Q$15:$Q$19),IF($R$15:$R$19=AE19,$U$15:$U$19),IF($V$15:$V$19=AE19,$Y$15:$Y$19),IF($Z$15:$Z$19=AE19,$AC$15:$AC$19), IF($B$23:$B$27=AE19,$E$23:$E$27),IF($F$23:$F$27=AE19,$I$23:$I$27),IF($J$23:$J$27=AE19,$M$23:$M$27),IF($N$23:$N$27=AE19,$Q$23:$Q$27),IF($R$23:$R$27=AE19,$U$23:$U$27),IF($V$23:$V$27=AE19,$Y$23:$Y$27),IF($Z$23:$Z$27=AE19,$AC$23:$AC$27), IF($B$31:$B$35=AE19,$E$31:$E$35),IF($F$31:$F$35=AE19,$I$31:$I$35),IF($J$31:$J$35=AE19,$M$31:$M$35),IF($N$31:$N$35=AE19,$Q$31:$Q$35),IF($R$31:$R$35=AE19,$U$31:$U$35),IF($V$31:$V$35=AE19,$Y$31:$Y$35),IF($Z$31:$Z$35=AE19,$AC$31:$AC$35), IF($B$39:$B$43=AE19,$E$39:$E$43),IF($F$39:$F$43=AE19,$I$39:$I$43),IF($J$39:$J$43=AE19,$M$39:$M$43),IF($N$39:$N$43=AE19,$Q$39:$Q$43),IF($R$39:$R$43=AE19,$U$39:$U$43),IF($V$39:$V$43=AE19,$Y$39:$Y$43),IF($Z$39:$Z$43=AE19,$AC$39:$AC$43), IF($B$47:$B$51=AE19,$E$47:$E$51),IF($F$47:$F$51=AE19,$I$47:$I$51),IF($J$47:$J$51=AE19,$M$47:$M$51),IF($N$47:$N$51=AE19,$Q$47:$Q$51),IF($R$47:$R$51=AE19,$U$47:$U$51),IF($V$47:$V$51=AE19,$Y$47:$Y$51),IF($Z$47:$Z$51=AE19,$AC$47:$AC$51))} -> 0
B20: =Z12+1 -> 4 | D20: Checking | E20: {=AC12+SUM(IF(C15:C19=1,E15:E19))} -> 0 | F20: =B20+1 -> 5 | H20: Checking | I20: {=E20+SUM(IF(G15:G19=1,I15:I19))} -> 0 | J20: =F20+1 -> 6 | L20: Checking | M20: {=I20+SUM(IF(K15:K19=1,M15:M19))} -> 0 | N20: =J20+1 -> 7 | P20: Checking | Q20: {=M20+SUM(IF(O15:O19=1,Q15:Q19))} -> 0 | R20: =N20+1 -> 8 | T20: Checking | U20: {=Q20+SUM(IF(S15:S19=1,U15:U19))} -> 0 | V20: =R20+1 -> 9 | X20: Checking | Y20: {=U20+SUM(IF(W15:W19=1,Y15:Y19))} -> 0 | Z20: =V20+1 -> 10 | AB20: Checking | AC20: {=Y20+SUM(IF(AA15:AA19=1,AC15:AC19))} -> 0 | AE20: 14 | AG20: ='Budget 2026'!C77 -> Electric Bill | AH20: {=SUM(IF($B$7:$B$11=AE20,$E$7:$E$11),IF($F$7:$F$11=AE20,$I$7:$I$11),IF($J$7:$J$11=AE20,$M$7:$M$11),IF($N$7:$N$11=AE20,$Q$7:$Q$11),IF($R$7:$R$11=AE20,$U$7:$U$11),IF($V$7:$V$11=AE20,$Y$7:$Y$11),IF($Z$7:$Z$11=AE20,$AC$7:$AC$11), IF($B$15:$B$19=AE20,$E$15:$E$19),IF($F$15:$F$19=AE20,$I$15:$I$19),IF($J$15:$J$19=AE20,$M$15:$M$19),IF($N$15:$N$19=AE20,$Q$15:$Q$19),IF($R$15:$R$19=AE20,$U$15:$U$19),IF($V$15:$V$19=AE20,$Y$15:$Y$19),IF($Z$15:$Z$19=AE20,$AC$15:$AC$19), IF($B$23:$B$27=AE20,$E$23:$E$27),IF($F$23:$F$27=AE20,$I$23:$I$27),IF($J$23:$J$27=AE20,$M$23:$M$27),IF($N$23:$N$27=AE20,$Q$23:$Q$27),IF($R$23:$R$27=AE20,$U$23:$U$27),IF($V$23:$V$27=AE20,$Y$23:$Y$27),IF($Z$23:$Z$27=AE20,$AC$23:$AC$27), IF($B$31:$B$35=AE20,$E$31:$E$35),IF($F$31:$F$35=AE20,$I$31:$I$35),IF($J$31:$J$35=AE20,$M$31:$M$35),IF($N$31:$N$35=AE20,$Q$31:$Q$35),IF($R$31:$R$35=AE20,$U$31:$U$35),IF($V$31:$V$35=AE20,$Y$31:$Y$35),IF($Z$31:$Z$35=AE20,$AC$31:$AC$35), IF($B$39:$B$43=AE20,$E$39:$E$43),IF($F$39:$F$43=AE20,$I$39:$I$43),IF($J$39:$J$43=AE20,$M$39:$M$43),IF($N$39:$N$43=AE20,$Q$39:$Q$43),IF($R$39:$R$43=AE20,$U$39:$U$43),IF($V$39:$V$43=AE20,$Y$39:$Y$43),IF($Z$39:$Z$43=AE20,$AC$39:$AC$43), IF($B$47:$B$51=AE20,$E$47:$E$51),IF($F$47:$F$51=AE20,$I$47:$I$51),IF($J$47:$J$51=AE20,$M$47:$M$51),IF($N$47:$N$51=AE20,$Q$47:$Q$51),IF($R$47:$R$51=AE20,$U$47:$U$51),IF($V$47:$V$51=AE20,$Y$47:$Y$51),IF($Z$47:$Z$51=AE20,$AC$47:$AC$51))} -> 0
D21: Savings | E21: {=AC13+SUM(IF(C15:C19=2,E15:E19))-SUM(IF(B15:B19={33},E15:E19))} -> 100 | H21: Savings | I21: {=E21+SUM(IF(G15:G19=2,I15:I19))-SUM(IF(F15:F19={33},I15:I19))} -> 100 | L21: Savings | M21: {=I21+SUM(IF(K15:K19=2,M15:M19))-SUM(IF(J15:J19={33},M15:M19))} -> 100 | P21: Savings | Q21: {=M21+SUM(IF(O15:O19=2,Q15:Q19))-SUM(IF(N15:N19={33},Q15:Q19))} -> 100 | T21: Savings | U21: {=Q21+SUM(IF(S15:S19=2,U15:U19))-SUM(IF(R15:R19={33},U15:U19))} -> 100 | X21: Savings | Y21: {=U21+SUM(IF(W15:W19=2,Y15:Y19))-SUM(IF(V15:V19={33},Y15:Y19))} -> 100 | AB21: Savings | AC21: {=Y21+SUM(IF(AA15:AA19=2,AC15:AC19))-SUM(IF(Z15:Z19={33},AC15:AC19))} -> 100 | AE21: 15 | AG21: ='Budget 2026'!C78 -> Garbage Service | AH21: {=SUM(IF($B$7:$B$11=AE21,$E$7:$E$11),IF($F$7:$F$11=AE21,$I$7:$I$11),IF($J$7:$J$11=AE21,$M$7:$M$11),IF($N$7:$N$11=AE21,$Q$7:$Q$11),IF($R$7:$R$11=AE21,$U$7:$U$11),IF($V$7:$V$11=AE21,$Y$7:$Y$11),IF($Z$7:$Z$11=AE21,$AC$7:$AC$11), IF($B$15:$B$19=AE21,$E$15:$E$19),IF($F$15:$F$19=AE21,$I$15:$I$19),IF($J$15:$J$19=AE21,$M$15:$M$19),IF($N$15:$N$19=AE21,$Q$15:$Q$19),IF($R$15:$R$19=AE21,$U$15:$U$19),IF($V$15:$V$19=AE21,$Y$15:$Y$19),IF($Z$15:$Z$19=AE21,$AC$15:$AC$19), IF($B$23:$B$27=AE21,$E$23:$E$27),IF($F$23:$F$27=AE21,$I$23:$I$27),IF($J$23:$J$27=AE21,$M$23:$M$27),IF($N$23:$N$27=AE21,$Q$23:$Q$27),IF($R$23:$R$27=AE21,$U$23:$U$27),IF($V$23:$V$27=AE21,$Y$23:$Y$27),IF($Z$23:$Z$27=AE21,$AC$23:$AC$27), IF($B$31:$B$35=AE21,$E$31:$E$35),IF($F$31:$F$35=AE21,$I$31:$I$35),IF($J$31:$J$35=AE21,$M$31:$M$35),IF($N$31:$N$35=AE21,$Q$31:$Q$35),IF($R$31:$R$35=AE21,$U$31:$U$35),IF($V$31:$V$35=AE21,$Y$31:$Y$35),IF($Z$31:$Z$35=AE21,$AC$31:$AC$35), IF($B$39:$B$43=AE21,$E$39:$E$43),IF($F$39:$F$43=AE21,$I$39:$I$43),IF($J$39:$J$43=AE21,$M$39:$M$43),IF($N$39:$N$43=AE21,$Q$39:$Q$43),IF($R$39:$R$43=AE21,$U$39:$U$43),IF($V$39:$V$43=AE21,$Y$39:$Y$43),IF($Z$39:$Z$43=AE21,$AC$39:$AC$43), IF($B$47:$B$51=AE21,$E$47:$E$51),IF($F$47:$F$51=AE21,$I$47:$I$51),IF($J$47:$J$51=AE21,$M$47:$M$51),IF($N$47:$N$51=AE21,$Q$47:$Q$51),IF($R$47:$R$51=AE21,$U$47:$U$51),IF($V$47:$V$51=AE21,$Y$47:$Y$51),IF($Z$47:$Z$51=AE21,$AC$47:$AC$51))} -> 0
D22: Credit | E22: {=AC14+SUM(IF(C15:C19=3,E15:E19))-SUM(IF(B15:B19={34},E15:E19))} -> -100 | H22: Credit | I22: {=E22+SUM(IF(G15:G19=3,I15:I19))-SUM(IF(F15:F19={34},I15:I19))} -> -100 | L22: Credit | M22: {=I22+SUM(IF(K15:K19=3,M15:M19))-SUM(IF(J15:J19={34},M15:M19))} -> -100 | P22: Credit | Q22: {=M22+SUM(IF(O15:O19=3,Q15:Q19))-SUM(IF(N15:N19={34},Q15:Q19))} -> -100 | T22: Credit | U22: {=Q22+SUM(IF(S15:S19=3,U15:U19))-SUM(IF(R15:R19={34},U15:U19))} -> -100 | X22: Credit | Y22: {=U22+SUM(IF(W15:W19=3,Y15:Y19))-SUM(IF(V15:V19={34},Y15:Y19))} -> -100 | AB22: Credit | AC22: {=Y22+SUM(IF(AA15:AA19=3,AC15:AC19))-SUM(IF(Z15:Z19={34},AC15:AC19))} -> -100 | AE22: 16 | AG22: ='Budget 2026'!C79 -> Parking Expenses | AH22: {=SUM(IF($B$7:$B$11=AE22,$E$7:$E$11),IF($F$7:$F$11=AE22,$I$7:$I$11),IF($J$7:$J$11=AE22,$M$7:$M$11),IF($N$7:$N$11=AE22,$Q$7:$Q$11),IF($R$7:$R$11=AE22,$U$7:$U$11),IF($V$7:$V$11=AE22,$Y$7:$Y$11),IF($Z$7:$Z$11=AE22,$AC$7:$AC$11), IF($B$15:$B$19=AE22,$E$15:$E$19),IF($F$15:$F$19=AE22,$I$15:$I$19),IF($J$15:$J$19=AE22,$M$15:$M$19),IF($N$15:$N$19=AE22,$Q$15:$Q$19),IF($R$15:$R$19=AE22,$U$15:$U$19),IF($V$15:$V$19=AE22,$Y$15:$Y$19),IF($Z$15:$Z$19=AE22,$AC$15:$AC$19), IF($B$23:$B$27=AE22,$E$23:$E$27),IF($F$23:$F$27=AE22,$I$23:$I$27),IF($J$23:$J$27=AE22,$M$23:$M$27),IF($N$23:$N$27=AE22,$Q$23:$Q$27),IF($R$23:$R$27=AE22,$U$23:$U$27),IF($V$23:$V$27=AE22,$Y$23:$Y$27),IF($Z$23:$Z$27=AE22,$AC$23:$AC$27), IF($B$31:$B$35=AE22,$E$31:$E$35),IF($F$31:$F$35=AE22,$I$31:$I$35),IF($J$31:$J$35=AE22,$M$31:$M$35),IF($N$31:$N$35=AE22,$Q$31:$Q$35),IF($R$31:$R$35=AE22,$U$31:$U$35),IF($V$31:$V$35=AE22,$Y$31:$Y$35),IF($Z$31:$Z$35=AE22,$AC$31:$AC$35), IF($B$39:$B$43=AE22,$E$39:$E$43),IF($F$39:$F$43=AE22,$I$39:$I$43),IF($J$39:$J$43=AE22,$M$39:$M$43),IF($N$39:$N$43=AE22,$Q$39:$Q$43),IF($R$39:$R$43=AE22,$U$39:$U$43),IF($V$39:$V$43=AE22,$Y$39:$Y$43),IF($Z$39:$Z$43=AE22,$AC$39:$AC$43), IF($B$47:$B$51=AE22,$E$47:$E$51),IF($F$47:$F$51=AE22,$I$47:$I$51),IF($J$47:$J$51=AE22,$M$47:$M$51),IF($N$47:$N$51=AE22,$Q$47:$Q$51),IF($R$47:$R$51=AE22,$U$47:$U$51),IF($V$47:$V$51=AE22,$Y$47:$Y$51),IF($Z$47:$Z$51=AE22,$AC$47:$AC$51))} -> 0
AE23: 17 | AG23: ='Budget 2026'!C80 -> Transit Monthly | AH23: {=SUM(IF($B$7:$B$11=AE23,$E$7:$E$11),IF($F$7:$F$11=AE23,$I$7:$I$11),IF($J$7:$J$11=AE23,$M$7:$M$11),IF($N$7:$N$11=AE23,$Q$7:$Q$11),IF($R$7:$R$11=AE23,$U$7:$U$11),IF($V$7:$V$11=AE23,$Y$7:$Y$11),IF($Z$7:$Z$11=AE23,$AC$7:$AC$11), IF($B$15:$B$19=AE23,$E$15:$E$19),IF($F$15:$F$19=AE23,$I$15:$I$19),IF($J$15:$J$19=AE23,$M$15:$M$19),IF($N$15:$N$19=AE23,$Q$15:$Q$19),IF($R$15:$R$19=AE23,$U$15:$U$19),IF($V$15:$V$19=AE23,$Y$15:$Y$19),IF($Z$15:$Z$19=AE23,$AC$15:$AC$19), IF($B$23:$B$27=AE23,$E$23:$E$27),IF($F$23:$F$27=AE23,$I$23:$I$27),IF($J$23:$J$27=AE23,$M$23:$M$27),IF($N$23:$N$27=AE23,$Q$23:$Q$27),IF($R$23:$R$27=AE23,$U$23:$U$27),IF($V$23:$V$27=AE23,$Y$23:$Y$27),IF($Z$23:$Z$27=AE23,$AC$23:$AC$27), IF($B$31:$B$35=AE23,$E$31:$E$35),IF($F$31:$F$35=AE23,$I$31:$I$35),IF($J$31:$J$35=AE23,$M$31:$M$35),IF($N$31:$N$35=AE23,$Q$31:$Q$35),IF($R$31:$R$35=AE23,$U$31:$U$35),IF($V$31:$V$35=AE23,$Y$31:$Y$35),IF($Z$31:$Z$35=AE23,$AC$31:$AC$35), IF($B$39:$B$43=AE23,$E$39:$E$43),IF($F$39:$F$43=AE23,$I$39:$I$43),IF($J$39:$J$43=AE23,$M$39:$M$43),IF($N$39:$N$43=AE23,$Q$39:$Q$43),IF($R$39:$R$43=AE23,$U$39:$U$43),IF($V$39:$V$43=AE23,$Y$39:$Y$43),IF($Z$39:$Z$43=AE23,$AC$39:$AC$43), IF($B$47:$B$51=AE23,$E$47:$E$51),IF($F$47:$F$51=AE23,$I$47:$I$51),IF($J$47:$J$51=AE23,$M$47:$M$51),IF($N$47:$N$51=AE23,$Q$47:$Q$51),IF($R$47:$R$51=AE23,$U$47:$U$51),IF($V$47:$V$51=AE23,$Y$47:$Y$51),IF($Z$47:$Z$51=AE23,$AC$47:$AC$51))} -> 0
AE24: 18 | AG24: ='Budget 2026'!C81 -> Land Line Phone Bill | AH24: {=SUM(IF($B$7:$B$11=AE24,$E$7:$E$11),IF($F$7:$F$11=AE24,$I$7:$I$11),IF($J$7:$J$11=AE24,$M$7:$M$11),IF($N$7:$N$11=AE24,$Q$7:$Q$11),IF($R$7:$R$11=AE24,$U$7:$U$11),IF($V$7:$V$11=AE24,$Y$7:$Y$11),IF($Z$7:$Z$11=AE24,$AC$7:$AC$11), IF($B$15:$B$19=AE24,$E$15:$E$19),IF($F$15:$F$19=AE24,$I$15:$I$19),IF($J$15:$J$19=AE24,$M$15:$M$19),IF($N$15:$N$19=AE24,$Q$15:$Q$19),IF($R$15:$R$19=AE24,$U$15:$U$19),IF($V$15:$V$19=AE24,$Y$15:$Y$19),IF($Z$15:$Z$19=AE24,$AC$15:$AC$19), IF($B$23:$B$27=AE24,$E$23:$E$27),IF($F$23:$F$27=AE24,$I$23:$I$27),IF($J$23:$J$27=AE24,$M$23:$M$27),IF($N$23:$N$27=AE24,$Q$23:$Q$27),IF($R$23:$R$27=AE24,$U$23:$U$27),IF($V$23:$V$27=AE24,$Y$23:$Y$27),IF($Z$23:$Z$27=AE24,$AC$23:$AC$27), IF($B$31:$B$35=AE24,$E$31:$E$35),IF($F$31:$F$35=AE24,$I$31:$I$35),IF($J$31:$J$35=AE24,$M$31:$M$35),IF($N$31:$N$35=AE24,$Q$31:$Q$35),IF($R$31:$R$35=AE24,$U$31:$U$35),IF($V$31:$V$35=AE24,$Y$31:$Y$35),IF($Z$31:$Z$35=AE24,$AC$31:$AC$35), IF($B$39:$B$43=AE24,$E$39:$E$43),IF($F$39:$F$43=AE24,$I$39:$I$43),IF($J$39:$J$43=AE24,$M$39:$M$43),IF($N$39:$N$43=AE24,$Q$39:$Q$43),IF($R$39:$R$43=AE24,$U$39:$U$43),IF($V$39:$V$43=AE24,$Y$39:$Y$43),IF($Z$39:$Z$43=AE24,$AC$39:$AC$43), IF($B$47:$B$51=AE24,$E$47:$E$51),IF($F$47:$F$51=AE24,$I$47:$I$51),IF($J$47:$J$51=AE24,$M$47:$M$51),IF($N$47:$N$51=AE24,$Q$47:$Q$51),IF($R$47:$R$51=AE24,$U$47:$U$51),IF($V$47:$V$51=AE24,$Y$47:$Y$51),IF($Z$47:$Z$51=AE24,$AC$47:$AC$51))} -> 0
AE25: 19 | AG25: ='Budget 2026'!C82 -> Cell Phone Service | AH25: {=SUM(IF($B$7:$B$11=AE25,$E$7:$E$11),IF($F$7:$F$11=AE25,$I$7:$I$11),IF($J$7:$J$11=AE25,$M$7:$M$11),IF($N$7:$N$11=AE25,$Q$7:$Q$11),IF($R$7:$R$11=AE25,$U$7:$U$11),IF($V$7:$V$11=AE25,$Y$7:$Y$11),IF($Z$7:$Z$11=AE25,$AC$7:$AC$11), IF($B$15:$B$19=AE25,$E$15:$E$19),IF($F$15:$F$19=AE25,$I$15:$I$19),IF($J$15:$J$19=AE25,$M$15:$M$19),IF($N$15:$N$19=AE25,$Q$15:$Q$19),IF($R$15:$R$19=AE25,$U$15:$U$19),IF($V$15:$V$19=AE25,$Y$15:$Y$19),IF($Z$15:$Z$19=AE25,$AC$15:$AC$19), IF($B$23:$B$27=AE25,$E$23:$E$27),IF($F$23:$F$27=AE25,$I$23:$I$27),IF($J$23:$J$27=AE25,$M$23:$M$27),IF($N$23:$N$27=AE25,$Q$23:$Q$27),IF($R$23:$R$27=AE25,$U$23:$U$27),IF($V$23:$V$27=AE25,$Y$23:$Y$27),IF($Z$23:$Z$27=AE25,$AC$23:$AC$27), IF($B$31:$B$35=AE25,$E$31:$E$35),IF($F$31:$F$35=AE25,$I$31:$I$35),IF($J$31:$J$35=AE25,$M$31:$M$35),IF($N$31:$N$35=AE25,$Q$31:$Q$35),IF($R$31:$R$35=AE25,$U$31:$U$35),IF($V$31:$V$35=AE25,$Y$31:$Y$35),IF($Z$31:$Z$35=AE25,$AC$31:$AC$35), IF($B$39:$B$43=AE25,$E$39:$E$43),IF($F$39:$F$43=AE25,$I$39:$I$43),IF($J$39:$J$43=AE25,$M$39:$M$43),IF($N$39:$N$43=AE25,$Q$39:$Q$43),IF($R$39:$R$43=AE25,$U$39:$U$43),IF($V$39:$V$43=AE25,$Y$39:$Y$43),IF($Z$39:$Z$43=AE25,$AC$39:$AC$43), IF($B$47:$B$51=AE25,$E$47:$E$51),IF($F$47:$F$51=AE25,$I$47:$I$51),IF($J$47:$J$51=AE25,$M$47:$M$51),IF($N$47:$N$51=AE25,$Q$47:$Q$51),IF($R$47:$R$51=AE25,$U$47:$U$51),IF($V$47:$V$51=AE25,$Y$47:$Y$51),IF($Z$47:$Z$51=AE25,$AC$47:$AC$51))} -> 0
AE26: 20 | AG26: ='Budget 2026'!C83 -> Cable Bill | AH26: {=SUM(IF($B$7:$B$11=AE26,$E$7:$E$11),IF($F$7:$F$11=AE26,$I$7:$I$11),IF($J$7:$J$11=AE26,$M$7:$M$11),IF($N$7:$N$11=AE26,$Q$7:$Q$11),IF($R$7:$R$11=AE26,$U$7:$U$11),IF($V$7:$V$11=AE26,$Y$7:$Y$11),IF($Z$7:$Z$11=AE26,$AC$7:$AC$11), IF($B$15:$B$19=AE26,$E$15:$E$19),IF($F$15:$F$19=AE26,$I$15:$I$19),IF($J$15:$J$19=AE26,$M$15:$M$19),IF($N$15:$N$19=AE26,$Q$15:$Q$19),IF($R$15:$R$19=AE26,$U$15:$U$19),IF($V$15:$V$19=AE26,$Y$15:$Y$19),IF($Z$15:$Z$19=AE26,$AC$15:$AC$19), IF($B$23:$B$27=AE26,$E$23:$E$27),IF($F$23:$F$27=AE26,$I$23:$I$27),IF($J$23:$J$27=AE26,$M$23:$M$27),IF($N$23:$N$27=AE26,$Q$23:$Q$27),IF($R$23:$R$27=AE26,$U$23:$U$27),IF($V$23:$V$27=AE26,$Y$23:$Y$27),IF($Z$23:$Z$27=AE26,$AC$23:$AC$27), IF($B$31:$B$35=AE26,$E$31:$E$35),IF($F$31:$F$35=AE26,$I$31:$I$35),IF($J$31:$J$35=AE26,$M$31:$M$35),IF($N$31:$N$35=AE26,$Q$31:$Q$35),IF($R$31:$R$35=AE26,$U$31:$U$35),IF($V$31:$V$35=AE26,$Y$31:$Y$35),IF($Z$31:$Z$35=AE26,$AC$31:$AC$35), IF($B$39:$B$43=AE26,$E$39:$E$43),IF($F$39:$F$43=AE26,$I$39:$I$43),IF($J$39:$J$43=AE26,$M$39:$M$43),IF($N$39:$N$43=AE26,$Q$39:$Q$43),IF($R$39:$R$43=AE26,$U$39:$U$43),IF($V$39:$V$43=AE26,$Y$39:$Y$43),IF($Z$39:$Z$43=AE26,$AC$39:$AC$43), IF($B$47:$B$51=AE26,$E$47:$E$51),IF($F$47:$F$51=AE26,$I$47:$I$51),IF($J$47:$J$51=AE26,$M$47:$M$51),IF($N$47:$N$51=AE26,$Q$47:$Q$51),IF($R$47:$R$51=AE26,$U$47:$U$51),IF($V$47:$V$51=AE26,$Y$47:$Y$51),IF($Z$47:$Z$51=AE26,$AC$47:$AC$51))} -> 0
AE27: 21 | AG27: ='Budget 2026'!C84 -> Auto Maint. | AH27: {=SUM(IF($B$7:$B$11=AE27,$E$7:$E$11),IF($F$7:$F$11=AE27,$I$7:$I$11),IF($J$7:$J$11=AE27,$M$7:$M$11),IF($N$7:$N$11=AE27,$Q$7:$Q$11),IF($R$7:$R$11=AE27,$U$7:$U$11),IF($V$7:$V$11=AE27,$Y$7:$Y$11),IF($Z$7:$Z$11=AE27,$AC$7:$AC$11), IF($B$15:$B$19=AE27,$E$15:$E$19),IF($F$15:$F$19=AE27,$I$15:$I$19),IF($J$15:$J$19=AE27,$M$15:$M$19),IF($N$15:$N$19=AE27,$Q$15:$Q$19),IF($R$15:$R$19=AE27,$U$15:$U$19),IF($V$15:$V$19=AE27,$Y$15:$Y$19),IF($Z$15:$Z$19=AE27,$AC$15:$AC$19), IF($B$23:$B$27=AE27,$E$23:$E$27),IF($F$23:$F$27=AE27,$I$23:$I$27),IF($J$23:$J$27=AE27,$M$23:$M$27),IF($N$23:$N$27=AE27,$Q$23:$Q$27),IF($R$23:$R$27=AE27,$U$23:$U$27),IF($V$23:$V$27=AE27,$Y$23:$Y$27),IF($Z$23:$Z$27=AE27,$AC$23:$AC$27), IF($B$31:$B$35=AE27,$E$31:$E$35),IF($F$31:$F$35=AE27,$I$31:$I$35),IF($J$31:$J$35=AE27,$M$31:$M$35),IF($N$31:$N$35=AE27,$Q$31:$Q$35),IF($R$31:$R$35=AE27,$U$31:$U$35),IF($V$31:$V$35=AE27,$Y$31:$Y$35),IF($Z$31:$Z$35=AE27,$AC$31:$AC$35), IF($B$39:$B$43=AE27,$E$39:$E$43),IF($F$39:$F$43=AE27,$I$39:$I$43),IF($J$39:$J$43=AE27,$M$39:$M$43),IF($N$39:$N$43=AE27,$Q$39:$Q$43),IF($R$39:$R$43=AE27,$U$39:$U$43),IF($V$39:$V$43=AE27,$Y$39:$Y$43),IF($Z$39:$Z$43=AE27,$AC$39:$AC$43), IF($B$47:$B$51=AE27,$E$47:$E$51),IF($F$47:$F$51=AE27,$I$47:$I$51),IF($J$47:$J$51=AE27,$M$47:$M$51),IF($N$47:$N$51=AE27,$Q$47:$Q$51),IF($R$47:$R$51=AE27,$U$47:$U$51),IF($V$47:$V$51=AE27,$Y$47:$Y$51),IF($Z$47:$Z$51=AE27,$AC$47:$AC$51))} -> 0
B28: =Z20+1 -> 11 | D28: Checking | E28: {=AC20+SUM(IF(C23:C27=1,E23:E27))} -> 0 | F28: =B28+1 -> 12 | H28: Checking | I28: {=E28+SUM(IF(G23:G27=1,I23:I27))} -> 0 | J28: =F28+1 -> 13 | L28: Checking | M28: {=I28+SUM(IF(K23:K27=1,M23:M27))} -> 0 | N28: =J28+1 -> 14 | P28: Checking | Q28: {=M28+SUM(IF(O23:O27=1,Q23:Q27))} -> 0 | R28: =N28+1 -> 15 | T28: Checking | U28: {=Q28+SUM(IF(S23:S27=1,U23:U27))} -> 0 | V28: =R28+1 -> 16 | X28: Checking | Y28: {=U28+SUM(IF(W23:W27=1,Y23:Y27))} -> 0 | Z28: =V28+1 -> 17 | AB28: Checking | AC28: {=Y28+SUM(IF(AA23:AA27=1,AC23:AC27))} -> 0 | AE28: 22 | AG28: ='Budget 2026'!C85 -> Auto Loan | AH28: {=SUM(IF($B$7:$B$11=AE28,$E$7:$E$11),IF($F$7:$F$11=AE28,$I$7:$I$11),IF($J$7:$J$11=AE28,$M$7:$M$11),IF($N$7:$N$11=AE28,$Q$7:$Q$11),IF($R$7:$R$11=AE28,$U$7:$U$11),IF($V$7:$V$11=AE28,$Y$7:$Y$11),IF($Z$7:$Z$11=AE28,$AC$7:$AC$11), IF($B$15:$B$19=AE28,$E$15:$E$19),IF($F$15:$F$19=AE28,$I$15:$I$19),IF($J$15:$J$19=AE28,$M$15:$M$19),IF($N$15:$N$19=AE28,$Q$15:$Q$19),IF($R$15:$R$19=AE28,$U$15:$U$19),IF($V$15:$V$19=AE28,$Y$15:$Y$19),IF($Z$15:$Z$19=AE28,$AC$15:$AC$19), IF($B$23:$B$27=AE28,$E$23:$E$27),IF($F$23:$F$27=AE28,$I$23:$I$27),IF($J$23:$J$27=AE28,$M$23:$M$27),IF($N$23:$N$27=AE28,$Q$23:$Q$27),IF($R$23:$R$27=AE28,$U$23:$U$27),IF($V$23:$V$27=AE28,$Y$23:$Y$27),IF($Z$23:$Z$27=AE28,$AC$23:$AC$27), IF($B$31:$B$35=AE28,$E$31:$E$35),IF($F$31:$F$35=AE28,$I$31:$I$35),IF($J$31:$J$35=AE28,$M$31:$M$35),IF($N$31:$N$35=AE28,$Q$31:$Q$35),IF($R$31:$R$35=AE28,$U$31:$U$35),IF($V$31:$V$35=AE28,$Y$31:$Y$35),IF($Z$31:$Z$35=AE28,$AC$31:$AC$35), IF($B$39:$B$43=AE28,$E$39:$E$43),IF($F$39:$F$43=AE28,$I$39:$I$43),IF($J$39:$J$43=AE28,$M$39:$M$43),IF($N$39:$N$43=AE28,$Q$39:$Q$43),IF($R$39:$R$43=AE28,$U$39:$U$43),IF($V$39:$V$43=AE28,$Y$39:$Y$43),IF($Z$39:$Z$43=AE28,$AC$39:$AC$43), IF($B$47:$B$51=AE28,$E$47:$E$51),IF($F$47:$F$51=AE28,$I$47:$I$51),IF($J$47:$J$51=AE28,$M$47:$M$51),IF($N$47:$N$51=AE28,$Q$47:$Q$51),IF($R$47:$R$51=AE28,$U$47:$U$51),IF($V$47:$V$51=AE28,$Y$47:$Y$51),IF($Z$47:$Z$51=AE28,$AC$47:$AC$51))} -> 0
D29: Savings | E29: {=AC21+SUM(IF(C23:C27=2,E23:E27))-SUM(IF(B23:B27={33},E23:E27))} -> 100 | H29: Savings | I29: {=E29+SUM(IF(G23:G27=2,I23:I27))-SUM(IF(F23:F27={33},I23:I27))} -> 100 | L29: Savings | M29: {=I29+SUM(IF(K23:K27=2,M23:M27))-SUM(IF(J23:J27={33},M23:M27))} -> 100 | P29: Savings | Q29: {=M29+SUM(IF(O23:O27=2,Q23:Q27))-SUM(IF(N23:N27={33},Q23:Q27))} -> 100 | T29: Savings | U29: {=Q29+SUM(IF(S23:S27=2,U23:U27))-SUM(IF(R23:R27={33},U23:U27))} -> 100 | X29: Savings | Y29: {=U29+SUM(IF(W23:W27=2,Y23:Y27))-SUM(IF(V23:V27={33},Y23:Y27))} -> 100 | AB29: Savings | AC29: {=Y29+SUM(IF(AA23:AA27=2,AC23:AC27))-SUM(IF(Z23:Z27={33},AC23:AC27))} -> 100 | AE29: 23 | AG29: ='Budget 2026'!C86 -> Medical | AH29: {=SUM(IF($B$7:$B$11=AE29,$E$7:$E$11),IF($F$7:$F$11=AE29,$I$7:$I$11),IF($J$7:$J$11=AE29,$M$7:$M$11),IF($N$7:$N$11=AE29,$Q$7:$Q$11),IF($R$7:$R$11=AE29,$U$7:$U$11),IF($V$7:$V$11=AE29,$Y$7:$Y$11),IF($Z$7:$Z$11=AE29,$AC$7:$AC$11), IF($B$15:$B$19=AE29,$E$15:$E$19),IF($F$15:$F$19=AE29,$I$15:$I$19),IF($J$15:$J$19=AE29,$M$15:$M$19),IF($N$15:$N$19=AE29,$Q$15:$Q$19),IF($R$15:$R$19=AE29,$U$15:$U$19),IF($V$15:$V$19=AE29,$Y$15:$Y$19),IF($Z$15:$Z$19=AE29,$AC$15:$AC$19), IF($B$23:$B$27=AE29,$E$23:$E$27),IF($F$23:$F$27=AE29,$I$23:$I$27),IF($J$23:$J$27=AE29,$M$23:$M$27),IF($N$23:$N$27=AE29,$Q$23:$Q$27),IF($R$23:$R$27=AE29,$U$23:$U$27),IF($V$23:$V$27=AE29,$Y$23:$Y$27),IF($Z$23:$Z$27=AE29,$AC$23:$AC$27), IF($B$31:$B$35=AE29,$E$31:$E$35),IF($F$31:$F$35=AE29,$I$31:$I$35),IF($J$31:$J$35=AE29,$M$31:$M$35),IF($N$31:$N$35=AE29,$Q$31:$Q$35),IF($R$31:$R$35=AE29,$U$31:$U$35),IF($V$31:$V$35=AE29,$Y$31:$Y$35),IF($Z$31:$Z$35=AE29,$AC$31:$AC$35), IF($B$39:$B$43=AE29,$E$39:$E$43),IF($F$39:$F$43=AE29,$I$39:$I$43),IF($J$39:$J$43=AE29,$M$39:$M$43),IF($N$39:$N$43=AE29,$Q$39:$Q$43),IF($R$39:$R$43=AE29,$U$39:$U$43),IF($V$39:$V$43=AE29,$Y$39:$Y$43),IF($Z$39:$Z$43=AE29,$AC$39:$AC$43), IF($B$47:$B$51=AE29,$E$47:$E$51),IF($F$47:$F$51=AE29,$I$47:$I$51),IF($J$47:$J$51=AE29,$M$47:$M$51),IF($N$47:$N$51=AE29,$Q$47:$Q$51),IF($R$47:$R$51=AE29,$U$47:$U$51),IF($V$47:$V$51=AE29,$Y$47:$Y$51),IF($Z$47:$Z$51=AE29,$AC$47:$AC$51))} -> 0
D30: Credit | E30: {=AC22+SUM(IF(C23:C27=3,E23:E27))-SUM(IF(B23:B27={34},E23:E27))} -> -100 | H30: Credit | I30: {=E30+SUM(IF(G23:G27=3,I23:I27))-SUM(IF(F23:F27={34},I23:I27))} -> -100 | L30: Credit | M30: {=I30+SUM(IF(K23:K27=3,M23:M27))-SUM(IF(J23:J27={34},M23:M27))} -> -100 | P30: Credit | Q30: {=M30+SUM(IF(O23:O27=3,Q23:Q27))-SUM(IF(N23:N27={34},Q23:Q27))} -> -100 | T30: Credit | U30: {=Q30+SUM(IF(S23:S27=3,U23:U27))-SUM(IF(R23:R27={34},U23:U27))} -> -100 | X30: Credit | Y30: {=U30+SUM(IF(W23:W27=3,Y23:Y27))-SUM(IF(V23:V27={34},Y23:Y27))} -> -100 | AB30: Credit | AC30: {=Y30+SUM(IF(AA23:AA27=3,AC23:AC27))-SUM(IF(Z23:Z27={34},AC23:AC27))} -> -100 | AE30: 24 | AG30: ='Budget 2026'!C87 -> HairCare | AH30: {=SUM(IF($B$7:$B$11=AE30,$E$7:$E$11),IF($F$7:$F$11=AE30,$I$7:$I$11),IF($J$7:$J$11=AE30,$M$7:$M$11),IF($N$7:$N$11=AE30,$Q$7:$Q$11),IF($R$7:$R$11=AE30,$U$7:$U$11),IF($V$7:$V$11=AE30,$Y$7:$Y$11),IF($Z$7:$Z$11=AE30,$AC$7:$AC$11), IF($B$15:$B$19=AE30,$E$15:$E$19),IF($F$15:$F$19=AE30,$I$15:$I$19),IF($J$15:$J$19=AE30,$M$15:$M$19),IF($N$15:$N$19=AE30,$Q$15:$Q$19),IF($R$15:$R$19=AE30,$U$15:$U$19),IF($V$15:$V$19=AE30,$Y$15:$Y$19),IF($Z$15:$Z$19=AE30,$AC$15:$AC$19), IF($B$23:$B$27=AE30,$E$23:$E$27),IF($F$23:$F$27=AE30,$I$23:$I$27),IF($J$23:$J$27=AE30,$M$23:$M$27),IF($N$23:$N$27=AE30,$Q$23:$Q$27),IF($R$23:$R$27=AE30,$U$23:$U$27),IF($V$23:$V$27=AE30,$Y$23:$Y$27),IF($Z$23:$Z$27=AE30,$AC$23:$AC$27), IF($B$31:$B$35=AE30,$E$31:$E$35),IF($F$31:$F$35=AE30,$I$31:$I$35),IF($J$31:$J$35=AE30,$M$31:$M$35),IF($N$31:$N$35=AE30,$Q$31:$Q$35),IF($R$31:$R$35=AE30,$U$31:$U$35),IF($V$31:$V$35=AE30,$Y$31:$Y$35),IF($Z$31:$Z$35=AE30,$AC$31:$AC$35), IF($B$39:$B$43=AE30,$E$39:$E$43),IF($F$39:$F$43=AE30,$I$39:$I$43),IF($J$39:$J$43=AE30,$M$39:$M$43),IF($N$39:$N$43=AE30,$Q$39:$Q$43),IF($R$39:$R$43=AE30,$U$39:$U$43),IF($V$39:$V$43=AE30,$Y$39:$Y$43),IF($Z$39:$Z$43=AE30,$AC$39:$AC$43), IF($B$47:$B$51=AE30,$E$47:$E$51),IF($F$47:$F$51=AE30,$I$47:$I$51),IF($J$47:$J$51=AE30,$M$47:$M$51),IF($N$47:$N$51=AE30,$Q$47:$Q$51),IF($R$47:$R$51=AE30,$U$47:$U$51),IF($V$47:$V$51=AE30,$Y$47:$Y$51),IF($Z$47:$Z$51=AE30,$AC$47:$AC$51))} -> 0
AE31: 25 | AG31: ='Budget 2026'!C88 -> Clothing | AH31: {=SUM(IF($B$7:$B$11=AE31,$E$7:$E$11),IF($F$7:$F$11=AE31,$I$7:$I$11),IF($J$7:$J$11=AE31,$M$7:$M$11),IF($N$7:$N$11=AE31,$Q$7:$Q$11),IF($R$7:$R$11=AE31,$U$7:$U$11),IF($V$7:$V$11=AE31,$Y$7:$Y$11),IF($Z$7:$Z$11=AE31,$AC$7:$AC$11), IF($B$15:$B$19=AE31,$E$15:$E$19),IF($F$15:$F$19=AE31,$I$15:$I$19),IF($J$15:$J$19=AE31,$M$15:$M$19),IF($N$15:$N$19=AE31,$Q$15:$Q$19),IF($R$15:$R$19=AE31,$U$15:$U$19),IF($V$15:$V$19=AE31,$Y$15:$Y$19),IF($Z$15:$Z$19=AE31,$AC$15:$AC$19), IF($B$23:$B$27=AE31,$E$23:$E$27),IF($F$23:$F$27=AE31,$I$23:$I$27),IF($J$23:$J$27=AE31,$M$23:$M$27),IF($N$23:$N$27=AE31,$Q$23:$Q$27),IF($R$23:$R$27=AE31,$U$23:$U$27),IF($V$23:$V$27=AE31,$Y$23:$Y$27),IF($Z$23:$Z$27=AE31,$AC$23:$AC$27), IF($B$31:$B$35=AE31,$E$31:$E$35),IF($F$31:$F$35=AE31,$I$31:$I$35),IF($J$31:$J$35=AE31,$M$31:$M$35),IF($N$31:$N$35=AE31,$Q$31:$Q$35),IF($R$31:$R$35=AE31,$U$31:$U$35),IF($V$31:$V$35=AE31,$Y$31:$Y$35),IF($Z$31:$Z$35=AE31,$AC$31:$AC$35), IF($B$39:$B$43=AE31,$E$39:$E$43),IF($F$39:$F$43=AE31,$I$39:$I$43),IF($J$39:$J$43=AE31,$M$39:$M$43),IF($N$39:$N$43=AE31,$Q$39:$Q$43),IF($R$39:$R$43=AE31,$U$39:$U$43),IF($V$39:$V$43=AE31,$Y$39:$Y$43),IF($Z$39:$Z$43=AE31,$AC$39:$AC$43), IF($B$47:$B$51=AE31,$E$47:$E$51),IF($F$47:$F$51=AE31,$I$47:$I$51),IF($J$47:$J$51=AE31,$M$47:$M$51),IF($N$47:$N$51=AE31,$Q$47:$Q$51),IF($R$47:$R$51=AE31,$U$47:$U$51),IF($V$47:$V$51=AE31,$Y$47:$Y$51),IF($Z$47:$Z$51=AE31,$AC$47:$AC$51))} -> 0
AE32: 26 | AG32: ='Budget 2026'!C91 -> DayCare/School | AH32: {=SUM(IF($B$7:$B$11=AE32,$E$7:$E$11),IF($F$7:$F$11=AE32,$I$7:$I$11),IF($J$7:$J$11=AE32,$M$7:$M$11),IF($N$7:$N$11=AE32,$Q$7:$Q$11),IF($R$7:$R$11=AE32,$U$7:$U$11),IF($V$7:$V$11=AE32,$Y$7:$Y$11),IF($Z$7:$Z$11=AE32,$AC$7:$AC$11), IF($B$15:$B$19=AE32,$E$15:$E$19),IF($F$15:$F$19=AE32,$I$15:$I$19),IF($J$15:$J$19=AE32,$M$15:$M$19),IF($N$15:$N$19=AE32,$Q$15:$Q$19),IF($R$15:$R$19=AE32,$U$15:$U$19),IF($V$15:$V$19=AE32,$Y$15:$Y$19),IF($Z$15:$Z$19=AE32,$AC$15:$AC$19), IF($B$23:$B$27=AE32,$E$23:$E$27),IF($F$23:$F$27=AE32,$I$23:$I$27),IF($J$23:$J$27=AE32,$M$23:$M$27),IF($N$23:$N$27=AE32,$Q$23:$Q$27),IF($R$23:$R$27=AE32,$U$23:$U$27),IF($V$23:$V$27=AE32,$Y$23:$Y$27),IF($Z$23:$Z$27=AE32,$AC$23:$AC$27), IF($B$31:$B$35=AE32,$E$31:$E$35),IF($F$31:$F$35=AE32,$I$31:$I$35),IF($J$31:$J$35=AE32,$M$31:$M$35),IF($N$31:$N$35=AE32,$Q$31:$Q$35),IF($R$31:$R$35=AE32,$U$31:$U$35),IF($V$31:$V$35=AE32,$Y$31:$Y$35),IF($Z$31:$Z$35=AE32,$AC$31:$AC$35), IF($B$39:$B$43=AE32,$E$39:$E$43),IF($F$39:$F$43=AE32,$I$39:$I$43),IF($J$39:$J$43=AE32,$M$39:$M$43),IF($N$39:$N$43=AE32,$Q$39:$Q$43),IF($R$39:$R$43=AE32,$U$39:$U$43),IF($V$39:$V$43=AE32,$Y$39:$Y$43),IF($Z$39:$Z$43=AE32,$AC$39:$AC$43), IF($B$47:$B$51=AE32,$E$47:$E$51),IF($F$47:$F$51=AE32,$I$47:$I$51),IF($J$47:$J$51=AE32,$M$47:$M$51),IF($N$47:$N$51=AE32,$Q$47:$Q$51),IF($R$47:$R$51=AE32,$U$47:$U$51),IF($V$47:$V$51=AE32,$Y$47:$Y$51),IF($Z$47:$Z$51=AE32,$AC$47:$AC$51))} -> 0
AE33: 27 | AG33: ='Budget 2026'!C92 -> Car Insurance | AH33: {=SUM(IF($B$7:$B$11=AE33,$E$7:$E$11),IF($F$7:$F$11=AE33,$I$7:$I$11),IF($J$7:$J$11=AE33,$M$7:$M$11),IF($N$7:$N$11=AE33,$Q$7:$Q$11),IF($R$7:$R$11=AE33,$U$7:$U$11),IF($V$7:$V$11=AE33,$Y$7:$Y$11),IF($Z$7:$Z$11=AE33,$AC$7:$AC$11), IF($B$15:$B$19=AE33,$E$15:$E$19),IF($F$15:$F$19=AE33,$I$15:$I$19),IF($J$15:$J$19=AE33,$M$15:$M$19),IF($N$15:$N$19=AE33,$Q$15:$Q$19),IF($R$15:$R$19=AE33,$U$15:$U$19),IF($V$15:$V$19=AE33,$Y$15:$Y$19),IF($Z$15:$Z$19=AE33,$AC$15:$AC$19), IF($B$23:$B$27=AE33,$E$23:$E$27),IF($F$23:$F$27=AE33,$I$23:$I$27),IF($J$23:$J$27=AE33,$M$23:$M$27),IF($N$23:$N$27=AE33,$Q$23:$Q$27),IF($R$23:$R$27=AE33,$U$23:$U$27),IF($V$23:$V$27=AE33,$Y$23:$Y$27),IF($Z$23:$Z$27=AE33,$AC$23:$AC$27), IF($B$31:$B$35=AE33,$E$31:$E$35),IF($F$31:$F$35=AE33,$I$31:$I$35),IF($J$31:$J$35=AE33,$M$31:$M$35),IF($N$31:$N$35=AE33,$Q$31:$Q$35),IF($R$31:$R$35=AE33,$U$31:$U$35),IF($V$31:$V$35=AE33,$Y$31:$Y$35),IF($Z$31:$Z$35=AE33,$AC$31:$AC$35), IF($B$39:$B$43=AE33,$E$39:$E$43),IF($F$39:$F$43=AE33,$I$39:$I$43),IF($J$39:$J$43=AE33,$M$39:$M$43),IF($N$39:$N$43=AE33,$Q$39:$Q$43),IF($R$39:$R$43=AE33,$U$39:$U$43),IF($V$39:$V$43=AE33,$Y$39:$Y$43),IF($Z$39:$Z$43=AE33,$AC$39:$AC$43), IF($B$47:$B$51=AE33,$E$47:$E$51),IF($F$47:$F$51=AE33,$I$47:$I$51),IF($J$47:$J$51=AE33,$M$47:$M$51),IF($N$47:$N$51=AE33,$Q$47:$Q$51),IF($R$47:$R$51=AE33,$U$47:$U$51),IF($V$47:$V$51=AE33,$Y$47:$Y$51),IF($Z$47:$Z$51=AE33,$AC$47:$AC$51))} -> 0
AE34: 28 | AG34: ='Budget 2026'!C93 -> Realestate Taxes | AH34: {=SUM(IF($B$7:$B$11=AE34,$E$7:$E$11),IF($F$7:$F$11=AE34,$I$7:$I$11),IF($J$7:$J$11=AE34,$M$7:$M$11),IF($N$7:$N$11=AE34,$Q$7:$Q$11),IF($R$7:$R$11=AE34,$U$7:$U$11),IF($V$7:$V$11=AE34,$Y$7:$Y$11),IF($Z$7:$Z$11=AE34,$AC$7:$AC$11), IF($B$15:$B$19=AE34,$E$15:$E$19),IF($F$15:$F$19=AE34,$I$15:$I$19),IF($J$15:$J$19=AE34,$M$15:$M$19),IF($N$15:$N$19=AE34,$Q$15:$Q$19),IF($R$15:$R$19=AE34,$U$15:$U$19),IF($V$15:$V$19=AE34,$Y$15:$Y$19),IF($Z$15:$Z$19=AE34,$AC$15:$AC$19), IF($B$23:$B$27=AE34,$E$23:$E$27),IF($F$23:$F$27=AE34,$I$23:$I$27),IF($J$23:$J$27=AE34,$M$23:$M$27),IF($N$23:$N$27=AE34,$Q$23:$Q$27),IF($R$23:$R$27=AE34,$U$23:$U$27),IF($V$23:$V$27=AE34,$Y$23:$Y$27),IF($Z$23:$Z$27=AE34,$AC$23:$AC$27), IF($B$31:$B$35=AE34,$E$31:$E$35),IF($F$31:$F$35=AE34,$I$31:$I$35),IF($J$31:$J$35=AE34,$M$31:$M$35),IF($N$31:$N$35=AE34,$Q$31:$Q$35),IF($R$31:$R$35=AE34,$U$31:$U$35),IF($V$31:$V$35=AE34,$Y$31:$Y$35),IF($Z$31:$Z$35=AE34,$AC$31:$AC$35), IF($B$39:$B$43=AE34,$E$39:$E$43),IF($F$39:$F$43=AE34,$I$39:$I$43),IF($J$39:$J$43=AE34,$M$39:$M$43),IF($N$39:$N$43=AE34,$Q$39:$Q$43),IF($R$39:$R$43=AE34,$U$39:$U$43),IF($V$39:$V$43=AE34,$Y$39:$Y$43),IF($Z$39:$Z$43=AE34,$AC$39:$AC$43), IF($B$47:$B$51=AE34,$E$47:$E$51),IF($F$47:$F$51=AE34,$I$47:$I$51),IF($J$47:$J$51=AE34,$M$47:$M$51),IF($N$47:$N$51=AE34,$Q$47:$Q$51),IF($R$47:$R$51=AE34,$U$47:$U$51),IF($V$47:$V$51=AE34,$Y$47:$Y$51),IF($Z$47:$Z$51=AE34,$AC$47:$AC$51))} -> 0
AE35: 29 | AG35: ='Budget 2026'!C94 -> Home/Renters Insurance | AH35: {=SUM(IF($B$7:$B$11=AE35,$E$7:$E$11),IF($F$7:$F$11=AE35,$I$7:$I$11),IF($J$7:$J$11=AE35,$M$7:$M$11),IF($N$7:$N$11=AE35,$Q$7:$Q$11),IF($R$7:$R$11=AE35,$U$7:$U$11),IF($V$7:$V$11=AE35,$Y$7:$Y$11),IF($Z$7:$Z$11=AE35,$AC$7:$AC$11), IF($B$15:$B$19=AE35,$E$15:$E$19),IF($F$15:$F$19=AE35,$I$15:$I$19),IF($J$15:$J$19=AE35,$M$15:$M$19),IF($N$15:$N$19=AE35,$Q$15:$Q$19),IF($R$15:$R$19=AE35,$U$15:$U$19),IF($V$15:$V$19=AE35,$Y$15:$Y$19),IF($Z$15:$Z$19=AE35,$AC$15:$AC$19), IF($B$23:$B$27=AE35,$E$23:$E$27),IF($F$23:$F$27=AE35,$I$23:$I$27),IF($J$23:$J$27=AE35,$M$23:$M$27),IF($N$23:$N$27=AE35,$Q$23:$Q$27),IF($R$23:$R$27=AE35,$U$23:$U$27),IF($V$23:$V$27=AE35,$Y$23:$Y$27),IF($Z$23:$Z$27=AE35,$AC$23:$AC$27), IF($B$31:$B$35=AE35,$E$31:$E$35),IF($F$31:$F$35=AE35,$I$31:$I$35),IF($J$31:$J$35=AE35,$M$31:$M$35),IF($N$31:$N$35=AE35,$Q$31:$Q$35),IF($R$31:$R$35=AE35,$U$31:$U$35),IF($V$31:$V$35=AE35,$Y$31:$Y$35),IF($Z$31:$Z$35=AE35,$AC$31:$AC$35), IF($B$39:$B$43=AE35,$E$39:$E$43),IF($F$39:$F$43=AE35,$I$39:$I$43),IF($J$39:$J$43=AE35,$M$39:$M$43),IF($N$39:$N$43=AE35,$Q$39:$Q$43),IF($R$39:$R$43=AE35,$U$39:$U$43),IF($V$39:$V$43=AE35,$Y$39:$Y$43),IF($Z$39:$Z$43=AE35,$AC$39:$AC$43), IF($B$47:$B$51=AE35,$E$47:$E$51),IF($F$47:$F$51=AE35,$I$47:$I$51),IF($J$47:$J$51=AE35,$M$47:$M$51),IF($N$47:$N$51=AE35,$Q$47:$Q$51),IF($R$47:$R$51=AE35,$U$47:$U$51),IF($V$47:$V$51=AE35,$Y$47:$Y$51),IF($Z$47:$Z$51=AE35,$AC$47:$AC$51))} -> 0
B36: =Z28+1 -> 18 | D36: Checking | E36: {=AC28+SUM(IF(C31:C35=1,E31:E35))} -> 0 | F36: =B36+1 -> 19 | H36: Checking | I36: {=E36+SUM(IF(G31:G35=1,I31:I35))} -> 0 | J36: =F36+1 -> 20 | L36: Checking | M36: {=I36+SUM(IF(K31:K35=1,M31:M35))} -> 0 | N36: =J36+1 -> 21 | P36: Checking | Q36: {=M36+SUM(IF(O31:O35=1,Q31:Q35))} -> 0 | R36: =N36+1 -> 22 | T36: Checking | U36: {=Q36+SUM(IF(S31:S35=1,U31:U35))} -> 0 | V36: =R36+1 -> 23 | X36: Checking | Y36: {=U36+SUM(IF(W31:W35=1,Y31:Y35))} -> 0 | Z36: =V36+1 -> 24 | AB36: Checking | AC36: {=Y36+SUM(IF(AA31:AA35=1,AC31:AC35))} -> 0 | AE36: 30 | AG36: ='Budget 2026'!C95 -> Home Improvement | AH36: {=SUM(IF($B$7:$B$11=AE36,$E$7:$E$11),IF($F$7:$F$11=AE36,$I$7:$I$11),IF($J$7:$J$11=AE36,$M$7:$M$11),IF($N$7:$N$11=AE36,$Q$7:$Q$11),IF($R$7:$R$11=AE36,$U$7:$U$11),IF($V$7:$V$11=AE36,$Y$7:$Y$11),IF($Z$7:$Z$11=AE36,$AC$7:$AC$11), IF($B$15:$B$19=AE36,$E$15:$E$19),IF($F$15:$F$19=AE36,$I$15:$I$19),IF($J$15:$J$19=AE36,$M$15:$M$19),IF($N$15:$N$19=AE36,$Q$15:$Q$19),IF($R$15:$R$19=AE36,$U$15:$U$19),IF($V$15:$V$19=AE36,$Y$15:$Y$19),IF($Z$15:$Z$19=AE36,$AC$15:$AC$19), IF($B$23:$B$27=AE36,$E$23:$E$27),IF($F$23:$F$27=AE36,$I$23:$I$27),IF($J$23:$J$27=AE36,$M$23:$M$27),IF($N$23:$N$27=AE36,$Q$23:$Q$27),IF($R$23:$R$27=AE36,$U$23:$U$27),IF($V$23:$V$27=AE36,$Y$23:$Y$27),IF($Z$23:$Z$27=AE36,$AC$23:$AC$27), IF($B$31:$B$35=AE36,$E$31:$E$35),IF($F$31:$F$35=AE36,$I$31:$I$35),IF($J$31:$J$35=AE36,$M$31:$M$35),IF($N$31:$N$35=AE36,$Q$31:$Q$35),IF($R$31:$R$35=AE36,$U$31:$U$35),IF($V$31:$V$35=AE36,$Y$31:$Y$35),IF($Z$31:$Z$35=AE36,$AC$31:$AC$35), IF($B$39:$B$43=AE36,$E$39:$E$43),IF($F$39:$F$43=AE36,$I$39:$I$43),IF($J$39:$J$43=AE36,$M$39:$M$43),IF($N$39:$N$43=AE36,$Q$39:$Q$43),IF($R$39:$R$43=AE36,$U$39:$U$43),IF($V$39:$V$43=AE36,$Y$39:$Y$43),IF($Z$39:$Z$43=AE36,$AC$39:$AC$43), IF($B$47:$B$51=AE36,$E$47:$E$51),IF($F$47:$F$51=AE36,$I$47:$I$51),IF($J$47:$J$51=AE36,$M$47:$M$51),IF($N$47:$N$51=AE36,$Q$47:$Q$51),IF($R$47:$R$51=AE36,$U$47:$U$51),IF($V$47:$V$51=AE36,$Y$47:$Y$51),IF($Z$47:$Z$51=AE36,$AC$47:$AC$51))} -> 0
D37: Savings | E37: {=AC29+SUM(IF(C31:C35=2,E31:E35))-SUM(IF(B31:B35={33},E31:E35))} -> 100 | H37: Savings | I37: {=E37+SUM(IF(G31:G35=2,I31:I35))-SUM(IF(F31:F35={33},I31:I35))} -> 100 | L37: Savings | M37: {=I37+SUM(IF(K31:K35=2,M31:M35))-SUM(IF(J31:J35={33},M31:M35))} -> 100 | P37: Savings | Q37: {=M37+SUM(IF(O31:O35=2,Q31:Q35))-SUM(IF(N31:N35={33},Q31:Q35))} -> 100 | T37: Savings | U37: {=Q37+SUM(IF(S31:S35=2,U31:U35))-SUM(IF(R31:R35={33},U31:U35))} -> 100 | X37: Savings | Y37: {=U37+SUM(IF(W31:W35=2,Y31:Y35))-SUM(IF(V31:V35={33},Y31:Y35))} -> 100 | AB37: Savings | AC37: {=Y37+SUM(IF(AA31:AA35=2,AC31:AC35))-SUM(IF(Z31:Z35={33},AC31:AC35))} -> 100 | AE37: 31 | AG37: ='Budget 2026'!C96 -> Other Expenses | AH37: {=SUM(IF($B$7:$B$11=AE37,$E$7:$E$11),IF($F$7:$F$11=AE37,$I$7:$I$11),IF($J$7:$J$11=AE37,$M$7:$M$11),IF($N$7:$N$11=AE37,$Q$7:$Q$11),IF($R$7:$R$11=AE37,$U$7:$U$11),IF($V$7:$V$11=AE37,$Y$7:$Y$11),IF($Z$7:$Z$11=AE37,$AC$7:$AC$11), IF($B$15:$B$19=AE37,$E$15:$E$19),IF($F$15:$F$19=AE37,$I$15:$I$19),IF($J$15:$J$19=AE37,$M$15:$M$19),IF($N$15:$N$19=AE37,$Q$15:$Q$19),IF($R$15:$R$19=AE37,$U$15:$U$19),IF($V$15:$V$19=AE37,$Y$15:$Y$19),IF($Z$15:$Z$19=AE37,$AC$15:$AC$19), IF($B$23:$B$27=AE37,$E$23:$E$27),IF($F$23:$F$27=AE37,$I$23:$I$27),IF($J$23:$J$27=AE37,$M$23:$M$27),IF($N$23:$N$27=AE37,$Q$23:$Q$27),IF($R$23:$R$27=AE37,$U$23:$U$27),IF($V$23:$V$27=AE37,$Y$23:$Y$27),IF($Z$23:$Z$27=AE37,$AC$23:$AC$27), IF($B$31:$B$35=AE37,$E$31:$E$35),IF($F$31:$F$35=AE37,$I$31:$I$35),IF($J$31:$J$35=AE37,$M$31:$M$35),IF($N$31:$N$35=AE37,$Q$31:$Q$35),IF($R$31:$R$35=AE37,$U$31:$U$35),IF($V$31:$V$35=AE37,$Y$31:$Y$35),IF($Z$31:$Z$35=AE37,$AC$31:$AC$35), IF($B$39:$B$43=AE37,$E$39:$E$43),IF($F$39:$F$43=AE37,$I$39:$I$43),IF($J$39:$J$43=AE37,$M$39:$M$43),IF($N$39:$N$43=AE37,$Q$39:$Q$43),IF($R$39:$R$43=AE37,$U$39:$U$43),IF($V$39:$V$43=AE37,$Y$39:$Y$43),IF($Z$39:$Z$43=AE37,$AC$39:$AC$43), IF($B$47:$B$51=AE37,$E$47:$E$51),IF($F$47:$F$51=AE37,$I$47:$I$51),IF($J$47:$J$51=AE37,$M$47:$M$51),IF($N$47:$N$51=AE37,$Q$47:$Q$51),IF($R$47:$R$51=AE37,$U$47:$U$51),IF($V$47:$V$51=AE37,$Y$47:$Y$51),IF($Z$47:$Z$51=AE37,$AC$47:$AC$51))} -> 0
D38: Credit | E38: {=AC30+SUM(IF(C31:C35=3,E31:E35))-SUM(IF(B31:B35={34},E31:E35))} -> -100 | H38: Credit | I38: {=E38+SUM(IF(G31:G35=3,I31:I35))-SUM(IF(F31:F35={34},I31:I35))} -> -100 | L38: Credit | M38: {=I38+SUM(IF(K31:K35=3,M31:M35))-SUM(IF(J31:J35={34},M31:M35))} -> -100 | P38: Credit | Q38: {=M38+SUM(IF(O31:O35=3,Q31:Q35))-SUM(IF(N31:N35={34},Q31:Q35))} -> -100 | T38: Credit | U38: {=Q38+SUM(IF(S31:S35=3,U31:U35))-SUM(IF(R31:R35={34},U31:U35))} -> -100 | X38: Credit | Y38: {=U38+SUM(IF(W31:W35=3,Y31:Y35))-SUM(IF(V31:V35={34},Y31:Y35))} -> -100 | AB38: Credit | AC38: {=Y38+SUM(IF(AA31:AA35=3,AC31:AC35))-SUM(IF(Z31:Z35={34},AC31:AC35))} -> -100 | AE38: 32 | AG38: ='Budget 2026'!C97 -> Add't Exp. (Furnishing) | AH38: {=SUM(IF($B$7:$B$11=AE38,$E$7:$E$11),IF($F$7:$F$11=AE38,$I$7:$I$11),IF($J$7:$J$11=AE38,$M$7:$M$11),IF($N$7:$N$11=AE38,$Q$7:$Q$11),IF($R$7:$R$11=AE38,$U$7:$U$11),IF($V$7:$V$11=AE38,$Y$7:$Y$11),IF($Z$7:$Z$11=AE38,$AC$7:$AC$11), IF($B$15:$B$19=AE38,$E$15:$E$19),IF($F$15:$F$19=AE38,$I$15:$I$19),IF($J$15:$J$19=AE38,$M$15:$M$19),IF($N$15:$N$19=AE38,$Q$15:$Q$19),IF($R$15:$R$19=AE38,$U$15:$U$19),IF($V$15:$V$19=AE38,$Y$15:$Y$19),IF($Z$15:$Z$19=AE38,$AC$15:$AC$19), IF($B$23:$B$27=AE38,$E$23:$E$27),IF($F$23:$F$27=AE38,$I$23:$I$27),IF($J$23:$J$27=AE38,$M$23:$M$27),IF($N$23:$N$27=AE38,$Q$23:$Q$27),IF($R$23:$R$27=AE38,$U$23:$U$27),IF($V$23:$V$27=AE38,$Y$23:$Y$27),IF($Z$23:$Z$27=AE38,$AC$23:$AC$27), IF($B$31:$B$35=AE38,$E$31:$E$35),IF($F$31:$F$35=AE38,$I$31:$I$35),IF($J$31:$J$35=AE38,$M$31:$M$35),IF($N$31:$N$35=AE38,$Q$31:$Q$35),IF($R$31:$R$35=AE38,$U$31:$U$35),IF($V$31:$V$35=AE38,$Y$31:$Y$35),IF($Z$31:$Z$35=AE38,$AC$31:$AC$35), IF($B$39:$B$43=AE38,$E$39:$E$43),IF($F$39:$F$43=AE38,$I$39:$I$43),IF($J$39:$J$43=AE38,$M$39:$M$43),IF($N$39:$N$43=AE38,$Q$39:$Q$43),IF($R$39:$R$43=AE38,$U$39:$U$43),IF($V$39:$V$43=AE38,$Y$39:$Y$43),IF($Z$39:$Z$43=AE38,$AC$39:$AC$43), IF($B$47:$B$51=AE38,$E$47:$E$51),IF($F$47:$F$51=AE38,$I$47:$I$51),IF($J$47:$J$51=AE38,$M$47:$M$51),IF($N$47:$N$51=AE38,$Q$47:$Q$51),IF($R$47:$R$51=AE38,$U$47:$U$51),IF($V$47:$V$51=AE38,$Y$47:$Y$51),IF($Z$47:$Z$51=AE38,$AC$47:$AC$51))} -> 0
N39: ` | R39: ` | V39: ` | Z39: ` | AE39: 33 | AG39: Checking to Savings | AH39: {=SUM(IF($B$7:$B$11=AE39,$E$7:$E$11),IF($F$7:$F$11=AE39,$I$7:$I$11),IF($J$7:$J$11=AE39,$M$7:$M$11),IF($N$7:$N$11=AE39,$Q$7:$Q$11),IF($R$7:$R$11=AE39,$U$7:$U$11),IF($V$7:$V$11=AE39,$Y$7:$Y$11),IF($Z$7:$Z$11=AE39,$AC$7:$AC$11), IF($B$15:$B$19=AE39,$E$15:$E$19),IF($F$15:$F$19=AE39,$I$15:$I$19),IF($J$15:$J$19=AE39,$M$15:$M$19),IF($N$15:$N$19=AE39,$Q$15:$Q$19),IF($R$15:$R$19=AE39,$U$15:$U$19),IF($V$15:$V$19=AE39,$Y$15:$Y$19),IF($Z$15:$Z$19=AE39,$AC$15:$AC$19), IF($B$23:$B$27=AE39,$E$23:$E$27),IF($F$23:$F$27=AE39,$I$23:$I$27),IF($J$23:$J$27=AE39,$M$23:$M$27),IF($N$23:$N$27=AE39,$Q$23:$Q$27),IF($R$23:$R$27=AE39,$U$23:$U$27),IF($V$23:$V$27=AE39,$Y$23:$Y$27),IF($Z$23:$Z$27=AE39,$AC$23:$AC$27), IF($B$31:$B$35=AE39,$E$31:$E$35),IF($F$31:$F$35=AE39,$I$31:$I$35),IF($J$31:$J$35=AE39,$M$31:$M$35),IF($N$31:$N$35=AE39,$Q$31:$Q$35),IF($R$31:$R$35=AE39,$U$31:$U$35),IF($V$31:$V$35=AE39,$Y$31:$Y$35),IF($Z$31:$Z$35=AE39,$AC$31:$AC$35), IF($B$39:$B$43=AE39,$E$39:$E$43),IF($F$39:$F$43=AE39,$I$39:$I$43),IF($J$39:$J$43=AE39,$M$39:$M$43),IF($N$39:$N$43=AE39,$Q$39:$Q$43),IF($R$39:$R$43=AE39,$U$39:$U$43),IF($V$39:$V$43=AE39,$Y$39:$Y$43),IF($Z$39:$Z$43=AE39,$AC$39:$AC$43), IF($B$47:$B$51=AE39,$E$47:$E$51),IF($F$47:$F$51=AE39,$I$47:$I$51),IF($J$47:$J$51=AE39,$M$47:$M$51),IF($N$47:$N$51=AE39,$Q$47:$Q$51),IF($R$47:$R$51=AE39,$U$47:$U$51),IF($V$47:$V$51=AE39,$Y$47:$Y$51),IF($Z$47:$Z$51=AE39,$AC$47:$AC$51))} -> 0
AE40: 34 | AG40: Checking to Credit | AH40: {=SUM(IF($B$7:$B$11=AE40,$E$7:$E$11),IF($F$7:$F$11=AE40,$I$7:$I$11),IF($J$7:$J$11=AE40,$M$7:$M$11),IF($N$7:$N$11=AE40,$Q$7:$Q$11),IF($R$7:$R$11=AE40,$U$7:$U$11),IF($V$7:$V$11=AE40,$Y$7:$Y$11),IF($Z$7:$Z$11=AE40,$AC$7:$AC$11), IF($B$15:$B$19=AE40,$E$15:$E$19),IF($F$15:$F$19=AE40,$I$15:$I$19),IF($J$15:$J$19=AE40,$M$15:$M$19),IF($N$15:$N$19=AE40,$Q$15:$Q$19),IF($R$15:$R$19=AE40,$U$15:$U$19),IF($V$15:$V$19=AE40,$Y$15:$Y$19),IF($Z$15:$Z$19=AE40,$AC$15:$AC$19), IF($B$23:$B$27=AE40,$E$23:$E$27),IF($F$23:$F$27=AE40,$I$23:$I$27),IF($J$23:$J$27=AE40,$M$23:$M$27),IF($N$23:$N$27=AE40,$Q$23:$Q$27),IF($R$23:$R$27=AE40,$U$23:$U$27),IF($V$23:$V$27=AE40,$Y$23:$Y$27),IF($Z$23:$Z$27=AE40,$AC$23:$AC$27), IF($B$31:$B$35=AE40,$E$31:$E$35),IF($F$31:$F$35=AE40,$I$31:$I$35),IF($J$31:$J$35=AE40,$M$31:$M$35),IF($N$31:$N$35=AE40,$Q$31:$Q$35),IF($R$31:$R$35=AE40,$U$31:$U$35),IF($V$31:$V$35=AE40,$Y$31:$Y$35),IF($Z$31:$Z$35=AE40,$AC$31:$AC$35), IF($B$39:$B$43=AE40,$E$39:$E$43),IF($F$39:$F$43=AE40,$I$39:$I$43),IF($J$39:$J$43=AE40,$M$39:$M$43),IF($N$39:$N$43=AE40,$Q$39:$Q$43),IF($R$39:$R$43=AE40,$U$39:$U$43),IF($V$39:$V$43=AE40,$Y$39:$Y$43),IF($Z$39:$Z$43=AE40,$AC$39:$AC$43), IF($B$47:$B$51=AE40,$E$47:$E$51),IF($F$47:$F$51=AE40,$I$47:$I$51),IF($J$47:$J$51=AE40,$M$47:$M$51),IF($N$47:$N$51=AE40,$Q$47:$Q$51),IF($R$47:$R$51=AE40,$U$47:$U$51),IF($V$47:$V$51=AE40,$Y$47:$Y$51),IF($Z$47:$Z$51=AE40,$AC$47:$AC$51))} -> 0
B44: =Z36+1 -> 25 | D44: Checking | E44: {=AC36+SUM(IF(C39:C43=1,E39:E43))} -> 0 | F44: =B44+1 -> 26 | H44: Checking | I44: {=E44+SUM(IF(G39:G43=1,I39:I43))} -> 0 | J44: =F44+1 -> 27 | L44: Checking | M44: {=I44+SUM(IF(K39:K43=1,M39:M43))} -> 0 | N44: =J44+1 -> 28 | P44: Checking | Q44: {=M44+SUM(IF(O39:O43=1,Q39:Q43))} -> 0 | R44: =N44+1 -> 29 | T44: Checking | U44: {=Q44+SUM(IF(S39:S43=1,U39:U43))} -> 0 | V44: =R44+1 -> 30 | X44: Checking | Y44: {=U44+SUM(IF(W39:W43=1,Y39:Y43))} -> 0 | Z44: =V44+1 -> 31 | AB44: Checking | AC44: {=Y44+SUM(IF(AA39:AA43=1,AC39:AC43))} -> 0
D45: Savings | E45: {=AC37+SUM(IF(C39:C43=2,E39:E43))-SUM(IF(B39:B43={33},E39:E43))} -> 100 | H45: Savings | I45: {=E45+SUM(IF(G39:G43=2,I39:I43))-SUM(IF(F39:F43={33},I39:I43))} -> 100 | L45: Savings | M45: {=I45+SUM(IF(K39:K43=2,M39:M43))-SUM(IF(J39:J43={33},M39:M43))} -> 100 | P45: Savings | Q45: {=M45+SUM(IF(O39:O43=2,Q39:Q43))-SUM(IF(N39:N43={33},Q39:Q43))} -> 100 | T45: Savings | U45: {=Q45+SUM(IF(S39:S43=2,U39:U43))-SUM(IF(R39:R43={33},U39:U43))} -> 100 | X45: Savings | Y45: {=U45+SUM(IF(W39:W43=2,Y39:Y43))-SUM(IF(V39:V43={33},Y39:Y43))} -> 100 | AB45: Savings | AC45: {=Y45+SUM(IF(AA39:AA43=2,AC39:AC43))-SUM(IF(Z39:Z43={33},AC39:AC43))} -> 100
D46: Credit | E46: {=AC38+SUM(IF(C39:C43=3,E39:E43))-SUM(IF(B39:B43={34},E39:E43))} -> -100 | H46: Credit | I46: {=E46+SUM(IF(G39:G43=3,I39:I43))-SUM(IF(F39:F43={34},I39:I43))} -> -100 | L46: Credit | M46: {=I46+SUM(IF(K39:K43=3,M39:M43))-SUM(IF(J39:J43={34},M39:M43))} -> -100 | P46: Credit | Q46: {=M46+SUM(IF(O39:O43=3,Q39:Q43))-SUM(IF(N39:N43={34},Q39:Q43))} -> -100 | T46: Credit | U46: {=Q46+SUM(IF(S39:S43=3,U39:U43))-SUM(IF(R39:R43={34},U39:U43))} -> -100 | X46: Credit | Y46: {=U46+SUM(IF(W39:W43=3,Y39:Y43))-SUM(IF(V39:V43={34},Y39:Y43))} -> -100 | AB46: Credit | AC46: {=Y46+SUM(IF(AA39:AA43=3,AC39:AC43))-SUM(IF(Z39:Z43={34},AC39:AC43))} -> -100
B52: 1 | D52: Checking | E52: {=AC44+SUM(IF(C47:C51=1,E47:E51))} -> 0 | F52: =B52+1 -> 2 | H52: Checking | I52: {=E52+SUM(IF(G47:G51=1,I47:I51))} -> 0 | J52: =F52+1 -> 3 | L52: Checking | M52: {=I52+SUM(IF(K47:K51=1,M47:M51))} -> 0 | N52: =J52+1 -> 4 | P52: Checking | Q52: {=M52+SUM(IF(O47:O51=1,Q47:Q51))} -> 0 | R52: =N52+1 -> 5 | T52: Checking | U52: {=Q52+SUM(IF(S47:S51=1,U47:U51))} -> 0 | V52: =R52+1 -> 6 | X52: Checking | Y52: {=U52+SUM(IF(W47:W51=1,Y47:Y51))} -> 0 | Z52: =V52+1 -> 7 | AB52: Checking | AC52: {=Y52+SUM(IF(AA47:AA51=1,AC47:AC51))} -> 0
D53: Savings | E53: {=AC45+SUM(IF(C47:C51=2,E47:E51))-SUM(IF(B47:B51={33},E47:E51))} -> 100 | H53: Savings | I53: {=E53+SUM(IF(G47:G51=2,I47:I51))-SUM(IF(F47:F51={33},I47:I51))} -> 100 | L53: Savings | M53: {=I53+SUM(IF(K47:K51=2,M47:M51))-SUM(IF(J47:J51={33},M47:M51))} -> 100 | P53: Savings | Q53: {=M53+SUM(IF(O47:O51=2,Q47:Q51))-SUM(IF(N47:N51={33},Q47:Q51))} -> 100 | T53: Savings | U53: {=Q53+SUM(IF(S47:S51=2,U47:U51))-SUM(IF(R47:R51={33},U47:U51))} -> 100 | X53: Savings | Y53: {=U53+SUM(IF(W47:W51=2,Y47:Y51))-SUM(IF(V47:V51={33},Y47:Y51))} -> 100 | AB53: Savings | AC53: {=Y53+SUM(IF(AA47:AA51=2,AC47:AC51))-SUM(IF(Z47:Z51={33},AC47:AC51))} -> 100
D54: Credit | E54: {=AC46+SUM(IF(C47:C51=3,E47:E51))-SUM(IF(B47:B51={34},E47:E51))} -> -100 | H54: Credit | I54: {=E54+SUM(IF(G47:G51=3,I47:I51))-SUM(IF(F47:F51={34},I47:I51))} -> -100 | L54: Credit | M54: {=I54+SUM(IF(K47:K51=3,M47:M51))-SUM(IF(J47:J51={34},M47:M51))} -> -100 | P54: Credit | Q54: {=M54+SUM(IF(O47:O51=3,Q47:Q51))-SUM(IF(N47:N51={34},Q47:Q51))} -> -100 | T54: Credit | U54: {=Q54+SUM(IF(S47:S51=3,U47:U51))-SUM(IF(R47:R51={34},U47:U51))} -> -100 | X54: Credit | Y54: {=U54+SUM(IF(W47:W51=3,Y47:Y51))-SUM(IF(V47:V51={34},Y47:Y51))} -> -100 | AB54: Credit | AC54: {=Y54+SUM(IF(AA47:AA51=3,AC47:AC51))-SUM(IF(Z47:Z51={34},AC47:AC51))} -> -100
D55: Checking Balance: | E55: =M52 -> 0 | H55: =E55-E2 -> 0
D56: Savings Balance: | E56: =M53 -> 100 | H56: =E56-E3 -> 0
D57: Credit Balance: | E57: =M54 -> -100 | H57: =E57-E4 -> 0

Sheet February
AE1: Account Code
D2: Checking Balance: | E2: =January!E55 -> 0 | F2: =REPLACE(CELL("filename",A1),1,FIND("]",CELL("filename",A1)),"") & " " &Year -> February 2026 | AE2: 1 | AG2: Checking
D3: Savings Balance: | E3: =January!E56 -> 100 | AE3: 2 | AG3: Savings
D4: Credit Balance: | E4: =January!E57 -> -100 | AE4: 3 | AG4: Credit
B5: Sunday | F5: Monday | J5: Tuesday | N5: Wednesday | R5: Thursday | V5: Friday | Z5: Saturday | AE5: Charge Codes | AH5: Summary
B6: B | C6: A | D6: Desc. | E6: Amt. | F6: B | G6: A | H6: Desc. | I6: Amt. | J6: B | K6: A | L6: Desc. | M6: Amt. | N6: B | O6: A | P6: Desc. | Q6: Amt. | R6: B | S6: A | T6: Desc. | U6: Amt. | V6: B | W6: A | X6: Desc. | Y6: Amt. | Z6: B | AA6: A | AB6: Desc. | AC6: Amt. | AE6: 0 | AG6: Income/Reimbursements | AH6: {=SUM(IF($B$7:$B$11=AE6,$E$7:$E$11),IF($F$7:$F$11=AE6,$I$7:$I$11),IF($J$7:$J$11=AE6,$M$7:$M$11),IF($N$7:$N$11=AE6,$Q$7:$Q$11),IF($R$7:$R$11=AE6,$U$7:$U$11),IF($V$7:$V$11=AE6,$Y$7:$Y$11),IF($Z$7:$Z$11=AE6,$AC$7:$AC$11), IF($B$15:$B$19=AE6,$E$15:$E$19),IF($F$15:$F$19=AE6,$I$15:$I$19),IF($J$15:$J$19=AE6,$M$15:$M$19),IF($N$15:$N$19=AE6,$Q$15:$Q$19),IF($R$15:$R$19=AE6,$U$15:$U$19),IF($V$15:$V$19=AE6,$Y$15:$Y$19),IF($Z$15:$Z$19=AE6,$AC$15:$AC$19), IF($B$23:$B$27=AE6,$E$23:$E$27),IF($F$23:$F$27=AE6,$I$23:$I$27),IF($J$23:$J$27=AE6,$M$23:$M$27),IF($N$23:$N$27=AE6,$Q$23:$Q$27),IF($R$23:$R$27=AE6,$U$23:$U$27),IF($V$23:$V$27=AE6,$Y$23:$Y$27),IF($Z$23:$Z$27=AE6,$AC$23:$AC$27), IF($B$31:$B$35=AE6,$E$31:$E$35),IF($F$31:$F$35=AE6,$I$31:$I$35),IF($J$31:$J$35=AE6,$M$31:$M$35),IF($N$31:$N$35=AE6,$Q$31:$Q$35),IF($R$31:$R$35=AE6,$U$31:$U$35),IF($V$31:$V$35=AE6,$Y$31:$Y$35),IF($Z$31:$Z$35=AE6,$AC$31:$AC$35), IF($B$39:$B$43=AE6,$E$39:$E$43),IF($F$39:$F$43=AE6,$I$39:$I$43),IF($J$39:$J$43=AE6,$M$39:$M$43),IF($N$39:$N$43=AE6,$Q$39:$Q$43),IF($R$39:$R$43=AE6,$U$39:$U$43),IF($V$39:$V$43=AE6,$Y$39:$Y$43),IF($Z$39:$Z$43=AE6,$AC$39:$AC$43), IF($B$47:$B$51=AE6,$E$47:$E$51),IF($F$47:$F$51=AE6,$I$47:$I$51),IF($J$47:$J$51=AE6,$M$47:$M$51),IF($N$47:$N$51=AE6,$Q$47:$Q$51),IF($R$47:$R$51=AE6,$U$47:$U$51),IF($V$47:$V$51=AE6,$Y$47:$Y$51),IF($Z$47:$Z$51=AE6,$AC$47:$AC$51))} -> 0
AE7: 1 | AG7: =January!AG7 -> Groceries | AH7: {=SUM(IF($B$7:$B$11=AE7,$E$7:$E$11),IF($F$7:$F$11=AE7,$I$7:$I$11),IF($J$7:$J$11=AE7,$M$7:$M$11),IF($N$7:$N$11=AE7,$Q$7:$Q$11),IF($R$7:$R$11=AE7,$U$7:$U$11),IF($V$7:$V$11=AE7,$Y$7:$Y$11),IF($Z$7:$Z$11=AE7,$AC$7:$AC$11), IF($B$15:$B$19=AE7,$E$15:$E$19),IF($F$15:$F$19=AE7,$I$15:$I$19),IF($J$15:$J$19=AE7,$M$15:$M$19),IF($N$15:$N$19=AE7,$Q$15:$Q$19),IF($R$15:$R$19=AE7,$U$15:$U$19),IF($V$15:$V$19=AE7,$Y$15:$Y$19),IF($Z$15:$Z$19=AE7,$AC$15:$AC$19), IF($B$23:$B$27=AE7,$E$23:$E$27),IF($F$23:$F$27=AE7,$I$23:$I$27),IF($J$23:$J$27=AE7,$M$23:$M$27),IF($N$23:$N$27=AE7,$Q$23:$Q$27),IF($R$23:$R$27=AE7,$U$23:$U$27),IF($V$23:$V$27=AE7,$Y$23:$Y$27),IF($Z$23:$Z$27=AE7,$AC$23:$AC$27), IF($B$31:$B$35=AE7,$E$31:$E$35),IF($F$31:$F$35=AE7,$I$31:$I$35),IF($J$31:$J$35=AE7,$M$31:$M$35),IF($N$31:$N$35=AE7,$Q$31:$Q$35),IF($R$31:$R$35=AE7,$U$31:$U$35),IF($V$31:$V$35=AE7,$Y$31:$Y$35),IF($Z$31:$Z$35=AE7,$AC$31:$AC$35), IF($B$39:$B$43=AE7,$E$39:$E$43),IF($F$39:$F$43=AE7,$I$39:$I$43),IF($J$39:$J$43=AE7,$M$39:$M$43),IF($N$39:$N$43=AE7,$Q$39:$Q$43),IF($R$39:$R$43=AE7,$U$39:$U$43),IF($V$39:$V$43=AE7,$Y$39:$Y$43),IF($Z$39:$Z$43=AE7,$AC$39:$AC$43), IF($B$47:$B$51=AE7,$E$47:$E$51),IF($F$47:$F$51=AE7,$I$47:$I$51),IF($J$47:$J$51=AE7,$M$47:$M$51),IF($N$47:$N$51=AE7,$Q$47:$Q$51),IF($R$47:$R$51=AE7,$U$47:$U$51),IF($V$47:$V$51=AE7,$Y$47:$Y$51),IF($Z$47:$Z$51=AE7,$AC$47:$AC$51))} -> 0
AE8: 2 | AG8: =January!AG8 -> Gasoline | AH8: {=SUM(IF($B$7:$B$11=AE8,$E$7:$E$11),IF($F$7:$F$11=AE8,$I$7:$I$11),IF($J$7:$J$11=AE8,$M$7:$M$11),IF($N$7:$N$11=AE8,$Q$7:$Q$11),IF($R$7:$R$11=AE8,$U$7:$U$11),IF($V$7:$V$11=AE8,$Y$7:$Y$11),IF($Z$7:$Z$11=AE8,$AC$7:$AC$11), IF($B$15:$B$19=AE8,$E$15:$E$19),IF($F$15:$F$19=AE8,$I$15:$I$19),IF($J$15:$J$19=AE8,$M$15:$M$19),IF($N$15:$N$19=AE8,$Q$15:$Q$19),IF($R$15:$R$19=AE8,$U$15:$U$19),IF($V$15:$V$19=AE8,$Y$15:$Y$19),IF($Z$15:$Z$19=AE8,$AC$15:$AC$19), IF($B$23:$B$27=AE8,$E$23:$E$27),IF($F$23:$F$27=AE8,$I$23:$I$27),IF($J$23:$J$27=AE8,$M$23:$M$27),IF($N$23:$N$27=AE8,$Q$23:$Q$27),IF($R$23:$R$27=AE8,$U$23:$U$27),IF($V$23:$V$27=AE8,$Y$23:$Y$27),IF($Z$23:$Z$27=AE8,$AC$23:$AC$27), IF($B$31:$B$35=AE8,$E$31:$E$35),IF($F$31:$F$35=AE8,$I$31:$I$35),IF($J$31:$J$35=AE8,$M$31:$M$35),IF($N$31:$N$35=AE8,$Q$31:$Q$35),IF($R$31:$R$35=AE8,$U$31:$U$35),IF($V$31:$V$35=AE8,$Y$31:$Y$35),IF($Z$31:$Z$35=AE8,$AC$31:$AC$35), IF($B$39:$B$43=AE8,$E$39:$E$43),IF($F$39:$F$43=AE8,$I$39:$I$43),IF($J$39:$J$43=AE8,$M$39:$M$43),IF($N$39:$N$43=AE8,$Q$39:$Q$43),IF($R$39:$R$43=AE8,$U$39:$U$43),IF($V$39:$V$43=AE8,$Y$39:$Y$43),IF($Z$39:$Z$43=AE8,$AC$39:$AC$43), IF($B$47:$B$51=AE8,$E$47:$E$51),IF($F$47:$F$51=AE8,$I$47:$I$51),IF($J$47:$J$51=AE8,$M$47:$M$51),IF($N$47:$N$51=AE8,$Q$47:$Q$51),IF($R$47:$R$51=AE8,$U$47:$U$51),IF($V$47:$V$51=AE8,$Y$47:$Y$51),IF($Z$47:$Z$51=AE8,$AC$47:$AC$51))} -> 0
AE9: 3 | AG9: =January!AG9 -> User 1 CASH | AH9: {=SUM(IF($B$7:$B$11=AE9,$E$7:$E$11),IF($F$7:$F$11=AE9,$I$7:$I$11),IF($J$7:$J$11=AE9,$M$7:$M$11),IF($N$7:$N$11=AE9,$Q$7:$Q$11),IF($R$7:$R$11=AE9,$U$7:$U$11),IF($V$7:$V$11=AE9,$Y$7:$Y$11),IF($Z$7:$Z$11=AE9,$AC$7:$AC$11), IF($B$15:$B$19=AE9,$E$15:$E$19),IF($F$15:$F$19=AE9,$I$15:$I$19),IF($J$15:$J$19=AE9,$M$15:$M$19),IF($N$15:$N$19=AE9,$Q$15:$Q$19),IF($R$15:$R$19=AE9,$U$15:$U$19),IF($V$15:$V$19=AE9,$Y$15:$Y$19),IF($Z$15:$Z$19=AE9,$AC$15:$AC$19), IF($B$23:$B$27=AE9,$E$23:$E$27),IF($F$23:$F$27=AE9,$I$23:$I$27),IF($J$23:$J$27=AE9,$M$23:$M$27),IF($N$23:$N$27=AE9,$Q$23:$Q$27),IF($R$23:$R$27=AE9,$U$23:$U$27),IF($V$23:$V$27=AE9,$Y$23:$Y$27),IF($Z$23:$Z$27=AE9,$AC$23:$AC$27), IF($B$31:$B$35=AE9,$E$31:$E$35),IF($F$31:$F$35=AE9,$I$31:$I$35),IF($J$31:$J$35=AE9,$M$31:$M$35),IF($N$31:$N$35=AE9,$Q$31:$Q$35),IF($R$31:$R$35=AE9,$U$31:$U$35),IF($V$31:$V$35=AE9,$Y$31:$Y$35),IF($Z$31:$Z$35=AE9,$AC$31:$AC$35), IF($B$39:$B$43=AE9,$E$39:$E$43),IF($F$39:$F$43=AE9,$I$39:$I$43),IF($J$39:$J$43=AE9,$M$39:$M$43),IF($N$39:$N$43=AE9,$Q$39:$Q$43),IF($R$39:$R$43=AE9,$U$39:$U$43),IF($V$39:$V$43=AE9,$Y$39:$Y$43),IF($Z$39:$Z$43=AE9,$AC$39:$AC$43), IF($B$47:$B$51=AE9,$E$47:$E$51),IF($F$47:$F$51=AE9,$I$47:$I$51),IF($J$47:$J$51=AE9,$M$47:$M$51),IF($N$47:$N$51=AE9,$Q$47:$Q$51),IF($R$47:$R$51=AE9,$U$47:$U$51),IF($V$47:$V$51=AE9,$Y$47:$Y$51),IF($Z$47:$Z$51=AE9,$AC$47:$AC$51))} -> 0
AE10: 4 | AG10: =January!AG10 -> User 2 CASH | AH10: {=SUM(IF($B$7:$B$11=AE10,$E$7:$E$11),IF($F$7:$F$11=AE10,$I$7:$I$11),IF($J$7:$J$11=AE10,$M$7:$M$11),IF($N$7:$N$11=AE10,$Q$7:$Q$11),IF($R$7:$R$11=AE10,$U$7:$U$11),IF($V$7:$V$11=AE10,$Y$7:$Y$11),IF($Z$7:$Z$11=AE10,$AC$7:$AC$11), IF($B$15:$B$19=AE10,$E$15:$E$19),IF($F$15:$F$19=AE10,$I$15:$I$19),IF($J$15:$J$19=AE10,$M$15:$M$19),IF($N$15:$N$19=AE10,$Q$15:$Q$19),IF($R$15:$R$19=AE10,$U$15:$U$19),IF($V$15:$V$19=AE10,$Y$15:$Y$19),IF($Z$15:$Z$19=AE10,$AC$15:$AC$19), IF($B$23:$B$27=AE10,$E$23:$E$27),IF($F$23:$F$27=AE10,$I$23:$I$27),IF($J$23:$J$27=AE10,$M$23:$M$27),IF($N$23:$N$27=AE10,$Q$23:$Q$27),IF($R$23:$R$27=AE10,$U$23:$U$27),IF($V$23:$V$27=AE10,$Y$23:$Y$27),IF($Z$23:$Z$27=AE10,$AC$23:$AC$27), IF($B$31:$B$35=AE10,$E$31:$E$35),IF($F$31:$F$35=AE10,$I$31:$I$35),IF($J$31:$J$35=AE10,$M$31:$M$35),IF($N$31:$N$35=AE10,$Q$31:$Q$35),IF($R$31:$R$35=AE10,$U$31:$U$35),IF($V$31:$V$35=AE10,$Y$31:$Y$35),IF($Z$31:$Z$35=AE10,$AC$31:$AC$35), IF($B$39:$B$43=AE10,$E$39:$E$43),IF($F$39:$F$43=AE10,$I$39:$I$43),IF($J$39:$J$43=AE10,$M$39:$M$43),IF($N$39:$N$43=AE10,$Q$39:$Q$43),IF($R$39:$R$43=AE10,$U$39:$U$43),IF($V$39:$V$43=AE10,$Y$39:$Y$43),IF($Z$39:$Z$43=AE10,$AC$39:$AC$43), IF($B$47:$B$51=AE10,$E$47:$E$51),IF($F$47:$F$51=AE10,$I$47:$I$51),IF($J$47:$J$51=AE10,$M$47:$M$51),IF($N$47:$N$51=AE10,$Q$47:$Q$51),IF($R$47:$R$51=AE10,$U$47:$U$51),IF($V$47:$V$51=AE10,$Y$47:$Y$51),IF($Z$47:$Z$51=AE10,$AC$47:$AC$51))} -> 0
AE11: 5 | AG11: =January!AG11 -> Recreation | AH11: {=SUM(IF($B$7:$B$11=AE11,$E$7:$E$11),IF($F$7:$F$11=AE11,$I$7:$I$11),IF($J$7:$J$11=AE11,$M$7:$M$11),IF($N$7:$N$11=AE11,$Q$7:$Q$11),IF($R$7:$R$11=AE11,$U$7:$U$11),IF($V$7:$V$11=AE11,$Y$7:$Y$11),IF($Z$7:$Z$11=AE11,$AC$7:$AC$11), IF($B$15:$B$19=AE11,$E$15:$E$19),IF($F$15:$F$19=AE11,$I$15:$I$19),IF($J$15:$J$19=AE11,$M$15:$M$19),IF($N$15:$N$19=AE11,$Q$15:$Q$19),IF($R$15:$R$19=AE11,$U$15:$U$19),IF($V$15:$V$19=AE11,$Y$15:$Y$19),IF($Z$15:$Z$19=AE11,$AC$15:$AC$19), IF($B$23:$B$27=AE11,$E$23:$E$27),IF($F$23:$F$27=AE11,$I$23:$I$27),IF($J$23:$J$27=AE11,$M$23:$M$27),IF($N$23:$N$27=AE11,$Q$23:$Q$27),IF($R$23:$R$27=AE11,$U$23:$U$27),IF($V$23:$V$27=AE11,$Y$23:$Y$27),IF($Z$23:$Z$27=AE11,$AC$23:$AC$27), IF($B$31:$B$35=AE11,$E$31:$E$35),IF($F$31:$F$35=AE11,$I$31:$I$35),IF($J$31:$J$35=AE11,$M$31:$M$35),IF($N$31:$N$35=AE11,$Q$31:$Q$35),IF($R$31:$R$35=AE11,$U$31:$U$35),IF($V$31:$V$35=AE11,$Y$31:$Y$35),IF($Z$31:$Z$35=AE11,$AC$31:$AC$35), IF($B$39:$B$43=AE11,$E$39:$E$43),IF($F$39:$F$43=AE11,$I$39:$I$43),IF($J$39:$J$43=AE11,$M$39:$M$43),IF($N$39:$N$43=AE11,$Q$39:$Q$43),IF($R$39:$R$43=AE11,$U$39:$U$43),IF($V$39:$V$43=AE11,$Y$39:$Y$43),IF($Z$39:$Z$43=AE11,$AC$39:$AC$43), IF($B$47:$B$51=AE11,$E$47:$E$51),IF($F$47:$F$51=AE11,$I$47:$I$51),IF($J$47:$J$51=AE11,$M$47:$M$51),IF($N$47:$N$51=AE11,$Q$47:$Q$51),IF($R$47:$R$51=AE11,$U$47:$U$51),IF($V$47:$V$51=AE11,$Y$47:$Y$51),IF($Z$47:$Z$51=AE11,$AC$47:$AC$51))} -> 0
B12: 25 | D12: Checking | E12: {=E2+SUM(IF(C7:C11=1,E7:E11))} -> 0 | F12: =B12+1 -> 26 | H12: Checking | I12: {=E12+SUM(IF(G7:G11=1,I7:I11))} -> 0 | J12: =F12+1 -> 27 | L12: Checking | M12: {=I12+SUM(IF(K7:K11=1,M7:M11))} -> 0 | N12: =J12+1 -> 28 | P12: Checking | Q12: {=M12+SUM(IF(O7:O11=1,Q7:Q11))} -> 0 | R12: =N12+1 -> 29 | T12: Checking | U12: {=Q12+SUM(IF(S7:S11=1,U7:U11))} -> 0 | V12: =R12+1 -> 30 | X12: Checking | Y12: {=U12+SUM(IF(W7:W11=1,Y7:Y11))} -> 0 | Z12: =V12+1 -> 31 | AB12: Checking | AC12: {=Y12+SUM(IF(AA7:AA11=1,AC7:AC11))} -> 0 | AE12: 6 | AG12: =January!AG12 -> Work Exp | AH12: {=SUM(IF($B$7:$B$11=AE12,$E$7:$E$11),IF($F$7:$F$11=AE12,$I$7:$I$11),IF($J$7:$J$11=AE12,$M$7:$M$11),IF($N$7:$N$11=AE12,$Q$7:$Q$11),IF($R$7:$R$11=AE12,$U$7:$U$11),IF($V$7:$V$11=AE12,$Y$7:$Y$11),IF($Z$7:$Z$11=AE12,$AC$7:$AC$11), IF($B$15:$B$19=AE12,$E$15:$E$19),IF($F$15:$F$19=AE12,$I$15:$I$19),IF($J$15:$J$19=AE12,$M$15:$M$19),IF($N$15:$N$19=AE12,$Q$15:$Q$19),IF($R$15:$R$19=AE12,$U$15:$U$19),IF($V$15:$V$19=AE12,$Y$15:$Y$19),IF($Z$15:$Z$19=AE12,$AC$15:$AC$19), IF($B$23:$B$27=AE12,$E$23:$E$27),IF($F$23:$F$27=AE12,$I$23:$I$27),IF($J$23:$J$27=AE12,$M$23:$M$27),IF($N$23:$N$27=AE12,$Q$23:$Q$27),IF($R$23:$R$27=AE12,$U$23:$U$27),IF($V$23:$V$27=AE12,$Y$23:$Y$27),IF($Z$23:$Z$27=AE12,$AC$23:$AC$27), IF($B$31:$B$35=AE12,$E$31:$E$35),IF($F$31:$F$35=AE12,$I$31:$I$35),IF($J$31:$J$35=AE12,$M$31:$M$35),IF($N$31:$N$35=AE12,$Q$31:$Q$35),IF($R$31:$R$35=AE12,$U$31:$U$35),IF($V$31:$V$35=AE12,$Y$31:$Y$35),IF($Z$31:$Z$35=AE12,$AC$31:$AC$35), IF($B$39:$B$43=AE12,$E$39:$E$43),IF($F$39:$F$43=AE12,$I$39:$I$43),IF($J$39:$J$43=AE12,$M$39:$M$43),IF($N$39:$N$43=AE12,$Q$39:$Q$43),IF($R$39:$R$43=AE12,$U$39:$U$43),IF($V$39:$V$43=AE12,$Y$39:$Y$43),IF($Z$39:$Z$43=AE12,$AC$39:$AC$43), IF($B$47:$B$51=AE12,$E$47:$E$51),IF($F$47:$F$51=AE12,$I$47:$I$51),IF($J$47:$J$51=AE12,$M$47:$M$51),IF($N$47:$N$51=AE12,$Q$47:$Q$51),IF($R$47:$R$51=AE12,$U$47:$U$51),IF($V$47:$V$51=AE12,$Y$47:$Y$51),IF($Z$47:$Z$51=AE12,$AC$47:$AC$51))} -> 0
D13: Savings | E13: {=E3+SUM(IF(C7:C11=2,E7:E11))-SUM(IF(B7:B11={33},E7:E11))} -> 100 | H13: Savings | I13: {=E13+SUM(IF(G7:G11=2,I7:I11))-SUM(IF(F7:F11={33},I7:I11))} -> 100 | L13: Savings | M13: {=I13+SUM(IF(K7:K11=2,M7:M11))-SUM(IF(J7:J11={33},M7:M11))} -> 100 | P13: Savings | Q13: {=M13+SUM(IF(O7:O11=2,Q7:Q11))-SUM(IF(N7:N11={33},Q7:Q11))} -> 100 | T13: Savings | U13: {=Q13+SUM(IF(S7:S11=2,U7:U11))-SUM(IF(R7:R11={33},U7:U11))} -> 100 | X13: Savings | Y13: {=U13+SUM(IF(W7:W11=2,Y7:Y11))-SUM(IF(V7:V11={33},Y7:Y11))} -> 100 | AB13: Savings | AC13: {=Y13+SUM(IF(AA7:AA11=2,AC7:AC11))-SUM(IF(Z7:Z11={33},AC7:AC11))} -> 100 | AE13: 7 | AG13: =January!AG13 -> Rent / 1st Mortgage | AH13: {=SUM(IF($B$7:$B$11=AE13,$E$7:$E$11),IF($F$7:$F$11=AE13,$I$7:$I$11),IF($J$7:$J$11=AE13,$M$7:$M$11),IF($N$7:$N$11=AE13,$Q$7:$Q$11),IF($R$7:$R$11=AE13,$U$7:$U$11),IF($V$7:$V$11=AE13,$Y$7:$Y$11),IF($Z$7:$Z$11=AE13,$AC$7:$AC$11), IF($B$15:$B$19=AE13,$E$15:$E$19),IF($F$15:$F$19=AE13,$I$15:$I$19),IF($J$15:$J$19=AE13,$M$15:$M$19),IF($N$15:$N$19=AE13,$Q$15:$Q$19),IF($R$15:$R$19=AE13,$U$15:$U$19),IF($V$15:$V$19=AE13,$Y$15:$Y$19),IF($Z$15:$Z$19=AE13,$AC$15:$AC$19), IF($B$23:$B$27=AE13,$E$23:$E$27),IF($F$23:$F$27=AE13,$I$23:$I$27),IF($J$23:$J$27=AE13,$M$23:$M$27),IF($N$23:$N$27=AE13,$Q$23:$Q$27),IF($R$23:$R$27=AE13,$U$23:$U$27),IF($V$23:$V$27=AE13,$Y$23:$Y$27),IF($Z$23:$Z$27=AE13,$AC$23:$AC$27), IF($B$31:$B$35=AE13,$E$31:$E$35),IF($F$31:$F$35=AE13,$I$31:$I$35),IF($J$31:$J$35=AE13,$M$31:$M$35),IF($N$31:$N$35=AE13,$Q$31:$Q$35),IF($R$31:$R$35=AE13,$U$31:$U$35),IF($V$31:$V$35=AE13,$Y$31:$Y$35),IF($Z$31:$Z$35=AE13,$AC$31:$AC$35), IF($B$39:$B$43=AE13,$E$39:$E$43),IF($F$39:$F$43=AE13,$I$39:$I$43),IF($J$39:$J$43=AE13,$M$39:$M$43),IF($N$39:$N$43=AE13,$Q$39:$Q$43),IF($R$39:$R$43=AE13,$U$39:$U$43),IF($V$39:$V$43=AE13,$Y$39:$Y$43),IF($Z$39:$Z$43=AE13,$AC$39:$AC$43), IF($B$47:$B$51=AE13,$E$47:$E$51),IF($F$47:$F$51=AE13,$I$47:$I$51),IF($J$47:$J$51=AE13,$M$47:$M$51),IF($N$47:$N$51=AE13,$Q$47:$Q$51),IF($R$47:$R$51=AE13,$U$47:$U$51),IF($V$47:$V$51=AE13,$Y$47:$Y$51),IF($Z$47:$Z$51=AE13,$AC$47:$AC$51))} -> 0
D14: Credit | E14: {=E4+SUM(IF(C7:C11=3,E7:E11))-SUM(IF(B7:B11={34},E7:E11))} -> -100 | H14: Credit | I14: {=E14+SUM(IF(G7:G11=3,I7:I11))-SUM(IF(F7:F11={34},I7:I11))} -> -100 | L14: Credit | M14: {=I14+SUM(IF(K7:K11=3,M7:M11))-SUM(IF(J7:J11={34},M7:M11))} -> -100 | P14: Credit | Q14: {=M14+SUM(IF(O7:O11=3,Q7:Q11))-SUM(IF(N7:N11={34},Q7:Q11))} -> -100 | T14: Credit | U14: {=Q14+SUM(IF(S7:S11=3,U7:U11))-SUM(IF(R7:R11={34},U7:U11))} -> -100 | X14: Credit | Y14: {=U14+SUM(IF(W7:W11=3,Y7:Y11))-SUM(IF(V7:V11={34},Y7:Y11))} -> -100 | AB14: Credit | AC14: {=Y14+SUM(IF(AA7:AA11=3,AC7:AC11))-SUM(IF(Z7:Z11={34},AC7:AC11))} -> -100 | AE14: 8 | AG14: =January!AG14 -> 2nd Mortgage | AH14: {=SUM(IF($B$7:$B$11=AE14,$E$7:$E$11),IF($F$7:$F$11=AE14,$I$7:$I$11),IF($J$7:$J$11=AE14,$M$7:$M$11),IF($N$7:$N$11=AE14,$Q$7:$Q$11),IF($R$7:$R$11=AE14,$U$7:$U$11),IF($V$7:$V$11=AE14,$Y$7:$Y$11),IF($Z$7:$Z$11=AE14,$AC$7:$AC$11), IF($B$15:$B$19=AE14,$E$15:$E$19),IF($F$15:$F$19=AE14,$I$15:$I$19),IF($J$15:$J$19=AE14,$M$15:$M$19),IF($N$15:$N$19=AE14,$Q$15:$Q$19),IF($R$15:$R$19=AE14,$U$15:$U$19),IF($V$15:$V$19=AE14,$Y$15:$Y$19),IF($Z$15:$Z$19=AE14,$AC$15:$AC$19), IF($B$23:$B$27=AE14,$E$23:$E$27),IF($F$23:$F$27=AE14,$I$23:$I$27),IF($J$23:$J$27=AE14,$M$23:$M$27),IF($N$23:$N$27=AE14,$Q$23:$Q$27),IF($R$23:$R$27=AE14,$U$23:$U$27),IF($V$23:$V$27=AE14,$Y$23:$Y$27),IF($Z$23:$Z$27=AE14,$AC$23:$AC$27), IF($B$31:$B$35=AE14,$E$31:$E$35),IF($F$31:$F$35=AE14,$I$31:$I$35),IF($J$31:$J$35=AE14,$M$31:$M$35),IF($N$31:$N$35=AE14,$Q$31:$Q$35),IF($R$31:$R$35=AE14,$U$31:$U$35),IF($V$31:$V$35=AE14,$Y$31:$Y$35),IF($Z$31:$Z$35=AE14,$AC$31:$AC$35), IF($B$39:$B$43=AE14,$E$39:$E$43),IF($F$39:$F$43=AE14,$I$39:$I$43),IF($J$39:$J$43=AE14,$M$39:$M$43),IF($N$39:$N$43=AE14,$Q$39:$Q$43),IF($R$39:$R$43=AE14,$U$39:$U$43),IF($V$39:$V$43=AE14,$Y$39:$Y$43),IF($Z$39:$Z$43=AE14,$AC$39:$AC$43), IF($B$47:$B$51=AE14,$E$47:$E$51),IF($F$47:$F$51=AE14,$I$47:$I$51),IF($J$47:$J$51=AE14,$M$47:$M$51),IF($N$47:$N$51=AE14,$Q$47:$Q$51),IF($R$47:$R$51=AE14,$U$47:$U$51),IF($V$47:$V$51=AE14,$Y$47:$Y$51),IF($Z$47:$Z$51=AE14,$AC$47:$AC$51))} -> 0
AE15: 9 | AG15: =January!AG15 -> HOA Assesments | AH15: {=SUM(IF($B$7:$B$11=AE15,$E$7:$E$11),IF($F$7:$F$11=AE15,$I$7:$I$11),IF($J$7:$J$11=AE15,$M$7:$M$11),IF($N$7:$N$11=AE15,$Q$7:$Q$11),IF($R$7:$R$11=AE15,$U$7:$U$11),IF($V$7:$V$11=AE15,$Y$7:$Y$11),IF($Z$7:$Z$11=AE15,$AC$7:$AC$11), IF($B$15:$B$19=AE15,$E$15:$E$19),IF($F$15:$F$19=AE15,$I$15:$I$19),IF($J$15:$J$19=AE15,$M$15:$M$19),IF($N$15:$N$19=AE15,$Q$15:$Q$19),IF($R$15:$R$19=AE15,$U$15:$U$19),IF($V$15:$V$19=AE15,$Y$15:$Y$19),IF($Z$15:$Z$19=AE15,$AC$15:$AC$19), IF($B$23:$B$27=AE15,$E$23:$E$27),IF($F$23:$F$27=AE15,$I$23:$I$27),IF($J$23:$J$27=AE15,$M$23:$M$27),IF($N$23:$N$27=AE15,$Q$23:$Q$27),IF($R$23:$R$27=AE15,$U$23:$U$27),IF($V$23:$V$27=AE15,$Y$23:$Y$27),IF($Z$23:$Z$27=AE15,$AC$23:$AC$27), IF($B$31:$B$35=AE15,$E$31:$E$35),IF($F$31:$F$35=AE15,$I$31:$I$35),IF($J$31:$J$35=AE15,$M$31:$M$35),IF($N$31:$N$35=AE15,$Q$31:$Q$35),IF($R$31:$R$35=AE15,$U$31:$U$35),IF($V$31:$V$35=AE15,$Y$31:$Y$35),IF($Z$31:$Z$35=AE15,$AC$31:$AC$35), IF($B$39:$B$43=AE15,$E$39:$E$43),IF($F$39:$F$43=AE15,$I$39:$I$43),IF($J$39:$J$43=AE15,$M$39:$M$43),IF($N$39:$N$43=AE15,$Q$39:$Q$43),IF($R$39:$R$43=AE15,$U$39:$U$43),IF($V$39:$V$43=AE15,$Y$39:$Y$43),IF($Z$39:$Z$43=AE15,$AC$39:$AC$43), IF($B$47:$B$51=AE15,$E$47:$E$51),IF($F$47:$F$51=AE15,$I$47:$I$51),IF($J$47:$J$51=AE15,$M$47:$M$51),IF($N$47:$N$51=AE15,$Q$47:$Q$51),IF($R$47:$R$51=AE15,$U$47:$U$51),IF($V$47:$V$51=AE15,$Y$47:$Y$51),IF($Z$47:$Z$51=AE15,$AC$47:$AC$51))} -> 0
AE16: 10 | AG16: =January!AG16 -> DayCare/School | AH16: {=SUM(IF($B$7:$B$11=AE16,$E$7:$E$11),IF($F$7:$F$11=AE16,$I$7:$I$11),IF($J$7:$J$11=AE16,$M$7:$M$11),IF($N$7:$N$11=AE16,$Q$7:$Q$11),IF($R$7:$R$11=AE16,$U$7:$U$11),IF($V$7:$V$11=AE16,$Y$7:$Y$11),IF($Z$7:$Z$11=AE16,$AC$7:$AC$11), IF($B$15:$B$19=AE16,$E$15:$E$19),IF($F$15:$F$19=AE16,$I$15:$I$19),IF($J$15:$J$19=AE16,$M$15:$M$19),IF($N$15:$N$19=AE16,$Q$15:$Q$19),IF($R$15:$R$19=AE16,$U$15:$U$19),IF($V$15:$V$19=AE16,$Y$15:$Y$19),IF($Z$15:$Z$19=AE16,$AC$15:$AC$19), IF($B$23:$B$27=AE16,$E$23:$E$27),IF($F$23:$F$27=AE16,$I$23:$I$27),IF($J$23:$J$27=AE16,$M$23:$M$27),IF($N$23:$N$27=AE16,$Q$23:$Q$27),IF($R$23:$R$27=AE16,$U$23:$U$27),IF($V$23:$V$27=AE16,$Y$23:$Y$27),IF($Z$23:$Z$27=AE16,$AC$23:$AC$27), IF($B$31:$B$35=AE16,$E$31:$E$35),IF($F$31:$F$35=AE16,$I$31:$I$35),IF($J$31:$J$35=AE16,$M$31:$M$35),IF($N$31:$N$35=AE16,$Q$31:$Q$35),IF($R$31:$R$35=AE16,$U$31:$U$35),IF($V$31:$V$35=AE16,$Y$31:$Y$35),IF($Z$31:$Z$35=AE16,$AC$31:$AC$35), IF($B$39:$B$43=AE16,$E$39:$E$43),IF($F$39:$F$43=AE16,$I$39:$I$43),IF($J$39:$J$43=AE16,$M$39:$M$43),IF($N$39:$N$43=AE16,$Q$39:$Q$43),IF($R$39:$R$43=AE16,$U$39:$U$43),IF($V$39:$V$43=AE16,$Y$39:$Y$43),IF($Z$39:$Z$43=AE16,$AC$39:$AC$43), IF($B$47:$B$51=AE16,$E$47:$E$51),IF($F$47:$F$51=AE16,$I$47:$I$51),IF($J$47:$J$51=AE16,$M$47:$M$51),IF($N$47:$N$51=AE16,$Q$47:$Q$51),IF($R$47:$R$51=AE16,$U$47:$U$51),IF($V$47:$V$51=AE16,$Y$47:$Y$51),IF($Z$47:$Z$51=AE16,$AC$47:$AC$51))} -> 0
AE17: 11 | AG17: =January!AG17 -> Student Loans | AH17: {=SUM(IF($B$7:$B$11=AE17,$E$7:$E$11),IF($F$7:$F$11=AE17,$I$7:$I$11),IF($J$7:$J$11=AE17,$M$7:$M$11),IF($N$7:$N$11=AE17,$Q$7:$Q$11),IF($R$7:$R$11=AE17,$U$7:$U$11),IF($V$7:$V$11=AE17,$Y$7:$Y$11),IF($Z$7:$Z$11=AE17,$AC$7:$AC$11), IF($B$15:$B$19=AE17,$E$15:$E$19),IF($F$15:$F$19=AE17,$I$15:$I$19),IF($J$15:$J$19=AE17,$M$15:$M$19),IF($N$15:$N$19=AE17,$Q$15:$Q$19),IF($R$15:$R$19=AE17,$U$15:$U$19),IF($V$15:$V$19=AE17,$Y$15:$Y$19),IF($Z$15:$Z$19=AE17,$AC$15:$AC$19), IF($B$23:$B$27=AE17,$E$23:$E$27),IF($F$23:$F$27=AE17,$I$23:$I$27),IF($J$23:$J$27=AE17,$M$23:$M$27),IF($N$23:$N$27=AE17,$Q$23:$Q$27),IF($R$23:$R$27=AE17,$U$23:$U$27),IF($V$23:$V$27=AE17,$Y$23:$Y$27),IF($Z$23:$Z$27=AE17,$AC$23:$AC$27), IF($B$31:$B$35=AE17,$E$31:$E$35),IF($F$31:$F$35=AE17,$I$31:$I$35),IF($J$31:$J$35=AE17,$M$31:$M$35),IF($N$31:$N$35=AE17,$Q$31:$Q$35),IF($R$31:$R$35=AE17,$U$31:$U$35),IF($V$31:$V$35=AE17,$Y$31:$Y$35),IF($Z$31:$Z$35=AE17,$AC$31:$AC$35), IF($B$39:$B$43=AE17,$E$39:$E$43),IF($F$39:$F$43=AE17,$I$39:$I$43),IF($J$39:$J$43=AE17,$M$39:$M$43),IF($N$39:$N$43=AE17,$Q$39:$Q$43),IF($R$39:$R$43=AE17,$U$39:$U$43),IF($V$39:$V$43=AE17,$Y$39:$Y$43),IF($Z$39:$Z$43=AE17,$AC$39:$AC$43), IF($B$47:$B$51=AE17,$E$47:$E$51),IF($F$47:$F$51=AE17,$I$47:$I$51),IF($J$47:$J$51=AE17,$M$47:$M$51),IF($N$47:$N$51=AE17,$Q$47:$Q$51),IF($R$47:$R$51=AE17,$U$47:$U$51),IF($V$47:$V$51=AE17,$Y$47:$Y$51),IF($Z$47:$Z$51=AE17,$AC$47:$AC$51))} -> 0
AE18: 12 | AG18: =January!AG18 -> Natural Gas Bill | AH18: {=SUM(IF($B$7:$B$11=AE18,$E$7:$E$11),IF($F$7:$F$11=AE18,$I$7:$I$11),IF($J$7:$J$11=AE18,$M$7:$M$11),IF($N$7:$N$11=AE18,$Q$7:$Q$11),IF($R$7:$R$11=AE18,$U$7:$U$11),IF($V$7:$V$11=AE18,$Y$7:$Y$11),IF($Z$7:$Z$11=AE18,$AC$7:$AC$11), IF($B$15:$B$19=AE18,$E$15:$E$19),IF($F$15:$F$19=AE18,$I$15:$I$19),IF($J$15:$J$19=AE18,$M$15:$M$19),IF($N$15:$N$19=AE18,$Q$15:$Q$19),IF($R$15:$R$19=AE18,$U$15:$U$19),IF($V$15:$V$19=AE18,$Y$15:$Y$19),IF($Z$15:$Z$19=AE18,$AC$15:$AC$19), IF($B$23:$B$27=AE18,$E$23:$E$27),IF($F$23:$F$27=AE18,$I$23:$I$27),IF($J$23:$J$27=AE18,$M$23:$M$27),IF($N$23:$N$27=AE18,$Q$23:$Q$27),IF($R$23:$R$27=AE18,$U$23:$U$27),IF($V$23:$V$27=AE18,$Y$23:$Y$27),IF($Z$23:$Z$27=AE18,$AC$23:$AC$27), IF($B$31:$B$35=AE18,$E$31:$E$35),IF($F$31:$F$35=AE18,$I$31:$I$35),IF($J$31:$J$35=AE18,$M$31:$M$35),IF($N$31:$N$35=AE18,$Q$31:$Q$35),IF($R$31:$R$35=AE18,$U$31:$U$35),IF($V$31:$V$35=AE18,$Y$31:$Y$35),IF($Z$31:$Z$35=AE18,$AC$31:$AC$35), IF($B$39:$B$43=AE18,$E$39:$E$43),IF($F$39:$F$43=AE18,$I$39:$I$43),IF($J$39:$J$43=AE18,$M$39:$M$43),IF($N$39:$N$43=AE18,$Q$39:$Q$43),IF($R$39:$R$43=AE18,$U$39:$U$43),IF($V$39:$V$43=AE18,$Y$39:$Y$43),IF($Z$39:$Z$43=AE18,$AC$39:$AC$43), IF($B$47:$B$51=AE18,$E$47:$E$51),IF($F$47:$F$51=AE18,$I$47:$I$51),IF($J$47:$J$51=AE18,$M$47:$M$51),IF($N$47:$N$51=AE18,$Q$47:$Q$51),IF($R$47:$R$51=AE18,$U$47:$U$51),IF($V$47:$V$51=AE18,$Y$47:$Y$51),IF($Z$47:$Z$51=AE18,$AC$47:$AC$51))} -> 0
AE19: 13 | AG19: =January!AG19 -> Water Bill | AH19: {=SUM(IF($B$7:$B$11=AE19,$E$7:$E$11),IF($F$7:$F$11=AE19,$I$7:$I$11),IF($J$7:$J$11=AE19,$M$7:$M$11),IF($N$7:$N$11=AE19,$Q$7:$Q$11),IF($R$7:$R$11=AE19,$U$7:$U$11),IF($V$7:$V$11=AE19,$Y$7:$Y$11),IF($Z$7:$Z$11=AE19,$AC$7:$AC$11), IF($B$15:$B$19=AE19,$E$15:$E$19),IF($F$15:$F$19=AE19,$I$15:$I$19),IF($J$15:$J$19=AE19,$M$15:$M$19),IF($N$15:$N$19=AE19,$Q$15:$Q$19),IF($R$15:$R$19=AE19,$U$15:$U$19),IF($V$15:$V$19=AE19,$Y$15:$Y$19),IF($Z$15:$Z$19=AE19,$AC$15:$AC$19), IF($B$23:$B$27=AE19,$E$23:$E$27),IF($F$23:$F$27=AE19,$I$23:$I$27),IF($J$23:$J$27=AE19,$M$23:$M$27),IF($N$23:$N$27=AE19,$Q$23:$Q$27),IF($R$23:$R$27=AE19,$U$23:$U$27),IF($V$23:$V$27=AE19,$Y$23:$Y$27),IF($Z$23:$Z$27=AE19,$AC$23:$AC$27), IF($B$31:$B$35=AE19,$E$31:$E$35),IF($F$31:$F$35=AE19,$I$31:$I$35),IF($J$31:$J$35=AE19,$M$31:$M$35),IF($N$31:$N$35=AE19,$Q$31:$Q$35),IF($R$31:$R$35=AE19,$U$31:$U$35),IF($V$31:$V$35=AE19,$Y$31:$Y$35),IF($Z$31:$Z$35=AE19,$AC$31:$AC$35), IF($B$39:$B$43=AE19,$E$39:$E$43),IF($F$39:$F$43=AE19,$I$39:$I$43),IF($J$39:$J$43=AE19,$M$39:$M$43),IF($N$39:$N$43=AE19,$Q$39:$Q$43),IF($R$39:$R$43=AE19,$U$39:$U$43),IF($V$39:$V$43=AE19,$Y$39:$Y$43),IF($Z$39:$Z$43=AE19,$AC$39:$AC$43), IF($B$47:$B$51=AE19,$E$47:$E$51),IF($F$47:$F$51=AE19,$I$47:$I$51),IF($J$47:$J$51=AE19,$M$47:$M$51),IF($N$47:$N$51=AE19,$Q$47:$Q$51),IF($R$47:$R$51=AE19,$U$47:$U$51),IF($V$47:$V$51=AE19,$Y$47:$Y$51),IF($Z$47:$Z$51=AE19,$AC$47:$AC$51))} -> 0
B20: 1 | D20: Checking | E20: {=AC12+SUM(IF(C15:C19=1,E15:E19))} -> 0 | F20: =B20+1 -> 2 | H20: Checking | I20: {=E20+SUM(IF(G15:G19=1,I15:I19))} -> 0 | J20: =F20+1 -> 3 | L20: Checking | M20: {=I20+SUM(IF(K15:K19=1,M15:M19))} -> 0 | N20: =J20+1 -> 4 | P20: Checking | Q20: {=M20+SUM(IF(O15:O19=1,Q15:Q19))} -> 0 | R20: =N20+1 -> 5 | T20: Checking | U20: {=Q20+SUM(IF(S15:S19=1,U15:U19))} -> 0 | V20: =R20+1 -> 6 | X20: Checking | Y20: {=U20+SUM(IF(W15:W19=1,Y15:Y19))} -> 0 | Z20: =V20+1 -> 7 | AB20: Checking | AC20: {=Y20+SUM(IF(AA15:AA19=1,AC15:AC19))} -> 0 | AE20: 14 | AG20: =January!AG20 -> Electric Bill | AH20: {=SUM(IF($B$7:$B$11=AE20,$E$7:$E$11),IF($F$7:$F$11=AE20,$I$7:$I$11),IF($J$7:$J$11=AE20,$M$7:$M$11),IF($N$7:$N$11=AE20,$Q$7:$Q$11),IF($R$7:$R$11=AE20,$U$7:$U$11),IF($V$7:$V$11=AE20,$Y$7:$Y$11),IF($Z$7:$Z$11=AE20,$AC$7:$AC$11), IF($B$15:$B$19=AE20,$E$15:$E$19),IF($F$15:$F$19=AE20,$I$15:$I$19),IF($J$15:$J$19=AE20,$M$15:$M$19),IF($N$15:$N$19=AE20,$Q$15:$Q$19),IF($R$15:$R$19=AE20,$U$15:$U$19),IF($V$15:$V$19=AE20,$Y$15:$Y$19),IF($Z$15:$Z$19=AE20,$AC$15:$AC$19), IF($B$23:$B$27=AE20,$E$23:$E$27),IF($F$23:$F$27=AE20,$I$23:$I$27),IF($J$23:$J$27=AE20,$M$23:$M$27),IF($N$23:$N$27=AE20,$Q$23:$Q$27),IF($R$23:$R$27=AE20,$U$23:$U$27),IF($V$23:$V$27=AE20,$Y$23:$Y$27),IF($Z$23:$Z$27=AE20,$AC$23:$AC$27), IF($B$31:$B$35=AE20,$E$31:$E$35),IF($F$31:$F$35=AE20,$I$31:$I$35),IF($J$31:$J$35=AE20,$M$31:$M$35),IF($N$31:$N$35=AE20,$Q$31:$Q$35),IF($R$31:$R$35=AE20,$U$31:$U$35),IF($V$31:$V$35=AE20,$Y$31:$Y$35),IF($Z$31:$Z$35=AE20,$AC$31:$AC$35), IF($B$39:$B$43=AE20,$E$39:$E$43),IF($F$39:$F$43=AE20,$I$39:$I$43),IF($J$39:$J$43=AE20,$M$39:$M$43),IF($N$39:$N$43=AE20,$Q$39:$Q$43),IF($R$39:$R$43=AE20,$U$39:$U$43),IF($V$39:$V$43=AE20,$Y$39:$Y$43),IF($Z$39:$Z$43=AE20,$AC$39:$AC$43), IF($B$47:$B$51=AE20,$E$47:$E$51),IF($F$47:$F$51=AE20,$I$47:$I$51),IF($J$47:$J$51=AE20,$M$47:$M$51),IF($N$47:$N$51=AE20,$Q$47:$Q$51),IF($R$47:$R$51=AE20,$U$47:$U$51),IF($V$47:$V$51=AE20,$Y$47:$Y$51),IF($Z$47:$Z$51=AE20,$AC$47:$AC$51))} -> 0
D21: Savings | E21: {=AC13+SUM(IF(C15:C19=2,E15:E19))-SUM(IF(B15:B19={33},E15:E19))} -> 100 | H21: Savings | I21: {=E21+SUM(IF(G15:G19=2,I15:I19))-SUM(IF(F15:F19={33},I15:I19))} -> 100 | L21: Savings | M21: {=I21+SUM(IF(K15:K19=2,M15:M19))-SUM(IF(J15:J19={33},M15:M19))} -> 100 | P21: Savings | Q21: {=M21+SUM(IF(O15:O19=2,Q15:Q19))-SUM(IF(N15:N19={33},Q15:Q19))} -> 100 | T21: Savings | U21: {=Q21+SUM(IF(S15:S19=2,U15:U19))-SUM(IF(R15:R19={33},U15:U19))} -> 100 | X21: Savings | Y21: {=U21+SUM(IF(W15:W19=2,Y15:Y19))-SUM(IF(V15:V19={33},Y15:Y19))} -> 100 | AB21: Savings | AC21: {=Y21+SUM(IF(AA15:AA19=2,AC15:AC19))-SUM(IF(Z15:Z19={33},AC15:AC19))} -> 100 | AE21: 15 | AG21: =January!AG21 -> Garbage Service | AH21: {=SUM(IF($B$7:$B$11=AE21,$E$7:$E$11),IF($F$7:$F$11=AE21,$I$7:$I$11),IF($J$7:$J$11=AE21,$M$7:$M$11),IF($N$7:$N$11=AE21,$Q$7:$Q$11),IF($R$7:$R$11=AE21,$U$7:$U$11),IF($V$7:$V$11=AE21,$Y$7:$Y$11),IF($Z$7:$Z$11=AE21,$AC$7:$AC$11), IF($B$15:$B$19=AE21,$E$15:$E$19),IF($F$15:$F$19=AE21,$I$15:$I$19),IF($J$15:$J$19=AE21,$M$15:$M$19),IF($N$15:$N$19=AE21,$Q$15:$Q$19),IF($R$15:$R$19=AE21,$U$15:$U$19),IF($V$15:$V$19=AE21,$Y$15:$Y$19),IF($Z$15:$Z$19=AE21,$AC$15:$AC$19), IF($B$23:$B$27=AE21,$E$23:$E$27),IF($F$23:$F$27=AE21,$I$23:$I$27),IF($J$23:$J$27=AE21,$M$23:$M$27),IF($N$23:$N$27=AE21,$Q$23:$Q$27),IF($R$23:$R$27=AE21,$U$23:$U$27),IF($V$23:$V$27=AE21,$Y$23:$Y$27),IF($Z$23:$Z$27=AE21,$AC$23:$AC$27), IF($B$31:$B$35=AE21,$E$31:$E$35),IF($F$31:$F$35=AE21,$I$31:$I$35),IF($J$31:$J$35=AE21,$M$31:$M$35),IF($N$31:$N$35=AE21,$Q$31:$Q$35),IF($R$31:$R$35=AE21,$U$31:$U$35),IF($V$31:$V$35=AE21,$Y$31:$Y$35),IF($Z$31:$Z$35=AE21,$AC$31:$AC$35), IF($B$39:$B$43=AE21,$E$39:$E$43),IF($F$39:$F$43=AE21,$I$39:$I$43),IF($J$39:$J$43=AE21,$M$39:$M$43),IF($N$39:$N$43=AE21,$Q$39:$Q$43),IF($R$39:$R$43=AE21,$U$39:$U$43),IF($V$39:$V$43=AE21,$Y$39:$Y$43),IF($Z$39:$Z$43=AE21,$AC$39:$AC$43), IF($B$47:$B$51=AE21,$E$47:$E$51),IF($F$47:$F$51=AE21,$I$47:$I$51),IF($J$47:$J$51=AE21,$M$47:$M$51),IF($N$47:$N$51=AE21,$Q$47:$Q$51),IF($R$47:$R$51=AE21,$U$47:$U$51),IF($V$47:$V$51=AE21,$Y$47:$Y$51),IF($Z$47:$Z$51=AE21,$AC$47:$AC$51))} -> 0
D22: Credit | E22: {=AC14+SUM(IF(C15:C19=3,E15:E19))-SUM(IF(B15:B19={34},E15:E19))} -> -100 | H22: Credit | I22: {=E22+SUM(IF(G15:G19=3,I15:I19))-SUM(IF(F15:F19={34},I15:I19))} -> -100 | L22: Credit | M22: {=I22+SUM(IF(K15:K19=3,M15:M19))-SUM(IF(J15:J19={34},M15:M19))} -> -100 | P22: Credit | Q22: {=M22+SUM(IF(O15:O19=3,Q15:Q19))-SUM(IF(N15:N19={34},Q15:Q19))} -> -100 | T22: Credit | U22: {=Q22+SUM(IF(S15:S19=3,U15:U19))-SUM(IF(R15:R19={34},U15:U19))} -> -100 | X22: Credit | Y22: {=U22+SUM(IF(W15:W19=3,Y15:Y19))-SUM(IF(V15:V19={34},Y15:Y19))} -> -100 | AB22: Credit | AC22: {=Y22+SUM(IF(AA15:AA19=3,AC15:AC19))-SUM(IF(Z15:Z19={34},AC15:AC19))} -> -100 | AE22: 16 | AG22: =January!AG22 -> Parking Expenses | AH22: {=SUM(IF($B$7:$B$11=AE22,$E$7:$E$11),IF($F$7:$F$11=AE22,$I$7:$I$11),IF($J$7:$J$11=AE22,$M$7:$M$11),IF($N$7:$N$11=AE22,$Q$7:$Q$11),IF($R$7:$R$11=AE22,$U$7:$U$11),IF($V$7:$V$11=AE22,$Y$7:$Y$11),IF($Z$7:$Z$11=AE22,$AC$7:$AC$11), IF($B$15:$B$19=AE22,$E$15:$E$19),IF($F$15:$F$19=AE22,$I$15:$I$19),IF($J$15:$J$19=AE22,$M$15:$M$19),IF($N$15:$N$19=AE22,$Q$15:$Q$19),IF($R$15:$R$19=AE22,$U$15:$U$19),IF($V$15:$V$19=AE22,$Y$15:$Y$19),IF($Z$15:$Z$19=AE22,$AC$15:$AC$19), IF($B$23:$B$27=AE22,$E$23:$E$27),IF($F$23:$F$27=AE22,$I$23:$I$27),IF($J$23:$J$27=AE22,$M$23:$M$27),IF($N$23:$N$27=AE22,$Q$23:$Q$27),IF($R$23:$R$27=AE22,$U$23:$U$27),IF($V$23:$V$27=AE22,$Y$23:$Y$27),IF($Z$23:$Z$27=AE22,$AC$23:$AC$27), IF($B$31:$B$35=AE22,$E$31:$E$35),IF($F$31:$F$35=AE22,$I$31:$I$35),IF($J$31:$J$35=AE22,$M$31:$M$35),IF($N$31:$N$35=AE22,$Q$31:$Q$35),IF($R$31:$R$35=AE22,$U$31:$U$35),IF($V$31:$V$35=AE22,$Y$31:$Y$35),IF($Z$31:$Z$35=AE22,$AC$31:$AC$35), IF($B$39:$B$43=AE22,$E$39:$E$43),IF($F$39:$F$43=AE22,$I$39:$I$43),IF($J$39:$J$43=AE22,$M$39:$M$43),IF($N$39:$N$43=AE22,$Q$39:$Q$43),IF($R$39:$R$43=AE22,$U$39:$U$43),IF($V$39:$V$43=AE22,$Y$39:$Y$43),IF($Z$39:$Z$43=AE22,$AC$39:$AC$43), IF($B$47:$B$51=AE22,$E$47:$E$51),IF($F$47:$F$51=AE22,$I$47:$I$51),IF($J$47:$J$51=AE22,$M$47:$M$51),IF($N$47:$N$51=AE22,$Q$47:$Q$51),IF($R$47:$R$51=AE22,$U$47:$U$51),IF($V$47:$V$51=AE22,$Y$47:$Y$51),IF($Z$47:$Z$51=AE22,$AC$47:$AC$51))} -> 0
AE23: 17 | AG23: =January!AG23 -> Transit Monthly | AH23: {=SUM(IF($B$7:$B$11=AE23,$E$7:$E$11),IF($F$7:$F$11=AE23,$I$7:$I$11),IF($J$7:$J$11=AE23,$M$7:$M$11),IF($N$7:$N$11=AE23,$Q$7:$Q$11),IF($R$7:$R$11=AE23,$U$7:$U$11),IF($V$7:$V$11=AE23,$Y$7:$Y$11),IF($Z$7:$Z$11=AE23,$AC$7:$AC$11), IF($B$15:$B$19=AE23,$E$15:$E$19),IF($F$15:$F$19=AE23,$I$15:$I$19),IF($J$15:$J$19=AE23,$M$15:$M$19),IF($N$15:$N$19=AE23,$Q$15:$Q$19),IF($R$15:$R$19=AE23,$U$15:$U$19),IF($V$15:$V$19=AE23,$Y$15:$Y$19),IF($Z$15:$Z$19=AE23,$AC$15:$AC$19), IF($B$23:$B$27=AE23,$E$23:$E$27),IF($F$23:$F$27=AE23,$I$23:$I$27),IF($J$23:$J$27=AE23,$M$23:$M$27),IF($N$23:$N$27=AE23,$Q$23:$Q$27),IF($R$23:$R$27=AE23,$U$23:$U$27),IF($V$23:$V$27=AE23,$Y$23:$Y$27),IF($Z$23:$Z$27=AE23,$AC$23:$AC$27), IF($B$31:$B$35=AE23,$E$31:$E$35),IF($F$31:$F$35=AE23,$I$31:$I$35),IF($J$31:$J$35=AE23,$M$31:$M$35),IF($N$31:$N$35=AE23,$Q$31:$Q$35),IF($R$31:$R$35=AE23,$U$31:$U$35),IF($V$31:$V$35=AE23,$Y$31:$Y$35),IF($Z$31:$Z$35=AE23,$AC$31:$AC$35), IF($B$39:$B$43=AE23,$E$39:$E$43),IF($F$39:$F$43=AE23,$I$39:$I$43),IF($J$39:$J$43=AE23,$M$39:$M$43),IF($N$39:$N$43=AE23,$Q$39:$Q$43),IF($R$39:$R$43=AE23,$U$39:$U$43),IF($V$39:$V$43=AE23,$Y$39:$Y$43),IF($Z$39:$Z$43=AE23,$AC$39:$AC$43), IF($B$47:$B$51=AE23,$E$47:$E$51),IF($F$47:$F$51=AE23,$I$47:$I$51),IF($J$47:$J$51=AE23,$M$47:$M$51),IF($N$47:$N$51=AE23,$Q$47:$Q$51),IF($R$47:$R$51=AE23,$U$47:$U$51),IF($V$47:$V$51=AE23,$Y$47:$Y$51),IF($Z$47:$Z$51=AE23,$AC$47:$AC$51))} -> 0
AE24: 18 | AG24: =January!AG24 -> Land Line Phone Bill | AH24: {=SUM(IF($B$7:$B$11=AE24,$E$7:$E$11),IF($F$7:$F$11=AE24,$I$7:$I$11),IF($J$7:$J$11=AE24,$M$7:$M$11),IF($N$7:$N$11=AE24,$Q$7:$Q$11),IF($R$7:$R$11=AE24,$U$7:$U$11),IF($V$7:$V$11=AE24,$Y$7:$Y$11),IF($Z$7:$Z$11=AE24,$AC$7:$AC$11), IF($B$15:$B$19=AE24,$E$15:$E$19),IF($F$15:$F$19=AE24,$I$15:$I$19),IF($J$15:$J$19=AE24,$M$15:$M$19),IF($N$15:$N$19=AE24,$Q$15:$Q$19),IF($R$15:$R$19=AE24,$U$15:$U$19),IF($V$15:$V$19=AE24,$Y$15:$Y$19),IF($Z$15:$Z$19=AE24,$AC$15:$AC$19), IF($B$23:$B$27=AE24,$E$23:$E$27),IF($F$23:$F$27=AE24,$I$23:$I$27),IF($J$23:$J$27=AE24,$M$23:$M$27),IF($N$23:$N$27=AE24,$Q$23:$Q$27),IF($R$23:$R$27=AE24,$U$23:$U$27),IF($V$23:$V$27=AE24,$Y$23:$Y$27),IF($Z$23:$Z$27=AE24,$AC$23:$AC$27), IF($B$31:$B$35=AE24,$E$31:$E$35),IF($F$31:$F$35=AE24,$I$31:$I$35),IF($J$31:$J$35=AE24,$M$31:$M$35),IF($N$31:$N$35=AE24,$Q$31:$Q$35),IF($R$31:$R$35=AE24,$U$31:$U$35),IF($V$31:$V$35=AE24,$Y$31:$Y$35),IF($Z$31:$Z$35=AE24,$AC$31:$AC$35), IF($B$39:$B$43=AE24,$E$39:$E$43),IF($F$39:$F$43=AE24,$I$39:$I$43),IF($J$39:$J$43=AE24,$M$39:$M$43),IF($N$39:$N$43=AE24,$Q$39:$Q$43),IF($R$39:$R$43=AE24,$U$39:$U$43),IF($V$39:$V$43=AE24,$Y$39:$Y$43),IF($Z$39:$Z$43=AE24,$AC$39:$AC$43), IF($B$47:$B$51=AE24,$E$47:$E$51),IF($F$47:$F$51=AE24,$I$47:$I$51),IF($J$47:$J$51=AE24,$M$47:$M$51),IF($N$47:$N$51=AE24,$Q$47:$Q$51),IF($R$47:$R$51=AE24,$U$47:$U$51),IF($V$47:$V$51=AE24,$Y$47:$Y$51),IF($Z$47:$Z$51=AE24,$AC$47:$AC$51))} -> 0
AE25: 19 | AG25: =January!AG25 -> Cell Phone Service | AH25: {=SUM(IF($B$7:$B$11=AE25,$E$7:$E$11),IF($F$7:$F$11=AE25,$I$7:$I$11),IF($J$7:$J$11=AE25,$M$7:$M$11),IF($N$7:$N$11=AE25,$Q$7:$Q$11),IF($R$7:$R$11=AE25,$U$7:$U$11),IF($V$7:$V$11=AE25,$Y$7:$Y$11),IF($Z$7:$Z$11=AE25,$AC$7:$AC$11), IF($B$15:$B$19=AE25,$E$15:$E$19),IF($F$15:$F$19=AE25,$I$15:$I$19),IF($J$15:$J$19=AE25,$M$15:$M$19),IF($N$15:$N$19=AE25,$Q$15:$Q$19),IF($R$15:$R$19=AE25,$U$15:$U$19),IF($V$15:$V$19=AE25,$Y$15:$Y$19),IF($Z$15:$Z$19=AE25,$AC$15:$AC$19), IF($B$23:$B$27=AE25,$E$23:$E$27),IF($F$23:$F$27=AE25,$I$23:$I$27),IF($J$23:$J$27=AE25,$M$23:$M$27),IF($N$23:$N$27=AE25,$Q$23:$Q$27),IF($R$23:$R$27=AE25,$U$23:$U$27),IF($V$23:$V$27=AE25,$Y$23:$Y$27),IF($Z$23:$Z$27=AE25,$AC$23:$AC$27), IF($B$31:$B$35=AE25,$E$31:$E$35),IF($F$31:$F$35=AE25,$I$31:$I$35),IF($J$31:$J$35=AE25,$M$31:$M$35),IF($N$31:$N$35=AE25,$Q$31:$Q$35),IF($R$31:$R$35=AE25,$U$31:$U$35),IF($V$31:$V$35=AE25,$Y$31:$Y$35),IF($Z$31:$Z$35=AE25,$AC$31:$AC$35), IF($B$39:$B$43=AE25,$E$39:$E$43),IF($F$39:$F$43=AE25,$I$39:$I$43),IF($J$39:$J$43=AE25,$M$39:$M$43),IF($N$39:$N$43=AE25,$Q$39:$Q$43),IF($R$39:$R$43=AE25,$U$39:$U$43),IF($V$39:$V$43=AE25,$Y$39:$Y$43),IF($Z$39:$Z$43=AE25,$AC$39:$AC$43), IF($B$47:$B$51=AE25,$E$47:$E$51),IF($F$47:$F$51=AE25,$I$47:$I$51),IF($J$47:$J$51=AE25,$M$47:$M$51),IF($N$47:$N$51=AE25,$Q$47:$Q$51),IF($R$47:$R$51=AE25,$U$47:$U$51),IF($V$47:$V$51=AE25,$Y$47:$Y$51),IF($Z$47:$Z$51=AE25,$AC$47:$AC$51))} -> 0
AE26: 20 | AG26: =January!AG26 -> Cable Bill | AH26: {=SUM(IF($B$7:$B$11=AE26,$E$7:$E$11),IF($F$7:$F$11=AE26,$I$7:$I$11),IF($J$7:$J$11=AE26,$M$7:$M$11),IF($N$7:$N$11=AE26,$Q$7:$Q$11),IF($R$7:$R$11=AE26,$U$7:$U$11),IF($V$7:$V$11=AE26,$Y$7:$Y$11),IF($Z$7:$Z$11=AE26,$AC$7:$AC$11), IF($B$15:$B$19=AE26,$E$15:$E$19),IF($F$15:$F$19=AE26,$I$15:$I$19),IF($J$15:$J$19=AE26,$M$15:$M$19),IF($N$15:$N$19=AE26,$Q$15:$Q$19),IF($R$15:$R$19=AE26,$U$15:$U$19),IF($V$15:$V$19=AE26,$Y$15:$Y$19),IF($Z$15:$Z$19=AE26,$AC$15:$AC$19), IF($B$23:$B$27=AE26,$E$23:$E$27),IF($F$23:$F$27=AE26,$I$23:$I$27),IF($J$23:$J$27=AE26,$M$23:$M$27),IF($N$23:$N$27=AE26,$Q$23:$Q$27),IF($R$23:$R$27=AE26,$U$23:$U$27),IF($V$23:$V$27=AE26,$Y$23:$Y$27),IF($Z$23:$Z$27=AE26,$AC$23:$AC$27), IF($B$31:$B$35=AE26,$E$31:$E$35),IF($F$31:$F$35=AE26,$I$31:$I$35),IF($J$31:$J$35=AE26,$M$31:$M$35),IF($N$31:$N$35=AE26,$Q$31:$Q$35),IF($R$31:$R$35=AE26,$U$31:$U$35),IF($V$31:$V$35=AE26,$Y$31:$Y$35),IF($Z$31:$Z$35=AE26,$AC$31:$AC$35), IF($B$39:$B$43=AE26,$E$39:$E$43),IF($F$39:$F$43=AE26,$I$39:$I$43),IF($J$39:$J$43=AE26,$M$39:$M$43),IF($N$39:$N$43=AE26,$Q$39:$Q$43),IF($R$39:$R$43=AE26,$U$39:$U$43),IF($V$39:$V$43=AE26,$Y$39:$Y$43),IF($Z$39:$Z$43=AE26,$AC$39:$AC$43), IF($B$47:$B$51=AE26,$E$47:$E$51),IF($F$47:$F$51=AE26,$I$47:$I$51),IF($J$47:$J$51=AE26,$M$47:$M$51),IF($N$47:$N$51=AE26,$Q$47:$Q$51),IF($R$47:$R$51=AE26,$U$47:$U$51),IF($V$47:$V$51=AE26,$Y$47:$Y$51),IF($Z$47:$Z$51=AE26,$AC$47:$AC$51))} -> 0
AE27: 21 | AG27: =January!AG27 -> Auto Maint. | AH27: {=SUM(IF($B$7:$B$11=AE27,$E$7:$E$11),IF($F$7:$F$11=AE27,$I$7:$I$11),IF($J$7:$J$11=AE27,$M$7:$M$11),IF($N$7:$N$11=AE27,$Q$7:$Q$11),IF($R$7:$R$11=AE27,$U$7:$U$11),IF($V$7:$V$11=AE27,$Y$7:$Y$11),IF($Z$7:$Z$11=AE27,$AC$7:$AC$11), IF($B$15:$B$19=AE27,$E$15:$E$19),IF($F$15:$F$19=AE27,$I$15:$I$19),IF($J$15:$J$19=AE27,$M$15:$M$19),IF($N$15:$N$19=AE27,$Q$15:$Q$19),IF($R$15:$R$19=AE27,$U$15:$U$19),IF($V$15:$V$19=AE27,$Y$15:$Y$19),IF($Z$15:$Z$19=AE27,$AC$15:$AC$19), IF($B$23:$B$27=AE27,$E$23:$E$27),IF($F$23:$F$27=AE27,$I$23:$I$27),IF($J$23:$J$27=AE27,$M$23:$M$27),IF($N$23:$N$27=AE27,$Q$23:$Q$27),IF($R$23:$R$27=AE27,$U$23:$U$27),IF($V$23:$V$27=AE27,$Y$23:$Y$27),IF($Z$23:$Z$27=AE27,$AC$23:$AC$27), IF($B$31:$B$35=AE27,$E$31:$E$35),IF($F$31:$F$35=AE27,$I$31:$I$35),IF($J$31:$J$35=AE27,$M$31:$M$35),IF($N$31:$N$35=AE27,$Q$31:$Q$35),IF($R$31:$R$35=AE27,$U$31:$U$35),IF($V$31:$V$35=AE27,$Y$31:$Y$35),IF($Z$31:$Z$35=AE27,$AC$31:$AC$35), IF($B$39:$B$43=AE27,$E$39:$E$43),IF($F$39:$F$43=AE27,$I$39:$I$43),IF($J$39:$J$43=AE27,$M$39:$M$43),IF($N$39:$N$43=AE27,$Q$39:$Q$43),IF($R$39:$R$43=AE27,$U$39:$U$43),IF($V$39:$V$43=AE27,$Y$39:$Y$43),IF($Z$39:$Z$43=AE27,$AC$39:$AC$43), IF($B$47:$B$51=AE27,$E$47:$E$51),IF($F$47:$F$51=AE27,$I$47:$I$51),IF($J$47:$J$51=AE27,$M$47:$M$51),IF($N$47:$N$51=AE27,$Q$47:$Q$51),IF($R$47:$R$51=AE27,$U$47:$U$51),IF($V$47:$V$51=AE27,$Y$47:$Y$51),IF($Z$47:$Z$51=AE27,$AC$47:$AC$51))} -> 0
B28: =Z20+1 -> 8 | D28: Checking | E28: {=AC20+SUM(IF(C23:C27=1,E23:E27))} -> 0 | F28: =B28+1 -> 9 | H28: Checking | I28: {=E28+SUM(IF(G23:G27=1,I23:I27))} -> 0 | J28: =F28+1 -> 10 | L28: Checking | M28: {=I28+SUM(IF(K23:K27=1,M23:M27))} -> 0 | N28: =J28+1 -> 11 | P28: Checking | Q28: {=M28+SUM(IF(O23:O27=1,Q23:Q27))} -> 0 | R28: =N28+1 -> 12 | T28: Checking | U28: {=Q28+SUM(IF(S23:S27=1,U23:U27))} -> 0 | V28: =R28+1 -> 13 | X28: Checking | Y28: {=U28+SUM(IF(W23:W27=1,Y23:Y27))} -> 0 | Z28: =V28+1 -> 14 | AB28: Checking | AC28: {=Y28+SUM(IF(AA23:AA27=1,AC23:AC27))} -> 0 | AE28: 22 | AG28: =January!AG28 -> Auto Loan | AH28: {=SUM(IF($B$7:$B$11=AE28,$E$7:$E$11),IF($F$7:$F$11=AE28,$I$7:$I$11),IF($J$7:$J$11=AE28,$M$7:$M$11),IF($N$7:$N$11=AE28,$Q$7:$Q$11),IF($R$7:$R$11=AE28,$U$7:$U$11),IF($V$7:$V$11=AE28,$Y$7:$Y$11),IF($Z$7:$Z$11=AE28,$AC$7:$AC$11), IF($B$15:$B$19=AE28,$E$15:$E$19),IF($F$15:$F$19=AE28,$I$15:$I$19),IF($J$15:$J$19=AE28,$M$15:$M$19),IF($N$15:$N$19=AE28,$Q$15:$Q$19),IF($R$15:$R$19=AE28,$U$15:$U$19),IF($V$15:$V$19=AE28,$Y$15:$Y$19),IF($Z$15:$Z$19=AE28,$AC$15:$AC$19), IF($B$23:$B$27=AE28,$E$23:$E$27),IF($F$23:$F$27=AE28,$I$23:$I$27),IF($J$23:$J$27=AE28,$M$23:$M$27),IF($N$23:$N$27=AE28,$Q$23:$Q$27),IF($R$23:$R$27=AE28,$U$23:$U$27),IF($V$23:$V$27=AE28,$Y$23:$Y$27),IF($Z$23:$Z$27=AE28,$AC$23:$AC$27), IF($B$31:$B$35=AE28,$E$31:$E$35),IF($F$31:$F$35=AE28,$I$31:$I$35),IF($J$31:$J$35=AE28,$M$31:$M$35),IF($N$31:$N$35=AE28,$Q$31:$Q$35),IF($R$31:$R$35=AE28,$U$31:$U$35),IF($V$31:$V$35=AE28,$Y$31:$Y$35),IF($Z$31:$Z$35=AE28,$AC$31:$AC$35), IF($B$39:$B$43=AE28,$E$39:$E$43),IF($F$39:$F$43=AE28,$I$39:$I$43),IF($J$39:$J$43=AE28,$M$39:$M$43),IF($N$39:$N$43=AE28,$Q$39:$Q$43),IF($R$39:$R$43=AE28,$U$39:$U$43),IF($V$39:$V$43=AE28,$Y$39:$Y$43),IF($Z$39:$Z$43=AE28,$AC$39:$AC$43), IF($B$47:$B$51=AE28,$E$47:$E$51),IF($F$47:$F$51=AE28,$I$47:$I$51),IF($J$47:$J$51=AE28,$M$47:$M$51),IF($N$47:$N$51=AE28,$Q$47:$Q$51),IF($R$47:$R$51=AE28,$U$47:$U$51),IF($V$47:$V$51=AE28,$Y$47:$Y$51),IF($Z$47:$Z$51=AE28,$AC$47:$AC$51))} -> 0
D29: Savings | E29: {=AC21+SUM(IF(C23:C27=2,E23:E27))-SUM(IF(B23:B27={33},E23:E27))} -> 100 | H29: Savings | I29: {=E29+SUM(IF(G23:G27=2,I23:I27))-SUM(IF(F23:F27={33},I23:I27))} -> 100 | L29: Savings | M29: {=I29+SUM(IF(K23:K27=2,M23:M27))-SUM(IF(J23:J27={33},M23:M27))} -> 100 | P29: Savings | Q29: {=M29+SUM(IF(O23:O27=2,Q23:Q27))-SUM(IF(N23:N27={33},Q23:Q27))} -> 100 | T29: Savings | U29: {=Q29+SUM(IF(S23:S27=2,U23:U27))-SUM(IF(R23:R27={33},U23:U27))} -> 100 | X29: Savings | Y29: {=U29+SUM(IF(W23:W27=2,Y23:Y27))-SUM(IF(V23:V27={33},Y23:Y27))} -> 100 | AB29: Savings | AC29: {=Y29+SUM(IF(AA23:AA27=2,AC23:AC27))-SUM(IF(Z23:Z27={33},AC23:AC27))} -> 100 | AE29: 23 | AG29: =January!AG29 -> Medical | AH29: {=SUM(IF($B$7:$B$11=AE29,$E$7:$E$11),IF($F$7:$F$11=AE29,$I$7:$I$11),IF($J$7:$J$11=AE29,$M$7:$M$11),IF($N$7:$N$11=AE29,$Q$7:$Q$11),IF($R$7:$R$11=AE29,$U$7:$U$11),IF($V$7:$V$11=AE29,$Y$7:$Y$11),IF($Z$7:$Z$11=AE29,$AC$7:$AC$11), IF($B$15:$B$19=AE29,$E$15:$E$19),IF($F$15:$F$19=AE29,$I$15:$I$19),IF($J$15:$J$19=AE29,$M$15:$M$19),IF($N$15:$N$19=AE29,$Q$15:$Q$19),IF($R$15:$R$19=AE29,$U$15:$U$19),IF($V$15:$V$19=AE29,$Y$15:$Y$19),IF($Z$15:$Z$19=AE29,$AC$15:$AC$19), IF($B$23:$B$27=AE29,$E$23:$E$27),IF($F$23:$F$27=AE29,$I$23:$I$27),IF($J$23:$J$27=AE29,$M$23:$M$27),IF($N$23:$N$27=AE29,$Q$23:$Q$27),IF($R$23:$R$27=AE29,$U$23:$U$27),IF($V$23:$V$27=AE29,$Y$23:$Y$27),IF($Z$23:$Z$27=AE29,$AC$23:$AC$27), IF($B$31:$B$35=AE29,$E$31:$E$35),IF($F$31:$F$35=AE29,$I$31:$I$35),IF($J$31:$J$35=AE29,$M$31:$M$35),IF($N$31:$N$35=AE29,$Q$31:$Q$35),IF($R$31:$R$35=AE29,$U$31:$U$35),IF($V$31:$V$35=AE29,$Y$31:$Y$35),IF($Z$31:$Z$35=AE29,$AC$31:$AC$35), IF($B$39:$B$43=AE29,$E$39:$E$43),IF($F$39:$F$43=AE29,$I$39:$I$43),IF($J$39:$J$43=AE29,$M$39:$M$43),IF($N$39:$N$43=AE29,$Q$39:$Q$43),IF($R$39:$R$43=AE29,$U$39:$U$43),IF($V$39:$V$43=AE29,$Y$39:$Y$43),IF($Z$39:$Z$43=AE29,$AC$39:$AC$43), IF($B$47:$B$51=AE29,$E$47:$E$51),IF($F$47:$F$51=AE29,$I$47:$I$51),IF($J$47:$J$51=AE29,$M$47:$M$51),IF($N$47:$N$51=AE29,$Q$47:$Q$51),IF($R$47:$R$51=AE29,$U$47:$U$51),IF($V$47:$V$51=AE29,$Y$47:$Y$51),IF($Z$47:$Z$51=AE29,$AC$47:$AC$51))} -> 0
D30: Credit | E30: {=AC22+SUM(IF(C23:C27=3,E23:E27))-SUM(IF(B23:B27={34},E23:E27))} -> -100 | H30: Credit | I30: {=E30+SUM(IF(G23:G27=3,I23:I27))-SUM(IF(F23:F27={34},I23:I27))} -> -100 | L30: Credit | M30: {=I30+SUM(IF(K23:K27=3,M23:M27))-SUM(IF(J23:J27={34},M23:M27))} -> -100 | P30: Credit | Q30: {=M30+SUM(IF(O23:O27=3,Q23:Q27))-SUM(IF(N23:N27={34},Q23:Q27))} -> -100 | T30: Credit | U30: {=Q30+SUM(IF(S23:S27=3,U23:U27))-SUM(IF(R23:R27={34},U23:U27))} -> -100 | X30: Credit | Y30: {=U30+SUM(IF(W23:W27=3,Y23:Y27))-SUM(IF(V23:V27={34},Y23:Y27))} -> -100 | AB30: Credit | AC30: {=Y30+SUM(IF(AA23:AA27=3,AC23:AC27))-SUM(IF(Z23:Z27={34},AC23:AC27))} -> -100 | AE30: 24 | AG30: =January!AG30 -> HairCare | AH30: {=SUM(IF($B$7:$B$11=AE30,$E$7:$E$11),IF($F$7:$F$11=AE30,$I$7:$I$11),IF($J$7:$J$11=AE30,$M$7:$M$11),IF($N$7:$N$11=AE30,$Q$7:$Q$11),IF($R$7:$R$11=AE30,$U$7:$U$11),IF($V$7:$V$11=AE30,$Y$7:$Y$11),IF($Z$7:$Z$11=AE30,$AC$7:$AC$11), IF($B$15:$B$19=AE30,$E$15:$E$19),IF($F$15:$F$19=AE30,$I$15:$I$19),IF($J$15:$J$19=AE30,$M$15:$M$19),IF($N$15:$N$19=AE30,$Q$15:$Q$19),IF($R$15:$R$19=AE30,$U$15:$U$19),IF($V$15:$V$19=AE30,$Y$15:$Y$19),IF($Z$15:$Z$19=AE30,$AC$15:$AC$19), IF($B$23:$B$27=AE30,$E$23:$E$27),IF($F$23:$F$27=AE30,$I$23:$I$27),IF($J$23:$J$27=AE30,$M$23:$M$27),IF($N$23:$N$27=AE30,$Q$23:$Q$27),IF($R$23:$R$27=AE30,$U$23:$U$27),IF($V$23:$V$27=AE30,$Y$23:$Y$27),IF($Z$23:$Z$27=AE30,$AC$23:$AC$27), IF($B$31:$B$35=AE30,$E$31:$E$35),IF($F$31:$F$35=AE30,$I$31:$I$35),IF($J$31:$J$35=AE30,$M$31:$M$35),IF($N$31:$N$35=AE30,$Q$31:$Q$35),IF($R$31:$R$35=AE30,$U$31:$U$35),IF($V$31:$V$35=AE30,$Y$31:$Y$35),IF($Z$31:$Z$35=AE30,$AC$31:$AC$35), IF($B$39:$B$43=AE30,$E$39:$E$43),IF($F$39:$F$43=AE30,$I$39:$I$43),IF($J$39:$J$43=AE30,$M$39:$M$43),IF($N$39:$N$43=AE30,$Q$39:$Q$43),IF($R$39:$R$43=AE30,$U$39:$U$43),IF($V$39:$V$43=AE30,$Y$39:$Y$43),IF($Z$39:$Z$43=AE30,$AC$39:$AC$43), IF($B$47:$B$51=AE30,$E$47:$E$51),IF($F$47:$F$51=AE30,$I$47:$I$51),IF($J$47:$J$51=AE30,$M$47:$M$51),IF($N$47:$N$51=AE30,$Q$47:$Q$51),IF($R$47:$R$51=AE30,$U$47:$U$51),IF($V$47:$V$51=AE30,$Y$47:$Y$51),IF($Z$47:$Z$51=AE30,$AC$47:$AC$51))} -> 0
AE31: 25 | AG31: =January!AG31 -> Clothing | AH31: {=SUM(IF($B$7:$B$11=AE31,$E$7:$E$11),IF($F$7:$F$11=AE31,$I$7:$I$11),IF($J$7:$J$11=AE31,$M$7:$M$11),IF($N$7:$N$11=AE31,$Q$7:$Q$11),IF($R$7:$R$11=AE31,$U$7:$U$11),IF($V$7:$V$11=AE31,$Y$7:$Y$11),IF($Z$7:$Z$11=AE31,$AC$7:$AC$11), IF($B$15:$B$19=AE31,$E$15:$E$19),IF($F$15:$F$19=AE31,$I$15:$I$19),IF($J$15:$J$19=AE31,$M$15:$M$19),IF($N$15:$N$19=AE31,$Q$15:$Q$19),IF($R$15:$R$19=AE31,$U$15:$U$19),IF($V$15:$V$19=AE31,$Y$15:$Y$19),IF($Z$15:$Z$19=AE31,$AC$15:$AC$19), IF($B$23:$B$27=AE31,$E$23:$E$27),IF($F$23:$F$27=AE31,$I$23:$I$27),IF($J$23:$J$27=AE31,$M$23:$M$27),IF($N$23:$N$27=AE31,$Q$23:$Q$27),IF($R$23:$R$27=AE31,$U$23:$U$27),IF($V$23:$V$27=AE31,$Y$23:$Y$27),IF($Z$23:$Z$27=AE31,$AC$23:$AC$27), IF($B$31:$B$35=AE31,$E$31:$E$35),IF($F$31:$F$35=AE31,$I$31:$I$35),IF($J$31:$J$35=AE31,$M$31:$M$35),IF($N$31:$N$35=AE31,$Q$31:$Q$35),IF($R$31:$R$35=AE31,$U$31:$U$35),IF($V$31:$V$35=AE31,$Y$31:$Y$35),IF($Z$31:$Z$35=AE31,$AC$31:$AC$35), IF($B$39:$B$43=AE31,$E$39:$E$43),IF($F$39:$F$43=AE31,$I$39:$I$43),IF($J$39:$J$43=AE31,$M$39:$M$43),IF($N$39:$N$43=AE31,$Q$39:$Q$43),IF($R$39:$R$43=AE31,$U$39:$U$43),IF($V$39:$V$43=AE31,$Y$39:$Y$43),IF($Z$39:$Z$43=AE31,$AC$39:$AC$43), IF($B$47:$B$51=AE31,$E$47:$E$51),IF($F$47:$F$51=AE31,$I$47:$I$51),IF($J$47:$J$51=AE31,$M$47:$M$51),IF($N$47:$N$51=AE31,$Q$47:$Q$51),IF($R$47:$R$51=AE31,$U$47:$U$51),IF($V$47:$V$51=AE31,$Y$47:$Y$51),IF($Z$47:$Z$51=AE31,$AC$47:$AC$51))} -> 0
AE32: 26 | AG32: =January!AG32 -> DayCare/School | AH32: {=SUM(IF($B$7:$B$11=AE32,$E$7:$E$11),IF($F$7:$F$11=AE32,$I$7:$I$11),IF($J$7:$J$11=AE32,$M$7:$M$11),IF($N$7:$N$11=AE32,$Q$7:$Q$11),IF($R$7:$R$11=AE32,$U$7:$U$11),IF($V$7:$V$11=AE32,$Y$7:$Y$11),IF($Z$7:$Z$11=AE32,$AC$7:$AC$11), IF($B$15:$B$19=AE32,$E$15:$E$19),IF($F$15:$F$19=AE32,$I$15:$I$19),IF($J$15:$J$19=AE32,$M$15:$M$19),IF($N$15:$N$19=AE32,$Q$15:$Q$19),IF($R$15:$R$19=AE32,$U$15:$U$19),IF($V$15:$V$19=AE32,$Y$15:$Y$19),IF($Z$15:$Z$19=AE32,$AC$15:$AC$19), IF($B$23:$B$27=AE32,$E$23:$E$27),IF($F$23:$F$27=AE32,$I$23:$I$27),IF($J$23:$J$27=AE32,$M$23:$M$27),IF($N$23:$N$27=AE32,$Q$23:$Q$27),IF($R$23:$R$27=AE32,$U$23:$U$27),IF($V$23:$V$27=AE32,$Y$23:$Y$27),IF($Z$23:$Z$27=AE32,$AC$23:$AC$27), IF($B$31:$B$35=AE32,$E$31:$E$35),IF($F$31:$F$35=AE32,$I$31:$I$35),IF($J$31:$J$35=AE32,$M$31:$M$35),IF($N$31:$N$35=AE32,$Q$31:$Q$35),IF($R$31:$R$35=AE32,$U$31:$U$35),IF($V$31:$V$35=AE32,$Y$31:$Y$35),IF($Z$31:$Z$35=AE32,$AC$31:$AC$35), IF($B$39:$B$43=AE32,$E$39:$E$43),IF($F$39:$F$43=AE32,$I$39:$I$43),IF($J$39:$J$43=AE32,$M$39:$M$43),IF($N$39:$N$43=AE32,$Q$39:$Q$43),IF($R$39:$R$43=AE32,$U$39:$U$43),IF($V$39:$V$43=AE32,$Y$39:$Y$43),IF($Z$39:$Z$43=AE32,$AC$39:$AC$43), IF($B$47:$B$51=AE32,$E$47:$E$51),IF($F$47:$F$51=AE32,$I$47:$I$51),IF($J$47:$J$51=AE32,$M$47:$M$51),IF($N$47:$N$51=AE32,$Q$47:$Q$51),IF($R$47:$R$51=AE32,$U$47:$U$51),IF($V$47:$V$51=AE32,$Y$47:$Y$51),IF($Z$47:$Z$51=AE32,$AC$47:$AC$51))} -> 0
AE33: 27 | AG33: =January!AG33 -> Car Insurance | AH33: {=SUM(IF($B$7:$B$11=AE33,$E$7:$E$11),IF($F$7:$F$11=AE33,$I$7:$I$11),IF($J$7:$J$11=AE33,$M$7:$M$11),IF($N$7:$N$11=AE33,$Q$7:$Q$11),IF($R$7:$R$11=AE33,$U$7:$U$11),IF($V$7:$V$11=AE33,$Y$7:$Y$11),IF($Z$7:$Z$11=AE33,$AC$7:$AC$11), IF($B$15:$B$19=AE33,$E$15:$E$19),IF($F$15:$F$19=AE33,$I$15:$I$19),IF($J$15:$J$19=AE33,$M$15:$M$19),IF($N$15:$N$19=AE33,$Q$15:$Q$19),IF($R$15:$R$19=AE33,$U$15:$U$19),IF($V$15:$V$19=AE33,$Y$15:$Y$19),IF($Z$15:$Z$19=AE33,$AC$15:$AC$19), IF($B$23:$B$27=AE33,$E$23:$E$27),IF($F$23:$F$27=AE33,$I$23:$I$27),IF($J$23:$J$27=AE33,$M$23:$M$27),IF($N$23:$N$27=AE33,$Q$23:$Q$27),IF($R$23:$R$27=AE33,$U$23:$U$27),IF($V$23:$V$27=AE33,$Y$23:$Y$27),IF($Z$23:$Z$27=AE33,$AC$23:$AC$27), IF($B$31:$B$35=AE33,$E$31:$E$35),IF($F$31:$F$35=AE33,$I$31:$I$35),IF($J$31:$J$35=AE33,$M$31:$M$35),IF($N$31:$N$35=AE33,$Q$31:$Q$35),IF($R$31:$R$35=AE33,$U$31:$U$35),IF($V$31:$V$35=AE33,$Y$31:$Y$35),IF($Z$31:$Z$35=AE33,$AC$31:$AC$35), IF($B$39:$B$43=AE33,$E$39:$E$43),IF($F$39:$F$43=AE33,$I$39:$I$43),IF($J$39:$J$43=AE33,$M$39:$M$43),IF($N$39:$N$43=AE33,$Q$39:$Q$43),IF($R$39:$R$43=AE33,$U$39:$U$43),IF($V$39:$V$43=AE33,$Y$39:$Y$43),IF($Z$39:$Z$43=AE33,$AC$39:$AC$43), IF($B$47:$B$51=AE33,$E$47:$E$51),IF($F$47:$F$51=AE33,$I$47:$I$51),IF($J$47:$J$51=AE33,$M$47:$M$51),IF($N$47:$N$51=AE33,$Q$47:$Q$51),IF($R$47:$R$51=AE33,$U$47:$U$51),IF($V$47:$V$51=AE33,$Y$47:$Y$51),IF($Z$47:$Z$51=AE33,$AC$47:$AC$51))} -> 0
AE34: 28 | AG34: =January!AG34 -> Realestate Taxes | AH34: {=SUM(IF($B$7:$B$11=AE34,$E$7:$E$11),IF($F$7:$F$11=AE34,$I$7:$I$11),IF($J$7:$J$11=AE34,$M$7:$M$11),IF($N$7:$N$11=AE34,$Q$7:$Q$11),IF($R$7:$R$11=AE34,$U$7:$U$11),IF($V$7:$V$11=AE34,$Y$7:$Y$11),IF($Z$7:$Z$11=AE34,$AC$7:$AC$11), IF($B$15:$B$19=AE34,$E$15:$E$19),IF($F$15:$F$19=AE34,$I$15:$I$19),IF($J$15:$J$19=AE34,$M$15:$M$19),IF($N$15:$N$19=AE34,$Q$15:$Q$19),IF($R$15:$R$19=AE34,$U$15:$U$19),IF($V$15:$V$19=AE34,$Y$15:$Y$19),IF($Z$15:$Z$19=AE34,$AC$15:$AC$19), IF($B$23:$B$27=AE34,$E$23:$E$27),IF($F$23:$F$27=AE34,$I$23:$I$27),IF($J$23:$J$27=AE34,$M$23:$M$27),IF($N$23:$N$27=AE34,$Q$23:$Q$27),IF($R$23:$R$27=AE34,$U$23:$U$27),IF($V$23:$V$27=AE34,$Y$23:$Y$27),IF($Z$23:$Z$27=AE34,$AC$23:$AC$27), IF($B$31:$B$35=AE34,$E$31:$E$35),IF($F$31:$F$35=AE34,$I$31:$I$35),IF($J$31:$J$35=AE34,$M$31:$M$35),IF($N$31:$N$35=AE34,$Q$31:$Q$35),IF($R$31:$R$35=AE34,$U$31:$U$35),IF($V$31:$V$35=AE34,$Y$31:$Y$35),IF($Z$31:$Z$35=AE34,$AC$31:$AC$35), IF($B$39:$B$43=AE34,$E$39:$E$43),IF($F$39:$F$43=AE34,$I$39:$I$43),IF($J$39:$J$43=AE34,$M$39:$M$43),IF($N$39:$N$43=AE34,$Q$39:$Q$43),IF($R$39:$R$43=AE34,$U$39:$U$43),IF($V$39:$V$43=AE34,$Y$39:$Y$43),IF($Z$39:$Z$43=AE34,$AC$39:$AC$43), IF($B$47:$B$51=AE34,$E$47:$E$51),IF($F$47:$F$51=AE34,$I$47:$I$51),IF($J$47:$J$51=AE34,$M$47:$M$51),IF($N$47:$N$51=AE34,$Q$47:$Q$51),IF($R$47:$R$51=AE34,$U$47:$U$51),IF($V$47:$V$51=AE34,$Y$47:$Y$51),IF($Z$47:$Z$51=AE34,$AC$47:$AC$51))} -> 0
AE35: 29 | AG35: =January!AG35 -> Home/Renters Insurance | AH35: {=SUM(IF($B$7:$B$11=AE35,$E$7:$E$11),IF($F$7:$F$11=AE35,$I$7:$I$11),IF($J$7:$J$11=AE35,$M$7:$M$11),IF($N$7:$N$11=AE35,$Q$7:$Q$11),IF($R$7:$R$11=AE35,$U$7:$U$11),IF($V$7:$V$11=AE35,$Y$7:$Y$11),IF($Z$7:$Z$11=AE35,$AC$7:$AC$11), IF($B$15:$B$19=AE35,$E$15:$E$19),IF($F$15:$F$19=AE35,$I$15:$I$19),IF($J$15:$J$19=AE35,$M$15:$M$19),IF($N$15:$N$19=AE35,$Q$15:$Q$19),IF($R$15:$R$19=AE35,$U$15:$U$19),IF($V$15:$V$19=AE35,$Y$15:$Y$19),IF($Z$15:$Z$19=AE35,$AC$15:$AC$19), IF($B$23:$B$27=AE35,$E$23:$E$27),IF($F$23:$F$27=AE35,$I$23:$I$27),IF($J$23:$J$27=AE35,$M$23:$M$27),IF($N$23:$N$27=AE35,$Q$23:$Q$27),IF($R$23:$R$27=AE35,$U$23:$U$27),IF($V$23:$V$27=AE35,$Y$23:$Y$27),IF($Z$23:$Z$27=AE35,$AC$23:$AC$27), IF($B$31:$B$35=AE35,$E$31:$E$35),IF($F$31:$F$35=AE35,$I$31:$I$35),IF($J$31:$J$35=AE35,$M$31:$M$35),IF($N$31:$N$35=AE35,$Q$31:$Q$35),IF($R$31:$R$35=AE35,$U$31:$U$35),IF($V$31:$V$35=AE35,$Y$31:$Y$35),IF($Z$31:$Z$35=AE35,$AC$31:$AC$35), IF($B$39:$B$43=AE35,$E$39:$E$43),IF($F$39:$F$43=AE35,$I$39:$I$43),IF($J$39:$J$43=AE35,$M$39:$M$43),IF($N$39:$N$43=AE35,$Q$39:$Q$43),IF($R$39:$R$43=AE35,$U$39:$U$43),IF($V$39:$V$43=AE35,$Y$39:$Y$43),IF($Z$39:$Z$43=AE35,$AC$39:$AC$43), IF($B$47:$B$51=AE35,$E$47:$E$51),IF($F$47:$F$51=AE35,$I$47:$I$51),IF($J$47:$J$51=AE35,$M$47:$M$51),IF($N$47:$N$51=AE35,$Q$47:$Q$51),IF($R$47:$R$51=AE35,$U$47:$U$51),IF($V$47:$V$51=AE35,$Y$47:$Y$51),IF($Z$47:$Z$51=AE35,$AC$47:$AC$51))} -> 0
B36: =Z28+1 -> 15 | D36: Checking | E36: {=AC28+SUM(IF(C31:C35=1,E31:E35))} -> 0 | F36: =B36+1 -> 16 | H36: Checking | I36: {=E36+SUM(IF(G31:G35=1,I31:I35))} -> 0 | J36: =F36+1 -> 17 | L36: Checking | M36: {=I36+SUM(IF(K31:K35=1,M31:M35))} -> 0 | N36: =J36+1 -> 18 | P36: Checking | Q36: {=M36+SUM(IF(O31:O35=1,Q31:Q35))} -> 0 | R36: =N36+1 -> 19 | T36: Checking | U36: {=Q36+SUM(IF(S31:S35=1,U31:U35))} -> 0 | V36: =R36+1 -> 20 | X36: Checking | Y36: {=U36+SUM(IF(W31:W35=1,Y31:Y35))} -> 0 | Z36: =V36+1 -> 21 | AB36: Checking | AC36: {=Y36+SUM(IF(AA31:AA35=1,AC31:AC35))} -> 0 | AE36: 30 | AG36: =January!AG36 -> Home Improvement | AH36: {=SUM(IF($B$7:$B$11=AE36,$E$7:$E$11),IF($F$7:$F$11=AE36,$I$7:$I$11),IF($J$7:$J$11=AE36,$M$7:$M$11),IF($N$7:$N$11=AE36,$Q$7:$Q$11),IF($R$7:$R$11=AE36,$U$7:$U$11),IF($V$7:$V$11=AE36,$Y$7:$Y$11),IF($Z$7:$Z$11=AE36,$AC$7:$AC$11), IF($B$15:$B$19=AE36,$E$15:$E$19),IF($F$15:$F$19=AE36,$I$15:$I$19),IF($J$15:$J$19=AE36,$M$15:$M$19),IF($N$15:$N$19=AE36,$Q$15:$Q$19),IF($R$15:$R$19=AE36,$U$15:$U$19),IF($V$15:$V$19=AE36,$Y$15:$Y$19),IF($Z$15:$Z$19=AE36,$AC$15:$AC$19), IF($B$23:$B$27=AE36,$E$23:$E$27),IF($F$23:$F$27=AE36,$I$23:$I$27),IF($J$23:$J$27=AE36,$M$23:$M$27),IF($N$23:$N$27=AE36,$Q$23:$Q$27),IF($R$23:$R$27=AE36,$U$23:$U$27),IF($V$23:$V$27=AE36,$Y$23:$Y$27),IF($Z$23:$Z$27=AE36,$AC$23:$AC$27), IF($B$31:$B$35=AE36,$E$31:$E$35),IF($F$31:$F$35=AE36,$I$31:$I$35),IF($J$31:$J$35=AE36,$M$31:$M$35),IF($N$31:$N$35=AE36,$Q$31:$Q$35),IF($R$31:$R$35=AE36,$U$31:$U$35),IF($V$31:$V$35=AE36,$Y$31:$Y$35),IF($Z$31:$Z$35=AE36,$AC$31:$AC$35), IF($B$39:$B$43=AE36,$E$39:$E$43),IF($F$39:$F$43=AE36,$I$39:$I$43),IF($J$39:$J$43=AE36,$M$39:$M$43),IF($N$39:$N$43=AE36,$Q$39:$Q$43),IF($R$39:$R$43=AE36,$U$39:$U$43),IF($V$39:$V$43=AE36,$Y$39:$Y$43),IF($Z$39:$Z$43=AE36,$AC$39:$AC$43), IF($B$47:$B$51=AE36,$E$47:$E$51),IF($F$47:$F$51=AE36,$I$47:$I$51),IF($J$47:$J$51=AE36,$M$47:$M$51),IF($N$47:$N$51=AE36,$Q$47:$Q$51),IF($R$47:$R$51=AE36,$U$47:$U$51),IF($V$47:$V$51=AE36,$Y$47:$Y$51),IF($Z$47:$Z$51=AE36,$AC$47:$AC$51))} -> 0
D37: Savings | E37: {=AC29+SUM(IF(C31:C35=2,E31:E35))-SUM(IF(B31:B35={33},E31:E35))} -> 100 | H37: Savings | I37: {=E37+SUM(IF(G31:G35=2,I31:I35))-SUM(IF(F31:F35={33},I31:I35))} -> 100 | L37: Savings | M37: {=I37+SUM(IF(K31:K35=2,M31:M35))-SUM(IF(J31:J35={33},M31:M35))} -> 100 | P37: Savings | Q37: {=M37+SUM(IF(O31:O35=2,Q31:Q35))-SUM(IF(N31:N35={33},Q31:Q35))} -> 100 | T37: Savings | U37: {=Q37+SUM(IF(S31:S35=2,U31:U35))-SUM(IF(R31:R35={33},U31:U35))} -> 100 | X37: Savings | Y37: {=U37+SUM(IF(W31:W35=2,Y31:Y35))-SUM(IF(V31:V35={33},Y31:Y35))} -> 100 | AB37: Savings | AC37: {=Y37+SUM(IF(AA31:AA35=2,AC31:AC35))-SUM(IF(Z31:Z35={33},AC31:AC35))} -> 100 | AE37: 31 | AG37: =January!AG37 -> Other Expenses | AH37: {=SUM(IF($B$7:$B$11=AE37,$E$7:$E$11),IF($F$7:$F$11=AE37,$I$7:$I$11),IF($J$7:$J$11=AE37,$M$7:$M$11),IF($N$7:$N$11=AE37,$Q$7:$Q$11),IF($R$7:$R$11=AE37,$U$7:$U$11),IF($V$7:$V$11=AE37,$Y$7:$Y$11),IF($Z$7:$Z$11=AE37,$AC$7:$AC$11), IF($B$15:$B$19=AE37,$E$15:$E$19),IF($F$15:$F$19=AE37,$I$15:$I$19),IF($J$15:$J$19=AE37,$M$15:$M$19),IF($N$15:$N$19=AE37,$Q$15:$Q$19),IF($R$15:$R$19=AE37,$U$15:$U$19),IF($V$15:$V$19=AE37,$Y$15:$Y$19),IF($Z$15:$Z$19=AE37,$AC$15:$AC$19), IF($B$23:$B$27=AE37,$E$23:$E$27),IF($F$23:$F$27=AE37,$I$23:$I$27),IF($J$23:$J$27=AE37,$M$23:$M$27),IF($N$23:$N$27=AE37,$Q$23:$Q$27),IF($R$23:$R$27=AE37,$U$23:$U$27),IF($V$23:$V$27=AE37,$Y$23:$Y$27),IF($Z$23:$Z$27=AE37,$AC$23:$AC$27), IF($B$31:$B$35=AE37,$E$31:$E$35),IF($F$31:$F$35=AE37,$I$31:$I$35),IF($J$31:$J$35=AE37,$M$31:$M$35),IF($N$31:$N$35=AE37,$Q$31:$Q$35),IF($R$31:$R$35=AE37,$U$31:$U$35),IF($V$31:$V$35=AE37,$Y$31:$Y$35),IF($Z$31:$Z$35=AE37,$AC$31:$AC$35), IF($B$39:$B$43=AE37,$E$39:$E$43),IF($F$39:$F$43=AE37,$I$39:$I$43),IF($J$39:$J$43=AE37,$M$39:$M$43),IF($N$39:$N$43=AE37,$Q$39:$Q$43),IF($R$39:$R$43=AE37,$U$39:$U$43),IF($V$39:$V$43=AE37,$Y$39:$Y$43),IF($Z$39:$Z$43=AE37,$AC$39:$AC$43), IF($B$47:$B$51=AE37,$E$47:$E$51),IF($F$47:$F$51=AE37,$I$47:$I$51),IF($J$47:$J$51=AE37,$M$47:$M$51),IF($N$47:$N$51=AE37,$Q$47:$Q$51),IF($R$47:$R$51=AE37,$U$47:$U$51),IF($V$47:$V$51=AE37,$Y$47:$Y$51),IF($Z$47:$Z$51=AE37,$AC$47:$AC$51))} -> 0
D38: Credit | E38: {=AC30+SUM(IF(C31:C35=3,E31:E35))-SUM(IF(B31:B35={34},E31:E35))} -> -100 | H38: Credit | I38: {=E38+SUM(IF(G31:G35=3,I31:I35))-SUM(IF(F31:F35={34},I31:I35))} -> -100 | L38: Credit | M38: {=I38+SUM(IF(K31:K35=3,M31:M35))-SUM(IF(J31:J35={34},M31:M35))} -> -100 | P38: Credit | Q38: {=M38+SUM(IF(O31:O35=3,Q31:Q35))-SUM(IF(N31:N35={34},Q31:Q35))} -> -100 | T38: Credit | U38: {=Q38+SUM(IF(S31:S35=3,U31:U35))-SUM(IF(R31:R35={34},U31:U35))} -> -100 | X38: Credit | Y38: {=U38+SUM(IF(W31:W35=3,Y31:Y35))-SUM(IF(V31:V35={34},Y31:Y35))} -> -100 | AB38: Credit | AC38: {=Y38+SUM(IF(AA31:AA35=3,AC31:AC35))-SUM(IF(Z31:Z35={34},AC31:AC35))} -> -100 | AE38: 32 | AG38: =January!AG38 -> Add't Exp. (Furnishing) | AH38: {=SUM(IF($B$7:$B$11=AE38,$E$7:$E$11),IF($F$7:$F$11=AE38,$I$7:$I$11),IF($J$7:$J$11=AE38,$M$7:$M$11),IF($N$7:$N$11=AE38,$Q$7:$Q$11),IF($R$7:$R$11=AE38,$U$7:$U$11),IF($V$7:$V$11=AE38,$Y$7:$Y$11),IF($Z$7:$Z$11=AE38,$AC$7:$AC$11), IF($B$15:$B$19=AE38,$E$15:$E$19),IF($F$15:$F$19=AE38,$I$15:$I$19),IF($J$15:$J$19=AE38,$M$15:$M$19),IF($N$15:$N$19=AE38,$Q$15:$Q$19),IF($R$15:$R$19=AE38,$U$15:$U$19),IF($V$15:$V$19=AE38,$Y$15:$Y$19),IF($Z$15:$Z$19=AE38,$AC$15:$AC$19), IF($B$23:$B$27=AE38,$E$23:$E$27),IF($F$23:$F$27=AE38,$I$23:$I$27),IF($J$23:$J$27=AE38,$M$23:$M$27),IF($N$23:$N$27=AE38,$Q$23:$Q$27),IF($R$23:$R$27=AE38,$U$23:$U$27),IF($V$23:$V$27=AE38,$Y$23:$Y$27),IF($Z$23:$Z$27=AE38,$AC$23:$AC$27), IF($B$31:$B$35=AE38,$E$31:$E$35),IF($F$31:$F$35=AE38,$I$31:$I$35),IF($J$31:$J$35=AE38,$M$31:$M$35),IF($N$31:$N$35=AE38,$Q$31:$Q$35),IF($R$31:$R$35=AE38,$U$31:$U$35),IF($V$31:$V$35=AE38,$Y$31:$Y$35),IF($Z$31:$Z$35=AE38,$AC$31:$AC$35), IF($B$39:$B$43=AE38,$E$39:$E$43),IF($F$39:$F$43=AE38,$I$39:$I$43),IF($J$39:$J$43=AE38,$M$39:$M$43),IF($N$39:$N$43=AE38,$Q$39:$Q$43),IF($R$39:$R$43=AE38,$U$39:$U$43),IF($V$39:$V$43=AE38,$Y$39:$Y$43),IF($Z$39:$Z$43=AE38,$AC$39:$AC$43), IF($B$47:$B$51=AE38,$E$47:$E$51),IF($F$47:$F$51=AE38,$I$47:$I$51),IF($J$47:$J$51=AE38,$M$47:$M$51),IF($N$47:$N$51=AE38,$Q$47:$Q$51),IF($R$47:$R$51=AE38,$U$47:$U$51),IF($V$47:$V$51=AE38,$Y$47:$Y$51),IF($Z$47:$Z$51=AE38,$AC$47:$AC$51))} -> 0
AE39: 33 | AG39: Checking to Savings | AH39: {=SUM(IF($B$7:$B$11=AE39,$E$7:$E$11),IF($F$7:$F$11=AE39,$I$7:$I$11),IF($J$7:$J$11=AE39,$M$7:$M$11),IF($N$7:$N$11=AE39,$Q$7:$Q$11),IF($R$7:$R$11=AE39,$U$7:$U$11),IF($V$7:$V$11=AE39,$Y$7:$Y$11),IF($Z$7:$Z$11=AE39,$AC$7:$AC$11), IF($B$15:$B$19=AE39,$E$15:$E$19),IF($F$15:$F$19=AE39,$I$15:$I$19),IF($J$15:$J$19=AE39,$M$15:$M$19),IF($N$15:$N$19=AE39,$Q$15:$Q$19),IF($R$15:$R$19=AE39,$U$15:$U$19),IF($V$15:$V$19=AE39,$Y$15:$Y$19),IF($Z$15:$Z$19=AE39,$AC$15:$AC$19), IF($B$23:$B$27=AE39,$E$23:$E$27),IF($F$23:$F$27=AE39,$I$23:$I$27),IF($J$23:$J$27=AE39,$M$23:$M$27),IF($N$23:$N$27=AE39,$Q$23:$Q$27),IF($R$23:$R$27=AE39,$U$23:$U$27),IF($V$23:$V$27=AE39,$Y$23:$Y$27),IF($Z$23:$Z$27=AE39,$AC$23:$AC$27), IF($B$31:$B$35=AE39,$E$31:$E$35),IF($F$31:$F$35=AE39,$I$31:$I$35),IF($J$31:$J$35=AE39,$M$31:$M$35),IF($N$31:$N$35=AE39,$Q$31:$Q$35),IF($R$31:$R$35=AE39,$U$31:$U$35),IF($V$31:$V$35=AE39,$Y$31:$Y$35),IF($Z$31:$Z$35=AE39,$AC$31:$AC$35), IF($B$39:$B$43=AE39,$E$39:$E$43),IF($F$39:$F$43=AE39,$I$39:$I$43),IF($J$39:$J$43=AE39,$M$39:$M$43),IF($N$39:$N$43=AE39,$Q$39:$Q$43),IF($R$39:$R$43=AE39,$U$39:$U$43),IF($V$39:$V$43=AE39,$Y$39:$Y$43),IF($Z$39:$Z$43=AE39,$AC$39:$AC$43), IF($B$47:$B$51=AE39,$E$47:$E$51),IF($F$47:$F$51=AE39,$I$47:$I$51),IF($J$47:$J$51=AE39,$M$47:$M$51),IF($N$47:$N$51=AE39,$Q$47:$Q$51),IF($R$47:$R$51=AE39,$U$47:$U$51),IF($V$47:$V$51=AE39,$Y$47:$Y$51),IF($Z$47:$Z$51=AE39,$AC$47:$AC$51))} -> 0
AE40: 34 | AG40: Checking to Credit | AH40: {=SUM(IF($B$7:$B$11=AE40,$E$7:$E$11),IF($F$7:$F$11=AE40,$I$7:$I$11),IF($J$7:$J$11=AE40,$M$7:$M$11),IF($N$7:$N$11=AE40,$Q$7:$Q$11),IF($R$7:$R$11=AE40,$U$7:$U$11),IF($V$7:$V$11=AE40,$Y$7:$Y$11),IF($Z$7:$Z$11=AE40,$AC$7:$AC$11), IF($B$15:$B$19=AE40,$E$15:$E$19),IF($F$15:$F$19=AE40,$I$15:$I$19),IF($J$15:$J$19=AE40,$M$15:$M$19),IF($N$15:$N$19=AE40,$Q$15:$Q$19),IF($R$15:$R$19=AE40,$U$15:$U$19),IF($V$15:$V$19=AE40,$Y$15:$Y$19),IF($Z$15:$Z$19=AE40,$AC$15:$AC$19), IF($B$23:$B$27=AE40,$E$23:$E$27),IF($F$23:$F$27=AE40,$I$23:$I$27),IF($J$23:$J$27=AE40,$M$23:$M$27),IF($N$23:$N$27=AE40,$Q$23:$Q$27),IF($R$23:$R$27=AE40,$U$23:$U$27),IF($V$23:$V$27=AE40,$Y$23:$Y$27),IF($Z$23:$Z$27=AE40,$AC$23:$AC$27), IF($B$31:$B$35=AE40,$E$31:$E$35),IF($F$31:$F$35=AE40,$I$31:$I$35),IF($J$31:$J$35=AE40,$M$31:$M$35),IF($N$31:$N$35=AE40,$Q$31:$Q$35),IF($R$31:$R$35=AE40,$U$31:$U$35),IF($V$31:$V$35=AE40,$Y$31:$Y$35),IF($Z$31:$Z$35=AE40,$AC$31:$AC$35), IF($B$39:$B$43=AE40,$E$39:$E$43),IF($F$39:$F$43=AE40,$I$39:$I$43),IF($J$39:$J$43=AE40,$M$39:$M$43),IF($N$39:$N$43=AE40,$Q$39:$Q$43),IF($R$39:$R$43=AE40,$U$39:$U$43),IF($V$39:$V$43=AE40,$Y$39:$Y$43),IF($Z$39:$Z$43=AE40,$AC$39:$AC$43), IF($B$47:$B$51=AE40,$E$47:$E$51),IF($F$47:$F$51=AE40,$I$47:$I$51),IF($J$47:$J$51=AE40,$M$47:$M$51),IF($N$47:$N$51=AE40,$Q$47:$Q$51),IF($R$47:$R$51=AE40,$U$47:$U$51),IF($V$47:$V$51=AE40,$Y$47:$Y$51),IF($Z$47:$Z$51=AE40,$AC$47:$AC$51))} -> 0
B44: =Z36+1 -> 22 | D44: Checking | E44: {=AC36+SUM(IF(C39:C43=1,E39:E43))} -> 0 | F44: =B44+1 -> 23 | H44: Checking | I44: {=E44+SUM(IF(G39:G43=1,I39:I43))} -> 0 | J44: =F44+1 -> 24 | L44: Checking | M44: {=I44+SUM(IF(K39:K43=1,M39:M43))} -> 0 | N44: =J44+1 -> 25 | P44: Checking | Q44: {=M44+SUM(IF(O39:O43=1,Q39:Q43))} -> 0 | R44: =N44+1 -> 26 | T44: Checking | U44: {=Q44+SUM(IF(S39:S43=1,U39:U43))} -> 0 | V44: =R44+1 -> 27 | X44: Checking | Y44: {=U44+SUM(IF(W39:W43=1,Y39:Y43))} -> 0 | Z44: =V44+1 -> 28 | AB44: Checking | AC44: {=Y44+SUM(IF(AA39:AA43=1,AC39:AC43))} -> 0
D45: Savings | E45: {=AC37+SUM(IF(C39:C43=2,E39:E43))-SUM(IF(B39:B43={33},E39:E43))} -> 100 | H45: Savings | I45: {=E45+SUM(IF(G39:G43=2,I39:I43))-SUM(IF(F39:F43={33},I39:I43))} -> 100 | L45: Savings | M45: {=I45+SUM(IF(K39:K43=2,M39:M43))-SUM(IF(J39:J43={33},M39:M43))} -> 100 | P45: Savings | Q45: {=M45+SUM(IF(O39:O43=2,Q39:Q43))-SUM(IF(N39:N43={33},Q39:Q43))} -> 100 | T45: Savings | U45: {=Q45+SUM(IF(S39:S43=2,U39:U43))-SUM(IF(R39:R43={33},U39:U43))} -> 100 | X45: Savings | Y45: {=U45+SUM(IF(W39:W43=2,Y39:Y43))-SUM(IF(V39:V43={33},Y39:Y43))} -> 100 | AB45: Savings | AC45: {=Y45+SUM(IF(AA39:AA43=2,AC39:AC43))-SUM(IF(Z39:Z43={33},AC39:AC43))} -> 100
D46: Credit | E46: {=AC38+SUM(IF(C39:C43=3,E39:E43))-SUM(IF(B39:B43={34},E39:E43))} -> -100 | H46: Credit | I46: {=E46+SUM(IF(G39:G43=3,I39:I43))-SUM(IF(F39:F43={34},I39:I43))} -> -100 | L46: Credit | M46: {=I46+SUM(IF(K39:K43=3,M39:M43))-SUM(IF(J39:J43={34},M39:M43))} -> -100 | P46: Credit | Q46: {=M46+SUM(IF(O39:O43=3,Q39:Q43))-SUM(IF(N39:N43={34},Q39:Q43))} -> -100 | T46: Credit | U46: {=Q46+SUM(IF(S39:S43=3,U39:U43))-SUM(IF(R39:R43={34},U39:U43))} -> -100 | X46: Credit | Y46: {=U46+SUM(IF(W39:W43=3,Y39:Y43))-SUM(IF(V39:V43={34},Y39:Y43))} -> -100 | AB46: Credit | AC46: {=Y46+SUM(IF(AA39:AA43=3,AC39:AC43))-SUM(IF(Z39:Z43={34},AC39:AC43))} -> -100
B52: 1 | D52: Checking | E52: {=AC44+SUM(IF(C47:C51=1,E47:E51))} -> 0 | F52: =B52+1 -> 2 | H52: Checking | I52: {=E52+SUM(IF(G47:G51=1,I47:I51))} -> 0 | J52: =F52+1 -> 3 | L52: Checking | M52: {=I52+SUM(IF(K47:K51=1,M47:M51))} -> 0 | N52: =J52+1 -> 4 | P52: Checking | Q52: {=M52+SUM(IF(O47:O51=1,Q47:Q51))} -> 0 | R52: =N52+1 -> 5 | T52: Checking | U52: {=Q52+SUM(IF(S47:S51=1,U47:U51))} -> 0 | V52: =R52+1 -> 6 | X52: Checking | Y52: {=U52+SUM(IF(W47:W51=1,Y47:Y51))} -> 0 | Z52: =V52+1 -> 7 | AB52: Checking | AC52: {=Y52+SUM(IF(AA47:AA51=1,AC47:AC51))} -> 0
D53: Savings | E53: {=AC45+SUM(IF(C47:C51=2,E47:E51))-SUM(IF(B47:B51={33},E47:E51))} -> 100 | H53: Savings | I53: {=E53+SUM(IF(G47:G51=2,I47:I51))-SUM(IF(F47:F51={33},I47:I51))} -> 100 | L53: Savings | M53: {=I53+SUM(IF(K47:K51=2,M47:M51))-SUM(IF(J47:J51={33},M47:M51))} -> 100 | P53: Savings | Q53: {=M53+SUM(IF(O47:O51=2,Q47:Q51))-SUM(IF(N47:N51={33},Q47:Q51))} -> 100 | T53: Savings | U53: {=Q53+SUM(IF(S47:S51=2,U47:U51))-SUM(IF(R47:R51={33},U47:U51))} -> 100 | X53: Savings | Y53: {=U53+SUM(IF(W47:W51=2,Y47:Y51))-SUM(IF(V47:V51={33},Y47:Y51))} -> 100 | AB53: Savings | AC53: {=Y53+SUM(IF(AA47:AA51=2,AC47:AC51))-SUM(IF(Z47:Z51={33},AC47:AC51))} -> 100
D54: Credit | E54: {=AC46+SUM(IF(C47:C51=3,E47:E51))-SUM(IF(B47:B51={34},E47:E51))} -> -100 | H54: Credit | I54: {=E54+SUM(IF(G47:G51=3,I47:I51))-SUM(IF(F47:F51={34},I47:I51))} -> -100 | L54: Credit | M54: {=I54+SUM(IF(K47:K51=3,M47:M51))-SUM(IF(J47:J51={34},M47:M51))} -> -100 | P54: Credit | Q54: {=M54+SUM(IF(O47:O51=3,Q47:Q51))-SUM(IF(N47:N51={34},Q47:Q51))} -> -100 | T54: Credit | U54: {=Q54+SUM(IF(S47:S51=3,U47:U51))-SUM(IF(R47:R51={34},U47:U51))} -> -100 | X54: Credit | Y54: {=U54+SUM(IF(W47:W51=3,Y47:Y51))-SUM(IF(V47:V51={34},Y47:Y51))} -> -100 | AB54: Credit | AC54: {=Y54+SUM(IF(AA47:AA51=3,AC47:AC51))-SUM(IF(Z47:Z51={34},AC47:AC51))} -> -100
D55: Checking Balance: | E55: =M52 -> 0 | H55: =E55-E2 -> 0
D56: Savings Balance: | E56: =M53 -> 100 | H56: =E56-E3 -> 0
D57: Credit Balance: | E57: =M54 -> -100 | H57: =E57-E4 -> 0

Sheet March
AE1: Account Code
D2: Checking Balance: | E2: =February!E55 -> 0 | F2: =REPLACE(CELL("filename",A1),1,FIND("]",CELL("filename",A1)),"") & " " &Year -> March 2026 | AE2: 1 | AG2: Checking
D3: Savings Balance: | E3: =February!E56 -> 100 | AE3: 2 | AG3: Savings
D4: Credit Balance: | E4: =February!E57 -> -100 | AE4: 3 | AG4: Credit
B5: Sunday | F5: Monday | J5: Tuesday | N5: Wednesday | R5: Thursday | V5: Friday | Z5: Saturday | AE5: Charge Codes | AH5: Summary
B6: B | C6: A | D6: Desc. | E6: Amt. | F6: B | G6: A | H6: Desc. | I6: Amt. | J6: B | K6: A | L6: Desc. | M6: Amt. | N6: B | O6: A | P6: Desc. | Q6: Amt. | R6: B | S6: A | T6: Desc. | U6: Amt. | V6: B | W6: A | X6: Desc. | Y6: Amt. | Z6: B | AA6: A | AB6: Desc. | AC6: Amt. | AE6: 0 | AG6: Income/Reimbursements | AH6: {=SUM(IF($B$7:$B$11=AE6,$E$7:$E$11),IF($F$7:$F$11=AE6,$I$7:$I$11),IF($J$7:$J$11=AE6,$M$7:$M$11),IF($N$7:$N$11=AE6,$Q$7:$Q$11),IF($R$7:$R$11=AE6,$U$7:$U$11),IF($V$7:$V$11=AE6,$Y$7:$Y$11),IF($Z$7:$Z$11=AE6,$AC$7:$AC$11), IF($B$15:$B$19=AE6,$E$15:$E$19),IF($F$15:$F$19=AE6,$I$15:$I$19),IF($J$15:$J$19=AE6,$M$15:$M$19),IF($N$15:$N$19=AE6,$Q$15:$Q$19),IF($R$15:$R$19=AE6,$U$15:$U$19),IF($V$15:$V$19=AE6,$Y$15:$Y$19),IF($Z$15:$Z$19=AE6,$AC$15:$AC$19), IF($B$23:$B$27=AE6,$E$23:$E$27),IF($F$23:$F$27=AE6,$I$23:$I$27),IF($J$23:$J$27=AE6,$M$23:$M$27),IF($N$23:$N$27=AE6,$Q$23:$Q$27),IF($R$23:$R$27=AE6,$U$23:$U$27),IF($V$23:$V$27=AE6,$Y$23:$Y$27),IF($Z$23:$Z$27=AE6,$AC$23:$AC$27), IF($B$31:$B$35=AE6,$E$31:$E$35),IF($F$31:$F$35=AE6,$I$31:$I$35),IF($J$31:$J$35=AE6,$M$31:$M$35),IF($N$31:$N$35=AE6,$Q$31:$Q$35),IF($R$31:$R$35=AE6,$U$31:$U$35),IF($V$31:$V$35=AE6,$Y$31:$Y$35),IF($Z$31:$Z$35=AE6,$AC$31:$AC$35), IF($B$39:$B$43=AE6,$E$39:$E$43),IF($F$39:$F$43=AE6,$I$39:$I$43),IF($J$39:$J$43=AE6,$M$39:$M$43),IF($N$39:$N$43=AE6,$Q$39:$Q$43),IF($R$39:$R$43=AE6,$U$39:$U$43),IF($V$39:$V$43=AE6,$Y$39:$Y$43),IF($Z$39:$Z$43=AE6,$AC$39:$AC$43), IF($B$47:$B$51=AE6,$E$47:$E$51),IF($F$47:$F$51=AE6,$I$47:$I$51),IF($J$47:$J$51=AE6,$M$47:$M$51),IF($N$47:$N$51=AE6,$Q$47:$Q$51),IF($R$47:$R$51=AE6,$U$47:$U$51),IF($V$47:$V$51=AE6,$Y$47:$Y$51),IF($Z$47:$Z$51=AE6,$AC$47:$AC$51))} -> 0
AE7: 1 | AG7: =January!AG7 -> Groceries | AH7: {=SUM(IF($B$7:$B$11=AE7,$E$7:$E$11),IF($F$7:$F$11=AE7,$I$7:$I$11),IF($J$7:$J$11=AE7,$M$7:$M$11),IF($N$7:$N$11=AE7,$Q$7:$Q$11),IF($R$7:$R$11=AE7,$U$7:$U$11),IF($V$7:$V$11=AE7,$Y$7:$Y$11),IF($Z$7:$Z$11=AE7,$AC$7:$AC$11), IF($B$15:$B$19=AE7,$E$15:$E$19),IF($F$15:$F$19=AE7,$I$15:$I$19),IF($J$15:$J$19=AE7,$M$15:$M$19),IF($N$15:$N$19=AE7,$Q$15:$Q$19),IF($R$15:$R$19=AE7,$U$15:$U$19),IF($V$15:$V$19=AE7,$Y$15:$Y$19),IF($Z$15:$Z$19=AE7,$AC$15:$AC$19), IF($B$23:$B$27=AE7,$E$23:$E$27),IF($F$23:$F$27=AE7,$I$23:$I$27),IF($J$23:$J$27=AE7,$M$23:$M$27),IF($N$23:$N$27=AE7,$Q$23:$Q$27),IF($R$23:$R$27=AE7,$U$23:$U$27),IF($V$23:$V$27=AE7,$Y$23:$Y$27),IF($Z$23:$Z$27=AE7,$AC$23:$AC$27), IF($B$31:$B$35=AE7,$E$31:$E$35),IF($F$31:$F$35=AE7,$I$31:$I$35),IF($J$31:$J$35=AE7,$M$31:$M$35),IF($N$31:$N$35=AE7,$Q$31:$Q$35),IF($R$31:$R$35=AE7,$U$31:$U$35),IF($V$31:$V$35=AE7,$Y$31:$Y$35),IF($Z$31:$Z$35=AE7,$AC$31:$AC$35), IF($B$39:$B$43=AE7,$E$39:$E$43),IF($F$39:$F$43=AE7,$I$39:$I$43),IF($J$39:$J$43=AE7,$M$39:$M$43),IF($N$39:$N$43=AE7,$Q$39:$Q$43),IF($R$39:$R$43=AE7,$U$39:$U$43),IF($V$39:$V$43=AE7,$Y$39:$Y$43),IF($Z$39:$Z$43=AE7,$AC$39:$AC$43), IF($B$47:$B$51=AE7,$E$47:$E$51),IF($F$47:$F$51=AE7,$I$47:$I$51),IF($J$47:$J$51=AE7,$M$47:$M$51),IF($N$47:$N$51=AE7,$Q$47:$Q$51),IF($R$47:$R$51=AE7,$U$47:$U$51),IF($V$47:$V$51=AE7,$Y$47:$Y$51),IF($Z$47:$Z$51=AE7,$AC$47:$AC$51))} -> 0
AE8: 2 | AG8: =January!AG8 -> Gasoline | AH8: {=SUM(IF($B$7:$B$11=AE8,$E$7:$E$11),IF($F$7:$F$11=AE8,$I$7:$I$11),IF($J$7:$J$11=AE8,$M$7:$M$11),IF($N$7:$N$11=AE8,$Q$7:$Q$11),IF($R$7:$R$11=AE8,$U$7:$U$11),IF($V$7:$V$11=AE8,$Y$7:$Y$11),IF($Z$7:$Z$11=AE8,$AC$7:$AC$11), IF($B$15:$B$19=AE8,$E$15:$E$19),IF($F$15:$F$19=AE8,$I$15:$I$19),IF($J$15:$J$19=AE8,$M$15:$M$19),IF($N$15:$N$19=AE8,$Q$15:$Q$19),IF($R$15:$R$19=AE8,$U$15:$U$19),IF($V$15:$V$19=AE8,$Y$15:$Y$19),IF($Z$15:$Z$19=AE8,$AC$15:$AC$19), IF($B$23:$B$27=AE8,$E$23:$E$27),IF($F$23:$F$27=AE8,$I$23:$I$27),IF($J$23:$J$27=AE8,$M$23:$M$27),IF($N$23:$N$27=AE8,$Q$23:$Q$27),IF($R$23:$R$27=AE8,$U$23:$U$27),IF($V$23:$V$27=AE8,$Y$23:$Y$27),IF($Z$23:$Z$27=AE8,$AC$23:$AC$27), IF($B$31:$B$35=AE8,$E$31:$E$35),IF($F$31:$F$35=AE8,$I$31:$I$35),IF($J$31:$J$35=AE8,$M$31:$M$35),IF($N$31:$N$35=AE8,$Q$31:$Q$35),IF($R$31:$R$35=AE8,$U$31:$U$35),IF($V$31:$V$35=AE8,$Y$31:$Y$35),IF($Z$31:$Z$35=AE8,$AC$31:$AC$35), IF($B$39:$B$43=AE8,$E$39:$E$43),IF($F$39:$F$43=AE8,$I$39:$I$43),IF($J$39:$J$43=AE8,$M$39:$M$43),IF($N$39:$N$43=AE8,$Q$39:$Q$43),IF($R$39:$R$43=AE8,$U$39:$U$43),IF($V$39:$V$43=AE8,$Y$39:$Y$43),IF($Z$39:$Z$43=AE8,$AC$39:$AC$43), IF($B$47:$B$51=AE8,$E$47:$E$51),IF($F$47:$F$51=AE8,$I$47:$I$51),IF($J$47:$J$51=AE8,$M$47:$M$51),IF($N$47:$N$51=AE8,$Q$47:$Q$51),IF($R$47:$R$51=AE8,$U$47:$U$51),IF($V$47:$V$51=AE8,$Y$47:$Y$51),IF($Z$47:$Z$51=AE8,$AC$47:$AC$51))} -> 0
AE9: 3 | AG9: =January!AG9 -> User 1 CASH | AH9: {=SUM(IF($B$7:$B$11=AE9,$E$7:$E$11),IF($F$7:$F$11=AE9,$I$7:$I$11),IF($J$7:$J$11=AE9,$M$7:$M$11),IF($N$7:$N$11=AE9,$Q$7:$Q$11),IF($R$7:$R$11=AE9,$U$7:$U$11),IF($V$7:$V$11=AE9,$Y$7:$Y$11),IF($Z$7:$Z$11=AE9,$AC$7:$AC$11), IF($B$15:$B$19=AE9,$E$15:$E$19),IF($F$15:$F$19=AE9,$I$15:$I$19),IF($J$15:$J$19=AE9,$M$15:$M$19),IF($N$15:$N$19=AE9,$Q$15:$Q$19),IF($R$15:$R$19=AE9,$U$15:$U$19),IF($V$15:$V$19=AE9,$Y$15:$Y$19),IF($Z$15:$Z$19=AE9,$AC$15:$AC$19), IF($B$23:$B$27=AE9,$E$23:$E$27),IF($F$23:$F$27=AE9,$I$23:$I$27),IF($J$23:$J$27=AE9,$M$23:$M$27),IF($N$23:$N$27=AE9,$Q$23:$Q$27),IF($R$23:$R$27=AE9,$U$23:$U$27),IF($V$23:$V$27=AE9,$Y$23:$Y$27),IF($Z$23:$Z$27=AE9,$AC$23:$AC$27), IF($B$31:$B$35=AE9,$E$31:$E$35),IF($F$31:$F$35=AE9,$I$31:$I$35),IF($J$31:$J$35=AE9,$M$31:$M$35),IF($N$31:$N$35=AE9,$Q$31:$Q$35),IF($R$31:$R$35=AE9,$U$31:$U$35),IF($V$31:$V$35=AE9,$Y$31:$Y$35),IF($Z$31:$Z$35=AE9,$AC$31:$AC$35), IF($B$39:$B$43=AE9,$E$39:$E$43),IF($F$39:$F$43=AE9,$I$39:$I$43),IF($J$39:$J$43=AE9,$M$39:$M$43),IF($N$39:$N$43=AE9,$Q$39:$Q$43),IF($R$39:$R$43=AE9,$U$39:$U$43),IF($V$39:$V$43=AE9,$Y$39:$Y$43),IF($Z$39:$Z$43=AE9,$AC$39:$AC$43), IF($B$47:$B$51=AE9,$E$47:$E$51),IF($F$47:$F$51=AE9,$I$47:$I$51),IF($J$47:$J$51=AE9,$M$47:$M$51),IF($N$47:$N$51=AE9,$Q$47:$Q$51),IF($R$47:$R$51=AE9,$U$47:$U$51),IF($V$47:$V$51=AE9,$Y$47:$Y$51),IF($Z$47:$Z$51=AE9,$AC$47:$AC$51))} -> 0
AE10: 4 | AG10: =January!AG10 -> User 2 CASH | AH10: {=SUM(IF($B$7:$B$11=AE10,$E$7:$E$11),IF($F$7:$F$11=AE10,$I$7:$I$11),IF($J$7:$J$11=AE10,$M$7:$M$11),IF($N$7:$N$11=AE10,$Q$7:$Q$11),IF($R$7:$R$11=AE10,$U$7:$U$11),IF($V$7:$V$11=AE10,$Y$7:$Y$11),IF($Z$7:$Z$11=AE10,$AC$7:$AC$11), IF($B$15:$B$19=AE10,$E$15:$E$19),IF($F$15:$F$19=AE10,$I$15:$I$19),IF($J$15:$J$19=AE10,$M$15:$M$19),IF($N$15:$N$19=AE10,$Q$15:$Q$19),IF($R$15:$R$19=AE10,$U$15:$U$19),IF($V$15:$V$19=AE10,$Y$15:$Y$19),IF($Z$15:$Z$19=AE10,$AC$15:$AC$19), IF($B$23:$B$27=AE10,$E$23:$E$27),IF($F$23:$F$27=AE10,$I$23:$I$27),IF($J$23:$J$27=AE10,$M$23:$M$27),IF($N$23:$N$27=AE10,$Q$23:$Q$27),IF($R$23:$R$27=AE10,$U$23:$U$27),IF($V$23:$V$27=AE10,$Y$23:$Y$27),IF($Z$23:$Z$27=AE10,$AC$23:$AC$27), IF($B$31:$B$35=AE10,$E$31:$E$35),IF($F$31:$F$35=AE10,$I$31:$I$35),IF($J$31:$J$35=AE10,$M$31:$M$35),IF($N$31:$N$35=AE10,$Q$31:$Q$35),IF($R$31:$R$35=AE10,$U$31:$U$35),IF($V$31:$V$35=AE10,$Y$31:$Y$35),IF($Z$31:$Z$35=AE10,$AC$31:$AC$35), IF($B$39:$B$43=AE10,$E$39:$E$43),IF($F$39:$F$43=AE10,$I$39:$I$43),IF($J$39:$J$43=AE10,$M$39:$M$43),IF($N$39:$N$43=AE10,$Q$39:$Q$43),IF($R$39:$R$43=AE10,$U$39:$U$43),IF($V$39:$V$43=AE10,$Y$39:$Y$43),IF($Z$39:$Z$43=AE10,$AC$39:$AC$43), IF($B$47:$B$51=AE10,$E$47:$E$51),IF($F$47:$F$51=AE10,$I$47:$I$51),IF($J$47:$J$51=AE10,$M$47:$M$51),IF($N$47:$N$51=AE10,$Q$47:$Q$51),IF($R$47:$R$51=AE10,$U$47:$U$51),IF($V$47:$V$51=AE10,$Y$47:$Y$51),IF($Z$47:$Z$51=AE10,$AC$47:$AC$51))} -> 0
AE11: 5 | AG11: =January!AG11 -> Recreation | AH11: {=SUM(IF($B$7:$B$11=AE11,$E$7:$E$11),IF($F$7:$F$11=AE11,$I$7:$I$11),IF($J$7:$J$11=AE11,$M$7:$M$11),IF($N$7:$N$11=AE11,$Q$7:$Q$11),IF($R$7:$R$11=AE11,$U$7:$U$11),IF($V$7:$V$11=AE11,$Y$7:$Y$11),IF($Z$7:$Z$11=AE11,$AC$7:$AC$11), IF($B$15:$B$19=AE11,$E$15:$E$19),IF($F$15:$F$19=AE11,$I$15:$I$19),IF($J$15:$J$19=AE11,$M$15:$M$19),IF($N$15:$N$19=AE11,$Q$15:$Q$19),IF($R$15:$R$19=AE11,$U$15:$U$19),IF($V$15:$V$19=AE11,$Y$15:$Y$19),IF($Z$15:$Z$19=AE11,$AC$15:$AC$19), IF($B$23:$B$27=AE11,$E$23:$E$27),IF($F$23:$F$27=AE11,$I$23:$I$27),IF($J$23:$J$27=AE11,$M$23:$M$27),IF($N$23:$N$27=AE11,$Q$23:$Q$27),IF($R$23:$R$27=AE11,$U$23:$U$27),IF($V$23:$V$27=AE11,$Y$23:$Y$27),IF($Z$23:$Z$27=AE11,$AC$23:$AC$27), IF($B$31:$B$35=AE11,$E$31:$E$35),IF($F$31:$F$35=AE11,$I$31:$I$35),IF($J$31:$J$35=AE11,$M$31:$M$35),IF($N$31:$N$35=AE11,$Q$31:$Q$35),IF($R$31:$R$35=AE11,$U$31:$U$35),IF($V$31:$V$35=AE11,$Y$31:$Y$35),IF($Z$31:$Z$35=AE11,$AC$31:$AC$35), IF($B$39:$B$43=AE11,$E$39:$E$43),IF($F$39:$F$43=AE11,$I$39:$I$43),IF($J$39:$J$43=AE11,$M$39:$M$43),IF($N$39:$N$43=AE11,$Q$39:$Q$43),IF($R$39:$R$43=AE11,$U$39:$U$43),IF($V$39:$V$43=AE11,$Y$39:$Y$43),IF($Z$39:$Z$43=AE11,$AC$39:$AC$43), IF($B$47:$B$51=AE11,$E$47:$E$51),IF($F$47:$F$51=AE11,$I$47:$I$51),IF($J$47:$J$51=AE11,$M$47:$M$51),IF($N$47:$N$51=AE11,$Q$47:$Q$51),IF($R$47:$R$51=AE11,$U$47:$U$51),IF($V$47:$V$51=AE11,$Y$47:$Y$51),IF($Z$47:$Z$51=AE11,$AC$47:$AC$51))} -> 0
B12: 1 | D12: Checking | E12: {=E2+SUM(IF(C7:C11=1,E7:E11))} -> 0 | F12: =B12+1 -> 2 | H12: Checking | I12: {=E12+SUM(IF(G7:G11=1,I7:I11))} -> 0 | J12: =F12+1 -> 3 | L12: Checking | M12: {=I12+SUM(IF(K7:K11=1,M7:M11))} -> 0 | N12: =J12+1 -> 4 | P12: Checking | Q12: {=M12+SUM(IF(O7:O11=1,Q7:Q11))} -> 0 | R12: =N12+1 -> 5 | T12: Checking | U12: {=Q12+SUM(IF(S7:S11=1,U7:U11))} -> 0 | V12: =R12+1 -> 6 | X12: Checking | Y12: {=U12+SUM(IF(W7:W11=1,Y7:Y11))} -> 0 | Z12: =V12+1 -> 7 | AB12: Checking | AC12: {=Y12+SUM(IF(AA7:AA11=1,AC7:AC11))} -> 0 | AE12: 6 | AG12: =January!AG12 -> Work Exp | AH12: {=SUM(IF($B$7:$B$11=AE12,$E$7:$E$11),IF($F$7:$F$11=AE12,$I$7:$I$11),IF($J$7:$J$11=AE12,$M$7:$M$11),IF($N$7:$N$11=AE12,$Q$7:$Q$11),IF($R$7:$R$11=AE12,$U$7:$U$11),IF($V$7:$V$11=AE12,$Y$7:$Y$11),IF($Z$7:$Z$11=AE12,$AC$7:$AC$11), IF($B$15:$B$19=AE12,$E$15:$E$19),IF($F$15:$F$19=AE12,$I$15:$I$19),IF($J$15:$J$19=AE12,$M$15:$M$19),IF($N$15:$N$19=AE12,$Q$15:$Q$19),IF($R$15:$R$19=AE12,$U$15:$U$19),IF($V$15:$V$19=AE12,$Y$15:$Y$19),IF($Z$15:$Z$19=AE12,$AC$15:$AC$19), IF($B$23:$B$27=AE12,$E$23:$E$27),IF($F$23:$F$27=AE12,$I$23:$I$27),IF($J$23:$J$27=AE12,$M$23:$M$27),IF($N$23:$N$27=AE12,$Q$23:$Q$27),IF($R$23:$R$27=AE12,$U$23:$U$27),IF($V$23:$V$27=AE12,$Y$23:$Y$27),IF($Z$23:$Z$27=AE12,$AC$23:$AC$27), IF($B$31:$B$35=AE12,$E$31:$E$35),IF($F$31:$F$35=AE12,$I$31:$I$35),IF($J$31:$J$35=AE12,$M$31:$M$35),IF($N$31:$N$35=AE12,$Q$31:$Q$35),IF($R$31:$R$35=AE12,$U$31:$U$35),IF($V$31:$V$35=AE12,$Y$31:$Y$35),IF($Z$31:$Z$35=AE12,$AC$31:$AC$35), IF($B$39:$B$43=AE12,$E$39:$E$43),IF($F$39:$F$43=AE12,$I$39:$I$43),IF($J$39:$J$43=AE12,$M$39:$M$43),IF($N$39:$N$43=AE12,$Q$39:$Q$43),IF($R$39:$R$43=AE12,$U$39:$U$43),IF($V$39:$V$43=AE12,$Y$39:$Y$43),IF($Z$39:$Z$43=AE12,$AC$39:$AC$43), IF($B$47:$B$51=AE12,$E$47:$E$51),IF($F$47:$F$51=AE12,$I$47:$I$51),IF($J$47:$J$51=AE12,$M$47:$M$51),IF($N$47:$N$51=AE12,$Q$47:$Q$51),IF($R$47:$R$51=AE12,$U$47:$U$51),IF($V$47:$V$51=AE12,$Y$47:$Y$51),IF($Z$47:$Z$51=AE12,$AC$47:$AC$51))} -> 0
D13: Savings | E13: {=E3+SUM(IF(C7:C11=2,E7:E11))-SUM(IF(B7:B11={33},E7:E11))} -> 100 | H13: Savings | I13: {=E13+SUM(IF(G7:G11=2,I7:I11))-SUM(IF(F7:F11={33},I7:I11))} -> 100 | L13: Savings | M13: {=I13+SUM(IF(K7:K11=2,M7:M11))-SUM(IF(J7:J11={33},M7:M11))} -> 100 | P13: Savings | Q13: {=M13+SUM(IF(O7:O11=2,Q7:Q11))-SUM(IF(N7:N11={33},Q7:Q11))} -> 100 | T13: Savings | U13: {=Q13+SUM(IF(S7:S11=2,U7:U11))-SUM(IF(R7:R11={33},U7:U11))} -> 100 | X13: Savings | Y13: {=U13+SUM(IF(W7:W11=2,Y7:Y11))-SUM(IF(V7:V11={33},Y7:Y11))} -> 100 | AB13: Savings | AC13: {=Y13+SUM(IF(AA7:AA11=2,AC7:AC11))-SUM(IF(Z7:Z11={33},AC7:AC11))} -> 100 | AE13: 7 | AG13: =January!AG13 -> Rent / 1st Mortgage | AH13: {=SUM(IF($B$7:$B$11=AE13,$E$7:$E$11),IF($F$7:$F$11=AE13,$I$7:$I$11),IF($J$7:$J$11=AE13,$M$7:$M$11),IF($N$7:$N$11=AE13,$Q$7:$Q$11),IF($R$7:$R$11=AE13,$U$7:$U$11),IF($V$7:$V$11=AE13,$Y$7:$Y$11),IF($Z$7:$Z$11=AE13,$AC$7:$AC$11), IF($B$15:$B$19=AE13,$E$15:$E$19),IF($F$15:$F$19=AE13,$I$15:$I$19),IF($J$15:$J$19=AE13,$M$15:$M$19),IF($N$15:$N$19=AE13,$Q$15:$Q$19),IF($R$15:$R$19=AE13,$U$15:$U$19),IF($V$15:$V$19=AE13,$Y$15:$Y$19),IF($Z$15:$Z$19=AE13,$AC$15:$AC$19), IF($B$23:$B$27=AE13,$E$23:$E$27),IF($F$23:$F$27=AE13,$I$23:$I$27),IF($J$23:$J$27=AE13,$M$23:$M$27),IF($N$23:$N$27=AE13,$Q$23:$Q$27),IF($R$23:$R$27=AE13,$U$23:$U$27),IF($V$23:$V$27=AE13,$Y$23:$Y$27),IF($Z$23:$Z$27=AE13,$AC$23:$AC$27), IF($B$31:$B$35=AE13,$E$31:$E$35),IF($F$31:$F$35=AE13,$I$31:$I$35),IF($J$31:$J$35=AE13,$M$31:$M$35),IF($N$31:$N$35=AE13,$Q$31:$Q$35),IF($R$31:$R$35=AE13,$U$31:$U$35),IF($V$31:$V$35=AE13,$Y$31:$Y$35),IF($Z$31:$Z$35=AE13,$AC$31:$AC$35), IF($B$39:$B$43=AE13,$E$39:$E$43),IF($F$39:$F$43=AE13,$I$39:$I$43),IF($J$39:$J$43=AE13,$M$39:$M$43),IF($N$39:$N$43=AE13,$Q$39:$Q$43),IF($R$39:$R$43=AE13,$U$39:$U$43),IF($V$39:$V$43=AE13,$Y$39:$Y$43),IF($Z$39:$Z$43=AE13,$AC$39:$AC$43), IF($B$47:$B$51=AE13,$E$47:$E$51),IF($F$47:$F$51=AE13,$I$47:$I$51),IF($J$47:$J$51=AE13,$M$47:$M$51),IF($N$47:$N$51=AE13,$Q$47:$Q$51),IF($R$47:$R$51=AE13,$U$47:$U$51),IF($V$47:$V$51=AE13,$Y$47:$Y$51),IF($Z$47:$Z$51=AE13,$AC$47:$AC$51))} -> 0
D14: Credit | E14: {=E4+SUM(IF(C7:C11=3,E7:E11))-SUM(IF(B7:B11={34},E7:E11))} -> -100 | H14: Credit | I14: {=E14+SUM(IF(G7:G11=3,I7:I11))-SUM(IF(F7:F11={34},I7:I11))} -> -100 | L14: Credit | M14: {=I14+SUM(IF(K7:K11=3,M7:M11))-SUM(IF(J7:J11={34},M7:M11))} -> -100 | P14: Credit | Q14: {=M14+SUM(IF(O7:O11=3,Q7:Q11))-SUM(IF(N7:N11={34},Q7:Q11))} -> -100 | T14: Credit | U14: {=Q14+SUM(IF(S7:S11=3,U7:U11))-SUM(IF(R7:R11={34},U7:U11))} -> -100 | X14: Credit | Y14: {=U14+SUM(IF(W7:W11=3,Y7:Y11))-SUM(IF(V7:V11={34},Y7:Y11))} -> -100 | AB14: Credit | AC14: {=Y14+SUM(IF(AA7:AA11=3,AC7:AC11))-SUM(IF(Z7:Z11={34},AC7:AC11))} -> -100 | AE14: 8 | AG14: =January!AG14 -> 2nd Mortgage | AH14: {=SUM(IF($B$7:$B$11=AE14,$E$7:$E$11),IF($F$7:$F$11=AE14,$I$7:$I$11),IF($J$7:$J$11=AE14,$M$7:$M$11),IF($N$7:$N$11=AE14,$Q$7:$Q$11),IF($R$7:$R$11=AE14,$U$7:$U$11),IF($V$7:$V$11=AE14,$Y$7:$Y$11),IF($Z$7:$Z$11=AE14,$AC$7:$AC$11), IF($B$15:$B$19=AE14,$E$15:$E$19),IF($F$15:$F$19=AE14,$I$15:$I$19),IF($J$15:$J$19=AE14,$M$15:$M$19),IF($N$15:$N$19=AE14,$Q$15:$Q$19),IF($R$15:$R$19=AE14,$U$15:$U$19),IF($V$15:$V$19=AE14,$Y$15:$Y$19),IF($Z$15:$Z$19=AE14,$AC$15:$AC$19), IF($B$23:$B$27=AE14,$E$23:$E$27),IF($F$23:$F$27=AE14,$I$23:$I$27),IF($J$23:$J$27=AE14,$M$23:$M$27),IF($N$23:$N$27=AE14,$Q$23:$Q$27),IF($R$23:$R$27=AE14,$U$23:$U$27),IF($V$23:$V$27=AE14,$Y$23:$Y$27),IF($Z$23:$Z$27=AE14,$AC$23:$AC$27), IF($B$31:$B$35=AE14,$E$31:$E$35),IF($F$31:$F$35=AE14,$I$31:$I$35),IF($J$31:$J$35=AE14,$M$31:$M$35),IF($N$31:$N$35=AE14,$Q$31:$Q$35),IF($R$31:$R$35=AE14,$U$31:$U$35),IF($V$31:$V$35=AE14,$Y$31:$Y$35),IF($Z$31:$Z$35=AE14,$AC$31:$AC$35), IF($B$39:$B$43=AE14,$E$39:$E$43),IF($F$39:$F$43=AE14,$I$39:$I$43),IF($J$39:$J$43=AE14,$M$39:$M$43),IF($N$39:$N$43=AE14,$Q$39:$Q$43),IF($R$39:$R$43=AE14,$U$39:$U$43),IF($V$39:$V$43=AE14,$Y$39:$Y$43),IF($Z$39:$Z$43=AE14,$AC$39:$AC$43), IF($B$47:$B$51=AE14,$E$47:$E$51),IF($F$47:$F$51=AE14,$I$47:$I$51),IF($J$47:$J$51=AE14,$M$47:$M$51),IF($N$47:$N$51=AE14,$Q$47:$Q$51),IF($R$47:$R$51=AE14,$U$47:$U$51),IF($V$47:$V$51=AE14,$Y$47:$Y$51),IF($Z$47:$Z$51=AE14,$AC$47:$AC$51))} -> 0
AE15: 9 | AG15: =January!AG15 -> HOA Assesments | AH15: {=SUM(IF($B$7:$B$11=AE15,$E$7:$E$11),IF($F$7:$F$11=AE15,$I$7:$I$11),IF($J$7:$J$11=AE15,$M$7:$M$11),IF($N$7:$N$11=AE15,$Q$7:$Q$11),IF($R$7:$R$11=AE15,$U$7:$U$11),IF($V$7:$V$11=AE15,$Y$7:$Y$11),IF($Z$7:$Z$11=AE15,$AC$7:$AC$11), IF($B$15:$B$19=AE15,$E$15:$E$19),IF($F$15:$F$19=AE15,$I$15:$I$19),IF($J$15:$J$19=AE15,$M$15:$M$19),IF($N$15:$N$19=AE15,$Q$15:$Q$19),IF($R$15:$R$19=AE15,$U$15:$U$19),IF($V$15:$V$19=AE15,$Y$15:$Y$19),IF($Z$15:$Z$19=AE15,$AC$15:$AC$19), IF($B$23:$B$27=AE15,$E$23:$E$27),IF($F$23:$F$27=AE15,$I$23:$I$27),IF($J$23:$J$27=AE15,$M$23:$M$27),IF($N$23:$N$27=AE15,$Q$23:$Q$27),IF($R$23:$R$27=AE15,$U$23:$U$27),IF($V$23:$V$27=AE15,$Y$23:$Y$27),IF($Z$23:$Z$27=AE15,$AC$23:$AC$27), IF($B$31:$B$35=AE15,$E$31:$E$35),IF($F$31:$F$35=AE15,$I$31:$I$35),IF($J$31:$J$35=AE15,$M$31:$M$35),IF($N$31:$N$35=AE15,$Q$31:$Q$35),IF($R$31:$R$35=AE15,$U$31:$U$35),IF($V$31:$V$35=AE15,$Y$31:$Y$35),IF($Z$31:$Z$35=AE15,$AC$31:$AC$35), IF($B$39:$B$43=AE15,$E$39:$E$43),IF($F$39:$F$43=AE15,$I$39:$I$43),IF($J$39:$J$43=AE15,$M$39:$M$43),IF($N$39:$N$43=AE15,$Q$39:$Q$43),IF($R$39:$R$43=AE15,$U$39:$U$43),IF($V$39:$V$43=AE15,$Y$39:$Y$43),IF($Z$39:$Z$43=AE15,$AC$39:$AC$43), IF($B$47:$B$51=AE15,$E$47:$E$51),IF($F$47:$F$51=AE15,$I$47:$I$51),IF($J$47:$J$51=AE15,$M$47:$M$51),IF($N$47:$N$51=AE15,$Q$47:$Q$51),IF($R$47:$R$51=AE15,$U$47:$U$51),IF($V$47:$V$51=AE15,$Y$47:$Y$51),IF($Z$47:$Z$51=AE15,$AC$47:$AC$51))} -> 0
AE16: 10 | AG16: =January!AG16 -> DayCare/School | AH16: {=SUM(IF($B$7:$B$11=AE16,$E$7:$E$11),IF($F$7:$F$11=AE16,$I$7:$I$11),IF($J$7:$J$11=AE16,$M$7:$M$11),IF($N$7:$N$11=AE16,$Q$7:$Q$11),IF($R$7:$R$11=AE16,$U$7:$U$11),IF($V$7:$V$11=AE16,$Y$7:$Y$11),IF($Z$7:$Z$11=AE16,$AC$7:$AC$11), IF($B$15:$B$19=AE16,$E$15:$E$19),IF($F$15:$F$19=AE16,$I$15:$I$19),IF($J$15:$J$19=AE16,$M$15:$M$19),IF($N$15:$N$19=AE16,$Q$15:$Q$19),IF($R$15:$R$19=AE16,$U$15:$U$19),IF($V$15:$V$19=AE16,$Y$15:$Y$19),IF($Z$15:$Z$19=AE16,$AC$15:$AC$19), IF($B$23:$B$27=AE16,$E$23:$E$27),IF($F$23:$F$27=AE16,$I$23:$I$27),IF($J$23:$J$27=AE16,$M$23:$M$27),IF($N$23:$N$27=AE16,$Q$23:$Q$27),IF($R$23:$R$27=AE16,$U$23:$U$27),IF($V$23:$V$27=AE16,$Y$23:$Y$27),IF($Z$23:$Z$27=AE16,$AC$23:$AC$27), IF($B$31:$B$35=AE16,$E$31:$E$35),IF($F$31:$F$35=AE16,$I$31:$I$35),IF($J$31:$J$35=AE16,$M$31:$M$35),IF($N$31:$N$35=AE16,$Q$31:$Q$35),IF($R$31:$R$35=AE16,$U$31:$U$35),IF($V$31:$V$35=AE16,$Y$31:$Y$35),IF($Z$31:$Z$35=AE16,$AC$31:$AC$35), IF($B$39:$B$43=AE16,$E$39:$E$43),IF($F$39:$F$43=AE16,$I$39:$I$43),IF($J$39:$J$43=AE16,$M$39:$M$43),IF($N$39:$N$43=AE16,$Q$39:$Q$43),IF($R$39:$R$43=AE16,$U$39:$U$43),IF($V$39:$V$43=AE16,$Y$39:$Y$43),IF($Z$39:$Z$43=AE16,$AC$39:$AC$43), IF($B$47:$B$51=AE16,$E$47:$E$51),IF($F$47:$F$51=AE16,$I$47:$I$51),IF($J$47:$J$51=AE16,$M$47:$M$51),IF($N$47:$N$51=AE16,$Q$47:$Q$51),IF($R$47:$R$51=AE16,$U$47:$U$51),IF($V$47:$V$51=AE16,$Y$47:$Y$51),IF($Z$47:$Z$51=AE16,$AC$47:$AC$51))} -> 0
AE17: 11 | AG17: =January!AG17 -> Student Loans | AH17: {=SUM(IF($B$7:$B$11=AE17,$E$7:$E$11),IF($F$7:$F$11=AE17,$I$7:$I$11),IF($J$7:$J$11=AE17,$M$7:$M$11),IF($N$7:$N$11=AE17,$Q$7:$Q$11),IF($R$7:$R$11=AE17,$U$7:$U$11),IF($V$7:$V$11=AE17,$Y$7:$Y$11),IF($Z$7:$Z$11=AE17,$AC$7:$AC$11), IF($B$15:$B$19=AE17,$E$15:$E$19),IF($F$15:$F$19=AE17,$I$15:$I$19),IF($J$15:$J$19=AE17,$M$15:$M$19),IF($N$15:$N$19=AE17,$Q$15:$Q$19),IF($R$15:$R$19=AE17,$U$15:$U$19),IF($V$15:$V$19=AE17,$Y$15:$Y$19),IF($Z$15:$Z$19=AE17,$AC$15:$AC$19), IF($B$23:$B$27=AE17,$E$23:$E$27),IF($F$23:$F$27=AE17,$I$23:$I$27),IF($J$23:$J$27=AE17,$M$23:$M$27),IF($N$23:$N$27=AE17,$Q$23:$Q$27),IF($R$23:$R$27=AE17,$U$23:$U$27),IF($V$23:$V$27=AE17,$Y$23:$Y$27),IF($Z$23:$Z$27=AE17,$AC$23:$AC$27), IF($B$31:$B$35=AE17,$E$31:$E$35),IF($F$31:$F$35=AE17,$I$31:$I$35),IF($J$31:$J$35=AE17,$M$31:$M$35),IF($N$31:$N$35=AE17,$Q$31:$Q$35),IF($R$31:$R$35=AE17,$U$31:$U$35),IF($V$31:$V$35=AE17,$Y$31:$Y$35),IF($Z$31:$Z$35=AE17,$AC$31:$AC$35), IF($B$39:$B$43=AE17,$E$39:$E$43),IF($F$39:$F$43=AE17,$I$39:$I$43),IF($J$39:$J$43=AE17,$M$39:$M$43),IF($N$39:$N$43=AE17,$Q$39:$Q$43),IF($R$39:$R$43=AE17,$U$39:$U$43),IF($V$39:$V$43=AE17,$Y$39:$Y$43),IF($Z$39:$Z$43=AE17,$AC$39:$AC$43), IF($B$47:$B$51=AE17,$E$47:$E$51),IF($F$47:$F$51=AE17,$I$47:$I$51),IF($J$47:$J$51=AE17,$M$47:$M$51),IF($N$47:$N$51=AE17,$Q$47:$Q$51),IF($R$47:$R$51=AE17,$U$47:$U$51),IF($V$47:$V$51=AE17,$Y$47:$Y$51),IF($Z$47:$Z$51=AE17,$AC$47:$AC$51))} -> 0
AE18: 12 | AG18: =January!AG18 -> Natural Gas Bill | AH18: {=SUM(IF($B$7:$B$11=AE18,$E$7:$E$11),IF($F$7:$F$11=AE18,$I$7:$I$11),IF($J$7:$J$11=AE18,$M$7:$M$11),IF($N$7:$N$11=AE18,$Q$7:$Q$11),IF($R$7:$R$11=AE18,$U$7:$U$11),IF($V$7:$V$11=AE18,$Y$7:$Y$11),IF($Z$7:$Z$11=AE18,$AC$7:$AC$11), IF($B$15:$B$19=AE18,$E$15:$E$19),IF($F$15:$F$19=AE18,$I$15:$I$19),IF($J$15:$J$19=AE18,$M$15:$M$19),IF($N$15:$N$19=AE18,$Q$15:$Q$19),IF($R$15:$R$19=AE18,$U$15:$U$19),IF($V$15:$V$19=AE18,$Y$15:$Y$19),IF($Z$15:$Z$19=AE18,$AC$15:$AC$19), IF($B$23:$B$27=AE18,$E$23:$E$27),IF($F$23:$F$27=AE18,$I$23:$I$27),IF($J$23:$J$27=AE18,$M$23:$M$27),IF($N$23:$N$27=AE18,$Q$23:$Q$27),IF($R$23:$R$27=AE18,$U$23:$U$27),IF($V$23:$V$27=AE18,$Y$23:$Y$27),IF($Z$23:$Z$27=AE18,$AC$23:$AC$27), IF($B$31:$B$35=AE18,$E$31:$E$35),IF($F$31:$F$35=AE18,$I$31:$I$35),IF($J$31:$J$35=AE18,$M$31:$M$35),IF($N$31:$N$35=AE18,$Q$31:$Q$35),IF($R$31:$R$35=AE18,$U$31:$U$35),IF($V$31:$V$35=AE18,$Y$31:$Y$35),IF($Z$31:$Z$35=AE18,$AC$31:$AC$35), IF($B$39:$B$43=AE18,$E$39:$E$43),IF($F$39:$F$43=AE18,$I$39:$I$43),IF($J$39:$J$43=AE18,$M$39:$M$43),IF($N$39:$N$43=AE18,$Q$39:$Q$43),IF($R$39:$R$43=AE18,$U$39:$U$43),IF($V$39:$V$43=AE18,$Y$39:$Y$43),IF($Z$39:$Z$43=AE18,$AC$39:$AC$43), IF($B$47:$B$51=AE18,$E$47:$E$51),IF($F$47:$F$51=AE18,$I$47:$I$51),IF($J$47:$J$51=AE18,$M$47:$M$51),IF($N$47:$N$51=AE18,$Q$47:$Q$51),IF($R$47:$R$51=AE18,$U$47:$U$51),IF($V$47:$V$51=AE18,$Y$47:$Y$51),IF($Z$47:$Z$51=AE18,$AC$47:$AC$51))} -> 0
AE19: 13 | AG19: =January!AG19 -> Water Bill | AH19: {=SUM(IF($B$7:$B$11=AE19,$E$7:$E$11),IF($F$7:$F$11=AE19,$I$7:$I$11),IF($J$7:$J$11=AE19,$M$7:$M$11),IF($N$7:$N$11=AE19,$Q$7:$Q$11),IF($R$7:$R$11=AE19,$U$7:$U$11),IF($V$7:$V$11=AE19,$Y$7:$Y$11),IF($Z$7:$Z$11=AE19,$AC$7:$AC$11), IF($B$15:$B$19=AE19,$E$15:$E$19),IF($F$15:$F$19=AE19,$I$15:$I$19),IF($J$15:$J$19=AE19,$M$15:$M$19),IF($N$15:$N$19=AE19,$Q$15:$Q$19),IF($R$15:$R$19=AE19,$U$15:$U$19),IF($V$15:$V$19=AE19,$Y$15:$Y$19),IF($Z$15:$Z$19=AE19,$AC$15:$AC$19), IF($B$23:$B$27=AE19,$E$23:$E$27),IF($F$23:$F$27=AE19,$I$23:$I$27),IF($J$23:$J$27=AE19,$M$23:$M$27),IF($N$23:$N$27=AE19,$Q$23:$Q$27),IF($R$23:$R$27=AE19,$U$23:$U$27),IF($V$23:$V$27=AE19,$Y$23:$Y$27),IF($Z$23:$Z$27=AE19,$AC$23:$AC$27), IF($B$31:$B$35=AE19,$E$31:$E$35),IF($F$31:$F$35=AE19,$I$31:$I$35),IF($J$31:$J$35=AE19,$M$31:$M$35),IF($N$31:$N$35=AE19,$Q$31:$Q$35),IF($R$31:$R$35=AE19,$U$31:$U$35),IF($V$31:$V$35=AE19,$Y$31:$Y$35),IF($Z$31:$Z$35=AE19,$AC$31:$AC$35), IF($B$39:$B$43=AE19,$E$39:$E$43),IF($F$39:$F$43=AE19,$I$39:$I$43),IF($J$39:$J$43=AE19,$M$39:$M$43),IF($N$39:$N$43=AE19,$Q$39:$Q$43),IF($R$39:$R$43=AE19,$U$39:$U$43),IF($V$39:$V$43=AE19,$Y$39:$Y$43),IF($Z$39:$Z$43=AE19,$AC$39:$AC$43), IF($B$47:$B$51=AE19,$E$47:$E$51),IF($F$47:$F$51=AE19,$I$47:$I$51),IF($J$47:$J$51=AE19,$M$47:$M$51),IF($N$47:$N$51=AE19,$Q$47:$Q$51),IF($R$47:$R$51=AE19,$U$47:$U$51),IF($V$47:$V$51=AE19,$Y$47:$Y$51),IF($Z$47:$Z$51=AE19,$AC$47:$AC$51))} -> 0
B20: =Z12+1 -> 8 | D20: Checking | E20: {=AC12+SUM(IF(C15:C19=1,E15:E19))} -> 0 | F20: =B20+1 -> 9 | H20: Checking | I20: {=E20+SUM(IF(G15:G19=1,I15:I19))} -> 0 | J20: =F20+1 -> 10 | L20: Checking | M20: {=I20+SUM(IF(K15:K19=1,M15:M19))} -> 0 | N20: =J20+1 -> 11 | P20: Checking | Q20: {=M20+SUM(IF(O15:O19=1,Q15:Q19))} -> 0 | R20: =N20+1 -> 12 | T20: Checking | U20: {=Q20+SUM(IF(S15:S19=1,U15:U19))} -> 0 | V20: =R20+1 -> 13 | X20: Checking | Y20: {=U20+SUM(IF(W15:W19=1,Y15:Y19))} -> 0 | Z20: =V20+1 -> 14 | AB20: Checking | AC20: {=Y20+SUM(IF(AA15:AA19=1,AC15:AC19))} -> 0 | AE20: 14 | AG20: =January!AG20 -> Electric Bill | AH20: {=SUM(IF($B$7:$B$11=AE20,$E$7:$E$11),IF($F$7:$F$11=AE20,$I$7:$I$11),IF($J$7:$J$11=AE20,$M$7:$M$11),IF($N$7:$N$11=AE20,$Q$7:$Q$11),IF($R$7:$R$11=AE20,$U$7:$U$11),IF($V$7:$V$11=AE20,$Y$7:$Y$11),IF($Z$7:$Z$11=AE20,$AC$7:$AC$11), IF($B$15:$B$19=AE20,$E$15:$E$19),IF($F$15:$F$19=AE20,$I$15:$I$19),IF($J$15:$J$19=AE20,$M$15:$M$19),IF($N$15:$N$19=AE20,$Q$15:$Q$19),IF($R$15:$R$19=AE20,$U$15:$U$19),IF($V$15:$V$19=AE20,$Y$15:$Y$19),IF($Z$15:$Z$19=AE20,$AC$15:$AC$19), IF($B$23:$B$27=AE20,$E$23:$E$27),IF($F$23:$F$27=AE20,$I$23:$I$27),IF($J$23:$J$27=AE20,$M$23:$M$27),IF($N$23:$N$27=AE20,$Q$23:$Q$27),IF($R$23:$R$27=AE20,$U$23:$U$27),IF($V$23:$V$27=AE20,$Y$23:$Y$27),IF($Z$23:$Z$27=AE20,$AC$23:$AC$27), IF($B$31:$B$35=AE20,$E$31:$E$35),IF($F$31:$F$35=AE20,$I$31:$I$35),IF($J$31:$J$35=AE20,$M$31:$M$35),IF($N$31:$N$35=AE20,$Q$31:$Q$35),IF($R$31:$R$35=AE20,$U$31:$U$35),IF($V$31:$V$35=AE20,$Y$31:$Y$35),IF($Z$31:$Z$35=AE20,$AC$31:$AC$35), IF($B$39:$B$43=AE20,$E$39:$E$43),IF($F$39:$F$43=AE20,$I$39:$I$43),IF($J$39:$J$43=AE20,$M$39:$M$43),IF($N$39:$N$43=AE20,$Q$39:$Q$43),IF($R$39:$R$43=AE20,$U$39:$U$43),IF($V$39:$V$43=AE20,$Y$39:$Y$43),IF($Z$39:$Z$43=AE20,$AC$39:$AC$43), IF($B$47:$B$51=AE20,$E$47:$E$51),IF($F$47:$F$51=AE20,$I$47:$I$51),IF($J$47:$J$51=AE20,$M$47:$M$51),IF($N$47:$N$51=AE20,$Q$47:$Q$51),IF($R$47:$R$51=AE20,$U$47:$U$51),IF($V$47:$V$51=AE20,$Y$47:$Y$51),IF($Z$47:$Z$51=AE20,$AC$47:$AC$51))} -> 0
D21: Savings | E21: {=AC13+SUM(IF(C15:C19=2,E15:E19))-SUM(IF(B15:B19={33},E15:E19))} -> 100 | H21: Savings | I21: {=E21+SUM(IF(G15:G19=2,I15:I19))-SUM(IF(F15:F19={33},I15:I19))} -> 100 | L21: Savings | M21: {=I21+SUM(IF(K15:K19=2,M15:M19))-SUM(IF(J15:J19={33},M15:M19))} -> 100 | P21: Savings | Q21: {=M21+SUM(IF(O15:O19=2,Q15:Q19))-SUM(IF(N15:N19={33},Q15:Q19))} -> 100 | T21: Savings | U21: {=Q21+SUM(IF(S15:S19=2,U15:U19))-SUM(IF(R15:R19={33},U15:U19))} -> 100 | X21: Savings | Y21: {=U21+SUM(IF(W15:W19=2,Y15:Y19))-SUM(IF(V15:V19={33},Y15:Y19))} -> 100 | AB21: Savings | AC21: {=Y21+SUM(IF(AA15:AA19=2,AC15:AC19))-SUM(IF(Z15:Z19={33},AC15:AC19))} -> 100 | AE21: 15 | AG21: =January!AG21 -> Garbage Service | AH21: {=SUM(IF($B$7:$B$11=AE21,$E$7:$E$11),IF($F$7:$F$11=AE21,$I$7:$I$11),IF($J$7:$J$11=AE21,$M$7:$M$11),IF($N$7:$N$11=AE21,$Q$7:$Q$11),IF($R$7:$R$11=AE21,$U$7:$U$11),IF($V$7:$V$11=AE21,$Y$7:$Y$11),IF($Z$7:$Z$11=AE21,$AC$7:$AC$11), IF($B$15:$B$19=AE21,$E$15:$E$19),IF($F$15:$F$19=AE21,$I$15:$I$19),IF($J$15:$J$19=AE21,$M$15:$M$19),IF($N$15:$N$19=AE21,$Q$15:$Q$19),IF($R$15:$R$19=AE21,$U$15:$U$19),IF($V$15:$V$19=AE21,$Y$15:$Y$19),IF($Z$15:$Z$19=AE21,$AC$15:$AC$19), IF($B$23:$B$27=AE21,$E$23:$E$27),IF($F$23:$F$27=AE21,$I$23:$I$27),IF($J$23:$J$27=AE21,$M$23:$M$27),IF($N$23:$N$27=AE21,$Q$23:$Q$27),IF($R$23:$R$27=AE21,$U$23:$U$27),IF($V$23:$V$27=AE21,$Y$23:$Y$27),IF($Z$23:$Z$27=AE21,$AC$23:$AC$27), IF($B$31:$B$35=AE21,$E$31:$E$35),IF($F$31:$F$35=AE21,$I$31:$I$35),IF($J$31:$J$35=AE21,$M$31:$M$35),IF($N$31:$N$35=AE21,$Q$31:$Q$35),IF($R$31:$R$35=AE21,$U$31:$U$35),IF($V$31:$V$35=AE21,$Y$31:$Y$35),IF($Z$31:$Z$35=AE21,$AC$31:$AC$35), IF($B$39:$B$43=AE21,$E$39:$E$43),IF($F$39:$F$43=AE21,$I$39:$I$43),IF($J$39:$J$43=AE21,$M$39:$M$43),IF($N$39:$N$43=AE21,$Q$39:$Q$43),IF($R$39:$R$43=AE21,$U$39:$U$43),IF($V$39:$V$43=AE21,$Y$39:$Y$43),IF($Z$39:$Z$43=AE21,$AC$39:$AC$43), IF($B$47:$B$51=AE21,$E$47:$E$51),IF($F$47:$F$51=AE21,$I$47:$I$51),IF($J$47:$J$51=AE21,$M$47:$M$51),IF($N$47:$N$51=AE21,$Q$47:$Q$51),IF($R$47:$R$51=AE21,$U$47:$U$51),IF($V$47:$V$51=AE21,$Y$47:$Y$51),IF($Z$47:$Z$51=AE21,$AC$47:$AC$51))} -> 0
D22: Credit | E22: {=AC14+SUM(IF(C15:C19=3,E15:E19))-SUM(IF(B15:B19={34},E15:E19))} -> -100 | H22: Credit | I22: {=E22+SUM(IF(G15:G19=3,I15:I19))-SUM(IF(F15:F19={34},I15:I19))} -> -100 | L22: Credit | M22: {=I22+SUM(IF(K15:K19=3,M15:M19))-SUM(IF(J15:J19={34},M15:M19))} -> -100 | P22: Credit | Q22: {=M22+SUM(IF(O15:O19=3,Q15:Q19))-SUM(IF(N15:N19={34},Q15:Q19))} -> -100 | T22: Credit | U22: {=Q22+SUM(IF(S15:S19=3,U15:U19))-SUM(IF(R15:R19={34},U15:U19))} -> -100 | X22: Credit | Y22: {=U22+SUM(IF(W15:W19=3,Y15:Y19))-SUM(IF(V15:V19={34},Y15:Y19))} -> -100 | AB22: Credit | AC22: {=Y22+SUM(IF(AA15:AA19=3,AC15:AC19))-SUM(IF(Z15:Z19={34},AC15:AC19))} -> -100 | AE22: 16 | AG22: =January!AG22 -> Parking Expenses | AH22: {=SUM(IF($B$7:$B$11=AE22,$E$7:$E$11),IF($F$7:$F$11=AE22,$I$7:$I$11),IF($J$7:$J$11=AE22,$M$7:$M$11),IF($N$7:$N$11=AE22,$Q$7:$Q$11),IF($R$7:$R$11=AE22,$U$7:$U$11),IF($V$7:$V$11=AE22,$Y$7:$Y$11),IF($Z$7:$Z$11=AE22,$AC$7:$AC$11), IF($B$15:$B$19=AE22,$E$15:$E$19),IF($F$15:$F$19=AE22,$I$15:$I$19),IF($J$15:$J$19=AE22,$M$15:$M$19),IF($N$15:$N$19=AE22,$Q$15:$Q$19),IF($R$15:$R$19=AE22,$U$15:$U$19),IF($V$15:$V$19=AE22,$Y$15:$Y$19),IF($Z$15:$Z$19=AE22,$AC$15:$AC$19), IF($B$23:$B$27=AE22,$E$23:$E$27),IF($F$23:$F$27=AE22,$I$23:$I$27),IF($J$23:$J$27=AE22,$M$23:$M$27),IF($N$23:$N$27=AE22,$Q$23:$Q$27),IF($R$23:$R$27=AE22,$U$23:$U$27),IF($V$23:$V$27=AE22,$Y$23:$Y$27),IF($Z$23:$Z$27=AE22,$AC$23:$AC$27), IF($B$31:$B$35=AE22,$E$31:$E$35),IF($F$31:$F$35=AE22,$I$31:$I$35),IF($J$31:$J$35=AE22,$M$31:$M$35),IF($N$31:$N$35=AE22,$Q$31:$Q$35),IF($R$31:$R$35=AE22,$U$31:$U$35),IF($V$31:$V$35=AE22,$Y$31:$Y$35),IF($Z$31:$Z$35=AE22,$AC$31:$AC$35), IF($B$39:$B$43=AE22,$E$39:$E$43),IF($F$39:$F$43=AE22,$I$39:$I$43),IF($J$39:$J$43=AE22,$M$39:$M$43),IF($N$39:$N$43=AE22,$Q$39:$Q$43),IF($R$39:$R$43=AE22,$U$39:$U$43),IF($V$39:$V$43=AE22,$Y$39:$Y$43),IF($Z$39:$Z$43=AE22,$AC$39:$AC$43), IF($B$47:$B$51=AE22,$E$47:$E$51),IF($F$47:$F$51=AE22,$I$47:$I$51),IF($J$47:$J$51=AE22,$M$47:$M$51),IF($N$47:$N$51=AE22,$Q$47:$Q$51),IF($R$47:$R$51=AE22,$U$47:$U$51),IF($V$47:$V$51=AE22,$Y$47:$Y$51),IF($Z$47:$Z$51=AE22,$AC$47:$AC$51))} -> 0
AE23: 17 | AG23: =January!AG23 -> Transit Monthly | AH23: {=SUM(IF($B$7:$B$11=AE23,$E$7:$E$11),IF($F$7:$F$11=AE23,$I$7:$I$11),IF($J$7:$J$11=AE23,$M$7:$M$11),IF($N$7:$N$11=AE23,$Q$7:$Q$11),IF($R$7:$R$11=AE23,$U$7:$U$11),IF($V$7:$V$11=AE23,$Y$7:$Y$11),IF($Z$7:$Z$11=AE23,$AC$7:$AC$11), IF($B$15:$B$19=AE23,$E$15:$E$19),IF($F$15:$F$19=AE23,$I$15:$I$19),IF($J$15:$J$19=AE23,$M$15:$M$19),IF($N$15:$N$19=AE23,$Q$15:$Q$19),IF($R$15:$R$19=AE23,$U$15:$U$19),IF($V$15:$V$19=AE23,$Y$15:$Y$19),IF($Z$15:$Z$19=AE23,$AC$15:$AC$19), IF($B$23:$B$27=AE23,$E$23:$E$27),IF($F$23:$F$27=AE23,$I$23:$I$27),IF($J$23:$J$27=AE23,$M$23:$M$27),IF($N$23:$N$27=AE23,$Q$23:$Q$27),IF($R$23:$R$27=AE23,$U$23:$U$27),IF($V$23:$V$27=AE23,$Y$23:$Y$27),IF($Z$23:$Z$27=AE23,$AC$23:$AC$27), IF($B$31:$B$35=AE23,$E$31:$E$35),IF($F$31:$F$35=AE23,$I$31:$I$35),IF($J$31:$J$35=AE23,$M$31:$M$35),IF($N$31:$N$35=AE23,$Q$31:$Q$35),IF($R$31:$R$35=AE23,$U$31:$U$35),IF($V$31:$V$35=AE23,$Y$31:$Y$35),IF($Z$31:$Z$35=AE23,$AC$31:$AC$35), IF($B$39:$B$43=AE23,$E$39:$E$43),IF($F$39:$F$43=AE23,$I$39:$I$43),IF($J$39:$J$43=AE23,$M$39:$M$43),IF($N$39:$N$43=AE23,$Q$39:$Q$43),IF($R$39:$R$43=AE23,$U$39:$U$43),IF($V$39:$V$43=AE23,$Y$39:$Y$43),IF($Z$39:$Z$43=AE23,$AC$39:$AC$43), IF($B$47:$B$51=AE23,$E$47:$E$51),IF($F$47:$F$51=AE23,$I$47:$I$51),IF($J$47:$J$51=AE23,$M$47:$M$51),IF($N$47:$N$51=AE23,$Q$47:$Q$51),IF($R$47:$R$51=AE23,$U$47:$U$51),IF($V$47:$V$51=AE23,$Y$47:$Y$51),IF($Z$47:$Z$51=AE23,$AC$47:$AC$51))} -> 0
AE24: 18 | AG24: =January!AG24 -> Land Line Phone Bill | AH24: {=SUM(IF($B$7:$B$11=AE24,$E$7:$E$11),IF($F$7:$F$11=AE24,$I$7:$I$11),IF($J$7:$J$11=AE24,$M$7:$M$11),IF($N$7:$N$11=AE24,$Q$7:$Q$11),IF($R$7:$R$11=AE24,$U$7:$U$11),IF($V$7:$V$11=AE24,$Y$7:$Y$11),IF($Z$7:$Z$11=AE24,$AC$7:$AC$11), IF($B$15:$B$19=AE24,$E$15:$E$19),IF($F$15:$F$19=AE24,$I$15:$I$19),IF($J$15:$J$19=AE24,$M$15:$M$19),IF($N$15:$N$19=AE24,$Q$15:$Q$19),IF($R$15:$R$19=AE24,$U$15:$U$19),IF($V$15:$V$19=AE24,$Y$15:$Y$19),IF($Z$15:$Z$19=AE24,$AC$15:$AC$19), IF($B$23:$B$27=AE24,$E$23:$E$27),IF($F$23:$F$27=AE24,$I$23:$I$27),IF($J$23:$J$27=AE24,$M$23:$M$27),IF($N$23:$N$27=AE24,$Q$23:$Q$27),IF($R$23:$R$27=AE24,$U$23:$U$27),IF($V$23:$V$27=AE24,$Y$23:$Y$27),IF($Z$23:$Z$27=AE24,$AC$23:$AC$27), IF($B$31:$B$35=AE24,$E$31:$E$35),IF($F$31:$F$35=AE24,$I$31:$I$35),IF($J$31:$J$35=AE24,$M$31:$M$35),IF($N$31:$N$35=AE24,$Q$31:$Q$35),IF($R$31:$R$35=AE24,$U$31:$U$35),IF($V$31:$V$35=AE24,$Y$31:$Y$35),IF($Z$31:$Z$35=AE24,$AC$31:$AC$35), IF($B$39:$B$43=AE24,$E$39:$E$43),IF($F$39:$F$43=AE24,$I$39:$I$43),IF($J$39:$J$43=AE24,$M$39:$M$43),IF($N$39:$N$43=AE24,$Q$39:$Q$43),IF($R$39:$R$43=AE24,$U$39:$U$43),IF($V$39:$V$43=AE24,$Y$39:$Y$43),IF($Z$39:$Z$43=AE24,$AC$39:$AC$43), IF($B$47:$B$51=AE24,$E$47:$E$51),IF($F$47:$F$51=AE24,$I$47:$I$51),IF($J$47:$J$51=AE24,$M$47:$M$51),IF($N$47:$N$51=AE24,$Q$47:$Q$51),IF($R$47:$R$51=AE24,$U$47:$U$51),IF($V$47:$V$51=AE24,$Y$47:$Y$51),IF($Z$47:$Z$51=AE24,$AC$47:$AC$51))} -> 0
AE25: 19 | AG25: =January!AG25 -> Cell Phone Service | AH25: {=SUM(IF($B$7:$B$11=AE25,$E$7:$E$11),IF($F$7:$F$11=AE25,$I$7:$I$11),IF($J$7:$J$11=AE25,$M$7:$M$11),IF($N$7:$N$11=AE25,$Q$7:$Q$11),IF($R$7:$R$11=AE25,$U$7:$U$11),IF($V$7:$V$11=AE25,$Y$7:$Y$11),IF($Z$7:$Z$11=AE25,$AC$7:$AC$11), IF($B$15:$B$19=AE25,$E$15:$E$19),IF($F$15:$F$19=AE25,$I$15:$I$19),IF($J$15:$J$19=AE25,$M$15:$M$19),IF($N$15:$N$19=AE25,$Q$15:$Q$19),IF($R$15:$R$19=AE25,$U$15:$U$19),IF($V$15:$V$19=AE25,$Y$15:$Y$19),IF($Z$15:$Z$19=AE25,$AC$15:$AC$19), IF($B$23:$B$27=AE25,$E$23:$E$27),IF($F$23:$F$27=AE25,$I$23:$I$27),IF($J$23:$J$27=AE25,$M$23:$M$27),IF($N$23:$N$27=AE25,$Q$23:$Q$27),IF($R$23:$R$27=AE25,$U$23:$U$27),IF($V$23:$V$27=AE25,$Y$23:$Y$27),IF($Z$23:$Z$27=AE25,$AC$23:$AC$27), IF($B$31:$B$35=AE25,$E$31:$E$35),IF($F$31:$F$35=AE25,$I$31:$I$35),IF($J$31:$J$35=AE25,$M$31:$M$35),IF($N$31:$N$35=AE25,$Q$31:$Q$35),IF($R$31:$R$35=AE25,$U$31:$U$35),IF($V$31:$V$35=AE25,$Y$31:$Y$35),IF($Z$31:$Z$35=AE25,$AC$31:$AC$35), IF($B$39:$B$43=AE25,$E$39:$E$43),IF($F$39:$F$43=AE25,$I$39:$I$43),IF($J$39:$J$43=AE25,$M$39:$M$43),IF($N$39:$N$43=AE25,$Q$39:$Q$43),IF($R$39:$R$43=AE25,$U$39:$U$43),IF($V$39:$V$43=AE25,$Y$39:$Y$43),IF($Z$39:$Z$43=AE25,$AC$39:$AC$43), IF($B$47:$B$51=AE25,$E$47:$E$51),IF($F$47:$F$51=AE25,$I$47:$I$51),IF($J$47:$J$51=AE25,$M$47:$M$51),IF($N$47:$N$51=AE25,$Q$47:$Q$51),IF($R$47:$R$51=AE25,$U$47:$U$51),IF($V$47:$V$51=AE25,$Y$47:$Y$51),IF($Z$47:$Z$51=AE25,$AC$47:$AC$51))} -> 0
AE26: 20 | AG26: =January!AG26 -> Cable Bill | AH26: {=SUM(IF($B$7:$B$11=AE26,$E$7:$E$11),IF($F$7:$F$11=AE26,$I$7:$I$11),IF($J$7:$J$11=AE26,$M$7:$M$11),IF($N$7:$N$11=AE26,$Q$7:$Q$11),IF($R$7:$R$11=AE26,$U$7:$U$11),IF($V$7:$V$11=AE26,$Y$7:$Y$11),IF($Z$7:$Z$11=AE26,$AC$7:$AC$11), IF($B$15:$B$19=AE26,$E$15:$E$19),IF($F$15:$F$19=AE26,$I$15:$I$19),IF($J$15:$J$19=AE26,$M$15:$M$19),IF($N$15:$N$19=AE26,$Q$15:$Q$19),IF($R$15:$R$19=AE26,$U$15:$U$19),IF($V$15:$V$19=AE26,$Y$15:$Y$19),IF($Z$15:$Z$19=AE26,$AC$15:$AC$19), IF($B$23:$B$27=AE26,$E$23:$E$27),IF($F$23:$F$27=AE26,$I$23:$I$27),IF($J$23:$J$27=AE26,$M$23:$M$27),IF($N$23:$N$27=AE26,$Q$23:$Q$27),IF($R$23:$R$27=AE26,$U$23:$U$27),IF($V$23:$V$27=AE26,$Y$23:$Y$27),IF($Z$23:$Z$27=AE26,$AC$23:$AC$27), IF($B$31:$B$35=AE26,$E$31:$E$35),IF($F$31:$F$35=AE26,$I$31:$I$35),IF($J$31:$J$35=AE26,$M$31:$M$35),IF($N$31:$N$35=AE26,$Q$31:$Q$35),IF($R$31:$R$35=AE26,$U$31:$U$35),IF($V$31:$V$35=AE26,$Y$31:$Y$35),IF($Z$31:$Z$35=AE26,$AC$31:$AC$35), IF($B$39:$B$43=AE26,$E$39:$E$43),IF($F$39:$F$43=AE26,$I$39:$I$43),IF($J$39:$J$43=AE26,$M$39:$M$43),IF($N$39:$N$43=AE26,$Q$39:$Q$43),IF($R$39:$R$43=AE26,$U$39:$U$43),IF($V$39:$V$43=AE26,$Y$39:$Y$43),IF($Z$39:$Z$43=AE26,$AC$39:$AC$43), IF($B$47:$B$51=AE26,$E$47:$E$51),IF($F$47:$F$51=AE26,$I$47:$I$51),IF($J$47:$J$51=AE26,$M$47:$M$51),IF($N$47:$N$51=AE26,$Q$47:$Q$51),IF($R$47:$R$51=AE26,$U$47:$U$51),IF($V$47:$V$51=AE26,$Y$47:$Y$51),IF($Z$47:$Z$51=AE26,$AC$47:$AC$51))} -> 0
AE27: 21 | AG27: =January!AG27 -> Auto Maint. | AH27: {=SUM(IF($B$7:$B$11=AE27,$E$7:$E$11),IF($F$7:$F$11=AE27,$I$7:$I$11),IF($J$7:$J$11=AE27,$M$7:$M$11),IF($N$7:$N$11=AE27,$Q$7:$Q$11),IF($R$7:$R$11=AE27,$U$7:$U$11),IF($V$7:$V$11=AE27,$Y$7:$Y$11),IF($Z$7:$Z$11=AE27,$AC$7:$AC$11), IF($B$15:$B$19=AE27,$E$15:$E$19),IF($F$15:$F$19=AE27,$I$15:$I$19),IF($J$15:$J$19=AE27,$M$15:$M$19),IF($N$15:$N$19=AE27,$Q$15:$Q$19),IF($R$15:$R$19=AE27,$U$15:$U$19),IF($V$15:$V$19=AE27,$Y$15:$Y$19),IF($Z$15:$Z$19=AE27,$AC$15:$AC$19), IF($B$23:$B$27=AE27,$E$23:$E$27),IF($F$23:$F$27=AE27,$I$23:$I$27),IF($J$23:$J$27=AE27,$M$23:$M$27),IF($N$23:$N$27=AE27,$Q$23:$Q$27),IF($R$23:$R$27=AE27,$U$23:$U$27),IF($V$23:$V$27=AE27,$Y$23:$Y$27),IF($Z$23:$Z$27=AE27,$AC$23:$AC$27), IF($B$31:$B$35=AE27,$E$31:$E$35),IF($F$31:$F$35=AE27,$I$31:$I$35),IF($J$31:$J$35=AE27,$M$31:$M$35),IF($N$31:$N$35=AE27,$Q$31:$Q$35),IF($R$31:$R$35=AE27,$U$31:$U$35),IF($V$31:$V$35=AE27,$Y$31:$Y$35),IF($Z$31:$Z$35=AE27,$AC$31:$AC$35), IF($B$39:$B$43=AE27,$E$39:$E$43),IF($F$39:$F$43=AE27,$I$39:$I$43),IF($J$39:$J$43=AE27,$M$39:$M$43),IF($N$39:$N$43=AE27,$Q$39:$Q$43),IF($R$39:$R$43=AE27,$U$39:$U$43),IF($V$39:$V$43=AE27,$Y$39:$Y$43),IF($Z$39:$Z$43=AE27,$AC$39:$AC$43), IF($B$47:$B$51=AE27,$E$47:$E$51),IF($F$47:$F$51=AE27,$I$47:$I$51),IF($J$47:$J$51=AE27,$M$47:$M$51),IF($N$47:$N$51=AE27,$Q$47:$Q$51),IF($R$47:$R$51=AE27,$U$47:$U$51),IF($V$47:$V$51=AE27,$Y$47:$Y$51),IF($Z$47:$Z$51=AE27,$AC$47:$AC$51))} -> 0
B28: =Z20+1 -> 15 | D28: Checking | E28: {=AC20+SUM(IF(C23:C27=1,E23:E27))} -> 0 | F28: =B28+1 -> 16 | H28: Checking | I28: {=E28+SUM(IF(G23:G27=1,I23:I27))} -> 0 | J28: =F28+1 -> 17 | L28: Checking | M28: {=I28+SUM(IF(K23:K27=1,M23:M27))} -> 0 | N28: =J28+1 -> 18 | P28: Checking | Q28: {=M28+SUM(IF(O23:O27=1,Q23:Q27))} -> 0 | R28: =N28+1 -> 19 | T28: Checking | U28: {=Q28+SUM(IF(S23:S27=1,U23:U27))} -> 0 | V28: =R28+1 -> 20 | X28: Checking | Y28: {=U28+SUM(IF(W23:W27=1,Y23:Y27))} -> 0 | Z28: =V28+1 -> 21 | AB28: Checking | AC28: {=Y28+SUM(IF(AA23:AA27=1,AC23:AC27))} -> 0 | AE28: 22 | AG28: =January!AG28 -> Auto Loan | AH28: {=SUM(IF($B$7:$B$11=AE28,$E$7:$E$11),IF($F$7:$F$11=AE28,$I$7:$I$11),IF($J$7:$J$11=AE28,$M$7:$M$11),IF($N$7:$N$11=AE28,$Q$7:$Q$11),IF($R$7:$R$11=AE28,$U$7:$U$11),IF($V$7:$V$11=AE28,$Y$7:$Y$11),IF($Z$7:$Z$11=AE28,$AC$7:$AC$11), IF($B$15:$B$19=AE28,$E$15:$E$19),IF($F$15:$F$19=AE28,$I$15:$I$19),IF($J$15:$J$19=AE28,$M$15:$M$19),IF($N$15:$N$19=AE28,$Q$15:$Q$19),IF($R$15:$R$19=AE28,$U$15:$U$19),IF($V$15:$V$19=AE28,$Y$15:$Y$19),IF($Z$15:$Z$19=AE28,$AC$15:$AC$19), IF($B$23:$B$27=AE28,$E$23:$E$27),IF($F$23:$F$27=AE28,$I$23:$I$27),IF($J$23:$J$27=AE28,$M$23:$M$27),IF($N$23:$N$27=AE28,$Q$23:$Q$27),IF($R$23:$R$27=AE28,$U$23:$U$27),IF($V$23:$V$27=AE28,$Y$23:$Y$27),IF($Z$23:$Z$27=AE28,$AC$23:$AC$27), IF($B$31:$B$35=AE28,$E$31:$E$35),IF($F$31:$F$35=AE28,$I$31:$I$35),IF($J$31:$J$35=AE28,$M$31:$M$35),IF($N$31:$N$35=AE28,$Q$31:$Q$35),IF($R$31:$R$35=AE28,$U$31:$U$35),IF($V$31:$V$35=AE28,$Y$31:$Y$35),IF($Z$31:$Z$35=AE28,$AC$31:$AC$35), IF($B$39:$B$43=AE28,$E$39:$E$43),IF($F$39:$F$43=AE28,$I$39:$I$43),IF($J$39:$J$43=AE28,$M$39:$M$43),IF($N$39:$N$43=AE28,$Q$39:$Q$43),IF($R$39:$R$43=AE28,$U$39:$U$43),IF($V$39:$V$43=AE28,$Y$39:$Y$43),IF($Z$39:$Z$43=AE28,$AC$39:$AC$43), IF($B$47:$B$51=AE28,$E$47:$E$51),IF($F$47:$F$51=AE28,$I$47:$I$51),IF($J$47:$J$51=AE28,$M$47:$M$51),IF($N$47:$N$51=AE28,$Q$47:$Q$51),IF($R$47:$R$51=AE28,$U$47:$U$51),IF($V$47:$V$51=AE28,$Y$47:$Y$51),IF($Z$47:$Z$51=AE28,$AC$47:$AC$51))} -> 0
D29: Savings | E29: {=AC21+SUM(IF(C23:C27=2,E23:E27))-SUM(IF(B23:B27={33},E23:E27))} -> 100 | H29: Savings | I29: {=E29+SUM(IF(G23:G27=2,I23:I27))-SUM(IF(F23:F27={33},I23:I27))} -> 100 | L29: Savings | M29: {=I29+SUM(IF(K23:K27=2,M23:M27))-SUM(IF(J23:J27={33},M23:M27))} -> 100 | P29: Savings | Q29: {=M29+SUM(IF(O23:O27=2,Q23:Q27))-SUM(IF(N23:N27={33},Q23:Q27))} -> 100 | T29: Savings | U29: {=Q29+SUM(IF(S23:S27=2,U23:U27))-SUM(IF(R23:R27={33},U23:U27))} -> 100 | X29: Savings | Y29: {=U29+SUM(IF(W23:W27=2,Y23:Y27))-SUM(IF(V23:V27={33},Y23:Y27))} -> 100 | AB29: Savings | AC29: {=Y29+SUM(IF(AA23:AA27=2,AC23:AC27))-SUM(IF(Z23:Z27={33},AC23:AC27))} -> 100 | AE29: 23 | AG29: =January!AG29 -> Medical | AH29: {=SUM(IF($B$7:$B$11=AE29,$E$7:$E$11),IF($F$7:$F$11=AE29,$I$7:$I$11),IF($J$7:$J$11=AE29,$M$7:$M$11),IF($N$7:$N$11=AE29,$Q$7:$Q$11),IF($R$7:$R$11=AE29,$U$7:$U$11),IF($V$7:$V$11=AE29,$Y$7:$Y$11),IF($Z$7:$Z$11=AE29,$AC$7:$AC$11), IF($B$15:$B$19=AE29,$E$15:$E$19),IF($F$15:$F$19=AE29,$I$15:$I$19),IF($J$15:$J$19=AE29,$M$15:$M$19),IF($N$15:$N$19=AE29,$Q$15:$Q$19),IF($R$15:$R$19=AE29,$U$15:$U$19),IF($V$15:$V$19=AE29,$Y$15:$Y$19),IF($Z$15:$Z$19=AE29,$AC$15:$AC$19), IF($B$23:$B$27=AE29,$E$23:$E$27),IF($F$23:$F$27=AE29,$I$23:$I$27),IF($J$23:$J$27=AE29,$M$23:$M$27),IF($N$23:$N$27=AE29,$Q$23:$Q$27),IF($R$23:$R$27=AE29,$U$23:$U$27),IF($V$23:$V$27=AE29,$Y$23:$Y$27),IF($Z$23:$Z$27=AE29,$AC$23:$AC$27), IF($B$31:$B$35=AE29,$E$31:$E$35),IF($F$31:$F$35=AE29,$I$31:$I$35),IF($J$31:$J$35=AE29,$M$31:$M$35),IF($N$31:$N$35=AE29,$Q$31:$Q$35),IF($R$31:$R$35=AE29,$U$31:$U$35),IF($V$31:$V$35=AE29,$Y$31:$Y$35),IF($Z$31:$Z$35=AE29,$AC$31:$AC$35), IF($B$39:$B$43=AE29,$E$39:$E$43),IF($F$39:$F$43=AE29,$I$39:$I$43),IF($J$39:$J$43=AE29,$M$39:$M$43),IF($N$39:$N$43=AE29,$Q$39:$Q$43),IF($R$39:$R$43=AE29,$U$39:$U$43),IF($V$39:$V$43=AE29,$Y$39:$Y$43),IF($Z$39:$Z$43=AE29,$AC$39:$AC$43), IF($B$47:$B$51=AE29,$E$47:$E$51),IF($F$47:$F$51=AE29,$I$47:$I$51),IF($J$47:$J$51=AE29,$M$47:$M$51),IF($N$47:$N$51=AE29,$Q$47:$Q$51),IF($R$47:$R$51=AE29,$U$47:$U$51),IF($V$47:$V$51=AE29,$Y$47:$Y$51),IF($Z$47:$Z$51=AE29,$AC$47:$AC$51))} -> 0
D30: Credit | E30: {=AC22+SUM(IF(C23:C27=3,E23:E27))-SUM(IF(B23:B27={34},E23:E27))} -> -100 | H30: Credit | I30: {=E30+SUM(IF(G23:G27=3,I23:I27))-SUM(IF(F23:F27={34},I23:I27))} -> -100 | L30: Credit | M30: {=I30+SUM(IF(K23:K27=3,M23:M27))-SUM(IF(J23:J27={34},M23:M27))} -> -100 | P30: Credit | Q30: {=M30+SUM(IF(O23:O27=3,Q23:Q27))-SUM(IF(N23:N27={34},Q23:Q27))} -> -100 | T30: Credit | U30: {=Q30+SUM(IF(S23:S27=3,U23:U27))-SUM(IF(R23:R27={34},U23:U27))} -> -100 | X30: Credit | Y30: {=U30+SUM(IF(W23:W27=3,Y23:Y27))-SUM(IF(V23:V27={34},Y23:Y27))} -> -100 | AB30: Credit | AC30: {=Y30+SUM(IF(AA23:AA27=3,AC23:AC27))-SUM(IF(Z23:Z27={34},AC23:AC27))} -> -100 | AE30: 24 | AG30: =January!AG30 -> HairCare | AH30: {=SUM(IF($B$7:$B$11=AE30,$E$7:$E$11),IF($F$7:$F$11=AE30,$I$7:$I$11),IF($J$7:$J$11=AE30,$M$7:$M$11),IF($N$7:$N$11=AE30,$Q$7:$Q$11),IF($R$7:$R$11=AE30,$U$7:$U$11),IF($V$7:$V$11=AE30,$Y$7:$Y$11),IF($Z$7:$Z$11=AE30,$AC$7:$AC$11), IF($B$15:$B$19=AE30,$E$15:$E$19),IF($F$15:$F$19=AE30,$I$15:$I$19),IF($J$15:$J$19=AE30,$M$15:$M$19),IF($N$15:$N$19=AE30,$Q$15:$Q$19),IF($R$15:$R$19=AE30,$U$15:$U$19),IF($V$15:$V$19=AE30,$Y$15:$Y$19),IF($Z$15:$Z$19=AE30,$AC$15:$AC$19), IF($B$23:$B$27=AE30,$E$23:$E$27),IF($F$23:$F$27=AE30,$I$23:$I$27),IF($J$23:$J$27=AE30,$M$23:$M$27),IF($N$23:$N$27=AE30,$Q$23:$Q$27),IF($R$23:$R$27=AE30,$U$23:$U$27),IF($V$23:$V$27=AE30,$Y$23:$Y$27),IF($Z$23:$Z$27=AE30,$AC$23:$AC$27), IF($B$31:$B$35=AE30,$E$31:$E$35),IF($F$31:$F$35=AE30,$I$31:$I$35),IF($J$31:$J$35=AE30,$M$31:$M$35),IF($N$31:$N$35=AE30,$Q$31:$Q$35),IF($R$31:$R$35=AE30,$U$31:$U$35),IF($V$31:$V$35=AE30,$Y$31:$Y$35),IF($Z$31:$Z$35=AE30,$AC$31:$AC$35), IF($B$39:$B$43=AE30,$E$39:$E$43),IF($F$39:$F$43=AE30,$I$39:$I$43),IF($J$39:$J$43=AE30,$M$39:$M$43),IF($N$39:$N$43=AE30,$Q$39:$Q$43),IF($R$39:$R$43=AE30,$U$39:$U$43),IF($V$39:$V$43=AE30,$Y$39:$Y$43),IF($Z$39:$Z$43=AE30,$AC$39:$AC$43), IF($B$47:$B$51=AE30,$E$47:$E$51),IF($F$47:$F$51=AE30,$I$47:$I$51),IF($J$47:$J$51=AE30,$M$47:$M$51),IF($N$47:$N$51=AE30,$Q$47:$Q$51),IF($R$47:$R$51=AE30,$U$47:$U$51),IF($V$47:$V$51=AE30,$Y$47:$Y$51),IF($Z$47:$Z$51=AE30,$AC$47:$AC$51))} -> 0
AE31: 25 | AG31: =January!AG31 -> Clothing | AH31: {=SUM(IF($B$7:$B$11=AE31,$E$7:$E$11),IF($F$7:$F$11=AE31,$I$7:$I$11),IF($J$7:$J$11=AE31,$M$7:$M$11),IF($N$7:$N$11=AE31,$Q$7:$Q$11),IF($R$7:$R$11=AE31,$U$7:$U$11),IF($V$7:$V$11=AE31,$Y$7:$Y$11),IF($Z$7:$Z$11=AE31,$AC$7:$AC$11), IF($B$15:$B$19=AE31,$E$15:$E$19),IF($F$15:$F$19=AE31,$I$15:$I$19),IF($J$15:$J$19=AE31,$M$15:$M$19),IF($N$15:$N$19=AE31,$Q$15:$Q$19),IF($R$15:$R$19=AE31,$U$15:$U$19),IF($V$15:$V$19=AE31,$Y$15:$Y$19),IF($Z$15:$Z$19=AE31,$AC$15:$AC$19), IF($B$23:$B$27=AE31,$E$23:$E$27),IF($F$23:$F$27=AE31,$I$23:$I$27),IF($J$23:$J$27=AE31,$M$23:$M$27),IF($N$23:$N$27=AE31,$Q$23:$Q$27),IF($R$23:$R$27=AE31,$U$23:$U$27),IF($V$23:$V$27=AE31,$Y$23:$Y$27),IF($Z$23:$Z$27=AE31,$AC$23:$AC$27), IF($B$31:$B$35=AE31,$E$31:$E$35),IF($F$31:$F$35=AE31,$I$31:$I$35),IF($J$31:$J$35=AE31,$M$31:$M$35),IF($N$31:$N$35=AE31,$Q$31:$Q$35),IF($R$31:$R$35=AE31,$U$31:$U$35),IF($V$31:$V$35=AE31,$Y$31:$Y$35),IF($Z$31:$Z$35=AE31,$AC$31:$AC$35), IF($B$39:$B$43=AE31,$E$39:$E$43),IF($F$39:$F$43=AE31,$I$39:$I$43),IF($J$39:$J$43=AE31,$M$39:$M$43),IF($N$39:$N$43=AE31,$Q$39:$Q$43),IF($R$39:$R$43=AE31,$U$39:$U$43),IF($V$39:$V$43=AE31,$Y$39:$Y$43),IF($Z$39:$Z$43=AE31,$AC$39:$AC$43), IF($B$47:$B$51=AE31,$E$47:$E$51),IF($F$47:$F$51=AE31,$I$47:$I$51),IF($J$47:$J$51=AE31,$M$47:$M$51),IF($N$47:$N$51=AE31,$Q$47:$Q$51),IF($R$47:$R$51=AE31,$U$47:$U$51),IF($V$47:$V$51=AE31,$Y$47:$Y$51),IF($Z$47:$Z$51=AE31,$AC$47:$AC$51))} -> 0
AE32: 26 | AG32: =January!AG32 -> DayCare/School | AH32: {=SUM(IF($B$7:$B$11=AE32,$E$7:$E$11),IF($F$7:$F$11=AE32,$I$7:$I$11),IF($J$7:$J$11=AE32,$M$7:$M$11),IF($N$7:$N$11=AE32,$Q$7:$Q$11),IF($R$7:$R$11=AE32,$U$7:$U$11),IF($V$7:$V$11=AE32,$Y$7:$Y$11),IF($Z$7:$Z$11=AE32,$AC$7:$AC$11), IF($B$15:$B$19=AE32,$E$15:$E$19),IF($F$15:$F$19=AE32,$I$15:$I$19),IF($J$15:$J$19=AE32,$M$15:$M$19),IF($N$15:$N$19=AE32,$Q$15:$Q$19),IF($R$15:$R$19=AE32,$U$15:$U$19),IF($V$15:$V$19=AE32,$Y$15:$Y$19),IF($Z$15:$Z$19=AE32,$AC$15:$AC$19), IF($B$23:$B$27=AE32,$E$23:$E$27),IF($F$23:$F$27=AE32,$I$23:$I$27),IF($J$23:$J$27=AE32,$M$23:$M$27),IF($N$23:$N$27=AE32,$Q$23:$Q$27),IF($R$23:$R$27=AE32,$U$23:$U$27),IF($V$23:$V$27=AE32,$Y$23:$Y$27),IF($Z$23:$Z$27=AE32,$AC$23:$AC$27), IF($B$31:$B$35=AE32,$E$31:$E$35),IF($F$31:$F$35=AE32,$I$31:$I$35),IF($J$31:$J$35=AE32,$M$31:$M$35),IF($N$31:$N$35=AE32,$Q$31:$Q$35),IF($R$31:$R$35=AE32,$U$31:$U$35),IF($V$31:$V$35=AE32,$Y$31:$Y$35),IF($Z$31:$Z$35=AE32,$AC$31:$AC$35), IF($B$39:$B$43=AE32,$E$39:$E$43),IF($F$39:$F$43=AE32,$I$39:$I$43),IF($J$39:$J$43=AE32,$M$39:$M$43),IF($N$39:$N$43=AE32,$Q$39:$Q$43),IF($R$39:$R$43=AE32,$U$39:$U$43),IF($V$39:$V$43=AE32,$Y$39:$Y$43),IF($Z$39:$Z$43=AE32,$AC$39:$AC$43), IF($B$47:$B$51=AE32,$E$47:$E$51),IF($F$47:$F$51=AE32,$I$47:$I$51),IF($J$47:$J$51=AE32,$M$47:$M$51),IF($N$47:$N$51=AE32,$Q$47:$Q$51),IF($R$47:$R$51=AE32,$U$47:$U$51),IF($V$47:$V$51=AE32,$Y$47:$Y$51),IF($Z$47:$Z$51=AE32,$AC$47:$AC$51))} -> 0
AE33: 27 | AG33: =January!AG33 -> Car Insurance | AH33: {=SUM(IF($B$7:$B$11=AE33,$E$7:$E$11),IF($F$7:$F$11=AE33,$I$7:$I$11),IF($J$7:$J$11=AE33,$M$7:$M$11),IF($N$7:$N$11=AE33,$Q$7:$Q$11),IF($R$7:$R$11=AE33,$U$7:$U$11),IF($V$7:$V$11=AE33,$Y$7:$Y$11),IF($Z$7:$Z$11=AE33,$AC$7:$AC$11), IF($B$15:$B$19=AE33,$E$15:$E$19),IF($F$15:$F$19=AE33,$I$15:$I$19),IF($J$15:$J$19=AE33,$M$15:$M$19),IF($N$15:$N$19=AE33,$Q$15:$Q$19),IF($R$15:$R$19=AE33,$U$15:$U$19),IF($V$15:$V$19=AE33,$Y$15:$Y$19),IF($Z$15:$Z$19=AE33,$AC$15:$AC$19), IF($B$23:$B$27=AE33,$E$23:$E$27),IF($F$23:$F$27=AE33,$I$23:$I$27),IF($J$23:$J$27=AE33,$M$23:$M$27),IF($N$23:$N$27=AE33,$Q$23:$Q$27),IF($R$23:$R$27=AE33,$U$23:$U$27),IF($V$23:$V$27=AE33,$Y$23:$Y$27),IF($Z$23:$Z$27=AE33,$AC$23:$AC$27), IF($B$31:$B$35=AE33,$E$31:$E$35),IF($F$31:$F$35=AE33,$I$31:$I$35),IF($J$31:$J$35=AE33,$M$31:$M$35),IF($N$31:$N$35=AE33,$Q$31:$Q$35),IF($R$31:$R$35=AE33,$U$31:$U$35),IF($V$31:$V$35=AE33,$Y$31:$Y$35),IF($Z$31:$Z$35=AE33,$AC$31:$AC$35), IF($B$39:$B$43=AE33,$E$39:$E$43),IF($F$39:$F$43=AE33,$I$39:$I$43),IF($J$39:$J$43=AE33,$M$39:$M$43),IF($N$39:$N$43=AE33,$Q$39:$Q$43),IF($R$39:$R$43=AE33,$U$39:$U$43),IF($V$39:$V$43=AE33,$Y$39:$Y$43),IF($Z$39:$Z$43=AE33,$AC$39:$AC$43), IF($B$47:$B$51=AE33,$E$47:$E$51),IF($F$47:$F$51=AE33,$I$47:$I$51),IF($J$47:$J$51=AE33,$M$47:$M$51),IF($N$47:$N$51=AE33,$Q$47:$Q$51),IF($R$47:$R$51=AE33,$U$47:$U$51),IF($V$47:$V$51=AE33,$Y$47:$Y$51),IF($Z$47:$Z$51=AE33,$AC$47:$AC$51))} -> 0
AE34: 28 | AG34: =January!AG34 -> Realestate Taxes | AH34: {=SUM(IF($B$7:$B$11=AE34,$E$7:$E$11),IF($F$7:$F$11=AE34,$I$7:$I$11),IF($J$7:$J$11=AE34,$M$7:$M$11),IF($N$7:$N$11=AE34,$Q$7:$Q$11),IF($R$7:$R$11=AE34,$U$7:$U$11),IF($V$7:$V$11=AE34,$Y$7:$Y$11),IF($Z$7:$Z$11=AE34,$AC$7:$AC$11), IF($B$15:$B$19=AE34,$E$15:$E$19),IF($F$15:$F$19=AE34,$I$15:$I$19),IF($J$15:$J$19=AE34,$M$15:$M$19),IF($N$15:$N$19=AE34,$Q$15:$Q$19),IF($R$15:$R$19=AE34,$U$15:$U$19),IF($V$15:$V$19=AE34,$Y$15:$Y$19),IF($Z$15:$Z$19=AE34,$AC$15:$AC$19), IF($B$23:$B$27=AE34,$E$23:$E$27),IF($F$23:$F$27=AE34,$I$23:$I$27),IF($J$23:$J$27=AE34,$M$23:$M$27),IF($N$23:$N$27=AE34,$Q$23:$Q$27),IF($R$23:$R$27=AE34,$U$23:$U$27),IF($V$23:$V$27=AE34,$Y$23:$Y$27),IF($Z$23:$Z$27=AE34,$AC$23:$AC$27), IF($B$31:$B$35=AE34,$E$31:$E$35),IF($F$31:$F$35=AE34,$I$31:$I$35),IF($J$31:$J$35=AE34,$M$31:$M$35),IF($N$31:$N$35=AE34,$Q$31:$Q$35),IF($R$31:$R$35=AE34,$U$31:$U$35),IF($V$31:$V$35=AE34,$Y$31:$Y$35),IF($Z$31:$Z$35=AE34,$AC$31:$AC$35), IF($B$39:$B$43=AE34,$E$39:$E$43),IF($F$39:$F$43=AE34,$I$39:$I$43),IF($J$39:$J$43=AE34,$M$39:$M$43),IF($N$39:$N$43=AE34,$Q$39:$Q$43),IF($R$39:$R$43=AE34,$U$39:$U$43),IF($V$39:$V$43=AE34,$Y$39:$Y$43),IF($Z$39:$Z$43=AE34,$AC$39:$AC$43), IF($B$47:$B$51=AE34,$E$47:$E$51),IF($F$47:$F$51=AE34,$I$47:$I$51),IF($J$47:$J$51=AE34,$M$47:$M$51),IF($N$47:$N$51=AE34,$Q$47:$Q$51),IF($R$47:$R$51=AE34,$U$47:$U$51),IF($V$47:$V$51=AE34,$Y$47:$Y$51),IF($Z$47:$Z$51=AE34,$AC$47:$AC$51))} -> 0
AE35: 29 | AG35: =January!AG35 -> Home/Renters Insurance | AH35: {=SUM(IF($B$7:$B$11=AE35,$E$7:$E$11),IF($F$7:$F$11=AE35,$I$7:$I$11),IF($J$7:$J$11=AE35,$M$7:$M$11),IF($N$7:$N$11=AE35,$Q$7:$Q$11),IF($R$7:$R$11=AE35,$U$7:$U$11),IF($V$7:$V$11=AE35,$Y$7:$Y$11),IF($Z$7:$Z$11=AE35,$AC$7:$AC$11), IF($B$15:$B$19=AE35,$E$15:$E$19),IF($F$15:$F$19=AE35,$I$15:$I$19),IF($J$15:$J$19=AE35,$M$15:$M$19),IF($N$15:$N$19=AE35,$Q$15:$Q$19),IF($R$15:$R$19=AE35,$U$15:$U$19),IF($V$15:$V$19=AE35,$Y$15:$Y$19),IF($Z$15:$Z$19=AE35,$AC$15:$AC$19), IF($B$23:$B$27=AE35,$E$23:$E$27),IF($F$23:$F$27=AE35,$I$23:$I$27),IF($J$23:$J$27=AE35,$M$23:$M$27),IF($N$23:$N$27=AE35,$Q$23:$Q$27),IF($R$23:$R$27=AE35,$U$23:$U$27),IF($V$23:$V$27=AE35,$Y$23:$Y$27),IF($Z$23:$Z$27=AE35,$AC$23:$AC$27), IF($B$31:$B$35=AE35,$E$31:$E$35),IF($F$31:$F$35=AE35,$I$31:$I$35),IF($J$31:$J$35=AE35,$M$31:$M$35),IF($N$31:$N$35=AE35,$Q$31:$Q$35),IF($R$31:$R$35=AE35,$U$31:$U$35),IF($V$31:$V$35=AE35,$Y$31:$Y$35),IF($Z$31:$Z$35=AE35,$AC$31:$AC$35), IF($B$39:$B$43=AE35,$E$39:$E$43),IF($F$39:$F$43=AE35,$I$39:$I$43),IF($J$39:$J$43=AE35,$M$39:$M$43),IF($N$39:$N$43=AE35,$Q$39:$Q$43),IF($R$39:$R$43=AE35,$U$39:$U$43),IF($V$39:$V$43=AE35,$Y$39:$Y$43),IF($Z$39:$Z$43=AE35,$AC$39:$AC$43), IF($B$47:$B$51=AE35,$E$47:$E$51),IF($F$47:$F$51=AE35,$I$47:$I$51),IF($J$47:$J$51=AE35,$M$47:$M$51),IF($N$47:$N$51=AE35,$Q$47:$Q$51),IF($R$47:$R$51=AE35,$U$47:$U$51),IF($V$47:$V$51=AE35,$Y$47:$Y$51),IF($Z$47:$Z$51=AE35,$AC$47:$AC$51))} -> 0
B36: =Z28+1 -> 22 | D36: Checking | E36: {=AC28+SUM(IF(C31:C35=1,E31:E35))} -> 0 | F36: =B36+1 -> 23 | H36: Checking | I36: {=E36+SUM(IF(G31:G35=1,I31:I35))} -> 0 | J36: =F36+1 -> 24 | L36: Checking | M36: {=I36+SUM(IF(K31:K35=1,M31:M35))} -> 0 | N36: =J36+1 -> 25 | P36: Checking | Q36: {=M36+SUM(IF(O31:O35=1,Q31:Q35))} -> 0 | R36: =N36+1 -> 26 | T36: Checking | U36: {=Q36+SUM(IF(S31:S35=1,U31:U35))} -> 0 | V36: =R36+1 -> 27 | X36: Checking | Y36: {=U36+SUM(IF(W31:W35=1,Y31:Y35))} -> 0 | Z36: =V36+1 -> 28 | AB36: Checking | AC36: {=Y36+SUM(IF(AA31:AA35=1,AC31:AC35))} -> 0 | AE36: 30 | AG36: =January!AG36 -> Home Improvement | AH36: {=SUM(IF($B$7:$B$11=AE36,$E$7:$E$11),IF($F$7:$F$11=AE36,$I$7:$I$11),IF($J$7:$J$11=AE36,$M$7:$M$11),IF($N$7:$N$11=AE36,$Q$7:$Q$11),IF($R$7:$R$11=AE36,$U$7:$U$11),IF($V$7:$V$11=AE36,$Y$7:$Y$11),IF($Z$7:$Z$11=AE36,$AC$7:$AC$11), IF($B$15:$B$19=AE36,$E$15:$E$19),IF($F$15:$F$19=AE36,$I$15:$I$19),IF($J$15:$J$19=AE36,$M$15:$M$19),IF($N$15:$N$19=AE36,$Q$15:$Q$19),IF($R$15:$R$19=AE36,$U$15:$U$19),IF($V$15:$V$19=AE36,$Y$15:$Y$19),IF($Z$15:$Z$19=AE36,$AC$15:$AC$19), IF($B$23:$B$27=AE36,$E$23:$E$27),IF($F$23:$F$27=AE36,$I$23:$I$27),IF($J$23:$J$27=AE36,$M$23:$M$27),IF($N$23:$N$27=AE36,$Q$23:$Q$27),IF($R$23:$R$27=AE36,$U$23:$U$27),IF($V$23:$V$27=AE36,$Y$23:$Y$27),IF($Z$23:$Z$27=AE36,$AC$23:$AC$27), IF($B$31:$B$35=AE36,$E$31:$E$35),IF($F$31:$F$35=AE36,$I$31:$I$35),IF($J$31:$J$35=AE36,$M$31:$M$35),IF($N$31:$N$35=AE36,$Q$31:$Q$35),IF($R$31:$R$35=AE36,$U$31:$U$35),IF($V$31:$V$35=AE36,$Y$31:$Y$35),IF($Z$31:$Z$35=AE36,$AC$31:$AC$35), IF($B$39:$B$43=AE36,$E$39:$E$43),IF($F$39:$F$43=AE36,$I$39:$I$43),IF($J$39:$J$43=AE36,$M$39:$M$43),IF($N$39:$N$43=AE36,$Q$39:$Q$43),IF($R$39:$R$43=AE36,$U$39:$U$43),IF($V$39:$V$43=AE36,$Y$39:$Y$43),IF($Z$39:$Z$43=AE36,$AC$39:$AC$43), IF($B$47:$B$51=AE36,$E$47:$E$51),IF($F$47:$F$51=AE36,$I$47:$I$51),IF($J$47:$J$51=AE36,$M$47:$M$51),IF($N$47:$N$51=AE36,$Q$47:$Q$51),IF($R$47:$R$51=AE36,$U$47:$U$51),IF($V$47:$V$51=AE36,$Y$47:$Y$51),IF($Z$47:$Z$51=AE36,$AC$47:$AC$51))} -> 0
D37: Savings | E37: {=AC29+SUM(IF(C31:C35=2,E31:E35))-SUM(IF(B31:B35={33},E31:E35))} -> 100 | H37: Savings | I37: {=E37+SUM(IF(G31:G35=2,I31:I35))-SUM(IF(F31:F35={33},I31:I35))} -> 100 | L37: Savings | M37: {=I37+SUM(IF(K31:K35=2,M31:M35))-SUM(IF(J31:J35={33},M31:M35))} -> 100 | P37: Savings | Q37: {=M37+SUM(IF(O31:O35=2,Q31:Q35))-SUM(IF(N31:N35={33},Q31:Q35))} -> 100 | T37: Savings | U37: {=Q37+SUM(IF(S31:S35=2,U31:U35))-SUM(IF(R31:R35={33},U31:U35))} -> 100 | X37: Savings | Y37: {=U37+SUM(IF(W31:W35=2,Y31:Y35))-SUM(IF(V31:V35={33},Y31:Y35))} -> 100 | AB37: Savings | AC37: {=Y37+SUM(IF(AA31:AA35=2,AC31:AC35))-SUM(IF(Z31:Z35={33},AC31:AC35))} -> 100 | AE37: 31 | AG37: =January!AG37 -> Other Expenses | AH37: {=SUM(IF($B$7:$B$11=AE37,$E$7:$E$11),IF($F$7:$F$11=AE37,$I$7:$I$11),IF($J$7:$J$11=AE37,$M$7:$M$11),IF($N$7:$N$11=AE37,$Q$7:$Q$11),IF($R$7:$R$11=AE37,$U$7:$U$11),IF($V$7:$V$11=AE37,$Y$7:$Y$11),IF($Z$7:$Z$11=AE37,$AC$7:$AC$11), IF($B$15:$B$19=AE37,$E$15:$E$19),IF($F$15:$F$19=AE37,$I$15:$I$19),IF($J$15:$J$19=AE37,$M$15:$M$19),IF($N$15:$N$19=AE37,$Q$15:$Q$19),IF($R$15:$R$19=AE37,$U$15:$U$19),IF($V$15:$V$19=AE37,$Y$15:$Y$19),IF($Z$15:$Z$19=AE37,$AC$15:$AC$19), IF($B$23:$B$27=AE37,$E$23:$E$27),IF($F$23:$F$27=AE37,$I$23:$I$27),IF($J$23:$J$27=AE37,$M$23:$M$27),IF($N$23:$N$27=AE37,$Q$23:$Q$27),IF($R$23:$R$27=AE37,$U$23:$U$27),IF($V$23:$V$27=AE37,$Y$23:$Y$27),IF($Z$23:$Z$27=AE37,$AC$23:$AC$27), IF($B$31:$B$35=AE37,$E$31:$E$35),IF($F$31:$F$35=AE37,$I$31:$I$35),IF($J$31:$J$35=AE37,$M$31:$M$35),IF($N$31:$N$35=AE37,$Q$31:$Q$35),IF($R$31:$R$35=AE37,$U$31:$U$35),IF($V$31:$V$35=AE37,$Y$31:$Y$35),IF($Z$31:$Z$35=AE37,$AC$31:$AC$35), IF($B$39:$B$43=AE37,$E$39:$E$43),IF($F$39:$F$43=AE37,$I$39:$I$43),IF($J$39:$J$43=AE37,$M$39:$M$43),IF($N$39:$N$43=AE37,$Q$39:$Q$43),IF($R$39:$R$43=AE37,$U$39:$U$43),IF($V$39:$V$43=AE37,$Y$39:$Y$43),IF($Z$39:$Z$43=AE37,$AC$39:$AC$43), IF($B$47:$B$51=AE37,$E$47:$E$51),IF($F$47:$F$51=AE37,$I$47:$I$51),IF($J$47:$J$51=AE37,$M$47:$M$51),IF($N$47:$N$51=AE37,$Q$47:$Q$51),IF($R$47:$R$51=AE37,$U$47:$U$51),IF($V$47:$V$51=AE37,$Y$47:$Y$51),IF($Z$47:$Z$51=AE37,$AC$47:$AC$51))} -> 0
D38: Credit | E38: {=AC30+SUM(IF(C31:C35=3,E31:E35))-SUM(IF(B31:B35={34},E31:E35))} -> -100 | H38: Credit | I38: {=E38+SUM(IF(G31:G35=3,I31:I35))-SUM(IF(F31:F35={34},I31:I35))} -> -100 | L38: Credit | M38: {=I38+SUM(IF(K31:K35=3,M31:M35))-SUM(IF(J31:J35={34},M31:M35))} -> -100 | P38: Credit | Q38: {=M38+SUM(IF(O31:O35=3,Q31:Q35))-SUM(IF(N31:N35={34},Q31:Q35))} -> -100 | T38: Credit | U38: {=Q38+SUM(IF(S31:S35=3,U31:U35))-SUM(IF(R31:R35={34},U31:U35))} -> -100 | X38: Credit | Y38: {=U38+SUM(IF(W31:W35=3,Y31:Y35))-SUM(IF(V31:V35={34},Y31:Y35))} -> -100 | AB38: Credit | AC38: {=Y38+SUM(IF(AA31:AA35=3,AC31:AC35))-SUM(IF(Z31:Z35={34},AC31:AC35))} -> -100 | AE38: 32 | AG38: =January!AG38 -> Add't Exp. (Furnishing) | AH38: {=SUM(IF($B$7:$B$11=AE38,$E$7:$E$11),IF($F$7:$F$11=AE38,$I$7:$I$11),IF($J$7:$J$11=AE38,$M$7:$M$11),IF($N$7:$N$11=AE38,$Q$7:$Q$11),IF($R$7:$R$11=AE38,$U$7:$U$11),IF($V$7:$V$11=AE38,$Y$7:$Y$11),IF($Z$7:$Z$11=AE38,$AC$7:$AC$11), IF($B$15:$B$19=AE38,$E$15:$E$19),IF($F$15:$F$19=AE38,$I$15:$I$19),IF($J$15:$J$19=AE38,$M$15:$M$19),IF($N$15:$N$19=AE38,$Q$15:$Q$19),IF($R$15:$R$19=AE38,$U$15:$U$19),IF($V$15:$V$19=AE38,$Y$15:$Y$19),IF($Z$15:$Z$19=AE38,$AC$15:$AC$19), IF($B$23:$B$27=AE38,$E$23:$E$27),IF($F$23:$F$27=AE38,$I$23:$I$27),IF($J$23:$J$27=AE38,$M$23:$M$27),IF($N$23:$N$27=AE38,$Q$23:$Q$27),IF($R$23:$R$27=AE38,$U$23:$U$27),IF($V$23:$V$27=AE38,$Y$23:$Y$27),IF($Z$23:$Z$27=AE38,$AC$23:$AC$27), IF($B$31:$B$35=AE38,$E$31:$E$35),IF($F$31:$F$35=AE38,$I$31:$I$35),IF($J$31:$J$35=AE38,$M$31:$M$35),IF($N$31:$N$35=AE38,$Q$31:$Q$35),IF($R$31:$R$35=AE38,$U$31:$U$35),IF($V$31:$V$35=AE38,$Y$31:$Y$35),IF($Z$31:$Z$35=AE38,$AC$31:$AC$35), IF($B$39:$B$43=AE38,$E$39:$E$43),IF($F$39:$F$43=AE38,$I$39:$I$43),IF($J$39:$J$43=AE38,$M$39:$M$43),IF($N$39:$N$43=AE38,$Q$39:$Q$43),IF($R$39:$R$43=AE38,$U$39:$U$43),IF($V$39:$V$43=AE38,$Y$39:$Y$43),IF($Z$39:$Z$43=AE38,$AC$39:$AC$43), IF($B$47:$B$51=AE38,$E$47:$E$51),IF($F$47:$F$51=AE38,$I$47:$I$51),IF($J$47:$J$51=AE38,$M$47:$M$51),IF($N$47:$N$51=AE38,$Q$47:$Q$51),IF($R$47:$R$51=AE38,$U$47:$U$51),IF($V$47:$V$51=AE38,$Y$47:$Y$51),IF($Z$47:$Z$51=AE38,$AC$47:$AC$51))} -> 0
